Workbook

Sheet Итого по видам (распредел.) 
A1: Сведения о предоставлении из бюджета Саратовской области межбюджетных трансфертов местным бюджетам
A2: за 2019 год
G3: тыс. рублей
A4: № п/п | B4: Наименование | C4: Код бюджетной классификации | D4: Закон Саратовской области «Об областном бюджете на 2019 год и на плановый период 2020 и 2021 годов» | F4: Исполнение | G4: % исполнения
D5: первоначальный бюджет (ред. 127-ЗСО от 27.11.2018) | E5: уточненный бюджет (ред. 131-ЗСО от 11.12.2019) + бюджетная роспись
A6: 1 | B6: 2 | C6: 3 | E6: 4 | F6: 5 | G6: 6
A7: 1. | B7: Дотации - всего | D7: =SUM(D8:D12) -> 3674291 | E7: =SUM(E8:E12) -> 4584294.5 | F7: =SUM(F8:F12) -> 4576394 | G7: =F7/E7*100 -> 99.827662
A8: 1.1. | B8: Дотации бюджетам городских округов области, связанные с особым режимом безопасного функционирования закрытых административно-территориальных образований | C8: 000 1401 6640150100 511 | D8: =Дотации!F52 -> 41021 | E8: =Дотации!G52 -> 41021 | F8: =Дотации!H52 -> 41021 | G8: =F8/E8*100 -> 100
A9: 1.2. | B9: Дотации в целях обеспечения сбалансированности бюджетов городских округов Шиханы и Михайловский | C9: 000 1402 6640150030 511 000 1402 6640151430 511 | D9: =Дотации!J52 -> 57696 | E9: =Дотации!K52 -> 57696 | F9: =Дотации!L52 -> 57696 | G9: =F9/E9*100 -> 100
A10: 1.3. | B10: Дотации на выравнивание бюджетной обеспеченности поселений области | C10: 000 1401 6640170100 511 | D10: =Дотации!N52 -> 40443.5 | E10: =Дотации!O52 -> 40443.5 | F10: =Дотации!P52 -> 40443.5 | G10: =F10/E10*100 -> 100
A11: 1.4. | B11: Дотации на выравнивание бюджетной обеспеченности муниципальных районов (городских округов) области | C11: 000 1401 6640170200 511 | D11: =Дотации!R52 -> 3290508.4 | E11: =Дотации!S52 -> 3278048.9 | F11: =Дотации!T52 -> 3278048.9 | G11: =F11/E11*100 -> 100
A12: 1.5. | B12: Дотации на поддержку мер по обеспечению сбалансированности бюджетов | C12: 000 1401 6640170300 511 | D12: =Дотации!V52 -> 244622.1 | E12: =Дотации!W52 -> 1167085.1 | F12: =Дотации!X52 -> 1159184.6 | G12: =F12/E12*100 -> 99.323057
A13: 2. | B13: Субсидии - всего | D13: =SUM(D14:D70) -> 3263003.5 | E13: =SUM(E14:E70) -> 10043595 | F13: =SUM(F14:F70) -> 9794078.4 | G13: =F13/E13*100 -> 97.515664
A14: 2.1. | B14: Субсидии на создание в дошкольных образовательных организациях дополнительного образования детей (в том числе в организациях, осуществляющих образовательную деятельность по адаптированным основным общеобразовательным программам) условий для получения детьми-инвалидами качественного образования | C14: 000 0701 5A106R0270 520 | D14: =Субсидии!F350 -> 0 | E14: =Субсидии!G350 -> 1573 | F14: =Субсидии!H350 -> 1573 | G14: =F14/E14*100 -> 100
A15: 2.2. | B15: Субсидии на создание в организациях дополнительного образования детей, организациях дополнительного образования детей (в том числе в организациях, осуществляющих образовательную деятельность по адаптированным основным общеобразовательным программам) условий для получения детьми-инвалидами качественного образования | C15: 000 0703 5A214R0270 520 | D15: =Субсидии!J350 -> 0 | E15: =Субсидии!K350 -> 1573.1 | F15: =Субсидии!L350 -> 1573.1 | G15: =F15/E15*100 -> 100
A16: 2.3. | B16: Субсидии на создание в общеобразовательных организациях, расположенных в сельской местности, условий для занятий физической культурой и спортом | C16: 000 0702 5A2E250970 521 | D16: =Субсидии!N350 -> 0 | E16: =Субсидии!O350 -> 18906.9 | F16: =Субсидии!P350 -> 18906.896 | G16: =F16/E16*100 -> 99.999977
A17: 2.4. | B17: Субсидии бюджетам муниципальных районов области на создание новых мест в общеобразовательных организациях | C17: 000 0702 5A2E155200 520 | D17: =Субсидии!R350 -> 229617 | E17: =Субсидии!S350 -> 309650 | F17: =Субсидии!T350 -> 309650 | G17: =F17/E17*100 -> 100
A18: 2.5. | B18: Субсидии на обеспечение жильем молодых семей | C18: 000 1004 5E301R4970 520 | D18: =Субсидии!V350 -> 0 | E18: =Субсидии!W350 -> 78768.8 | F18: =Субсидии!X350 -> 77508.535 | G18: =F18/E18*100 -> 98.400046
A19: 2.6. | B19: Субсидии на поддержку творческой деятельности и укрепление материально-технической базы муниципальных театров в населенных пунктах с численностью населения до 300 тысяч человек 6* | C19: 000 0801 55206R4660 520 | D19: =Субсидии!Z350 -> 0 | E19: =Субсидии!AA350 -> 11316.7 | F19: =Субсидии!AB350 -> 11316.727 | G19: =F19/E19*100 -> 100.00024
A20: 2.7. | B20: Субсидии на поддержку отрасли культуры на комплектование книжных фондов муниципальных общедоступных библиотек 6* | C20: 000 0801 55402R5191 520 | D20: =Субсидии!AD350 -> 0 | E20: =Субсидии!AE350 -> 1268.9888 | F20: =Субсидии!AF350 -> 1268.9888 | G20: =F20/E20*100 -> 100
A21: 2.8. | B21: Субсидии на поддержку отрасли культуры на подключение муниципальных общедоступных библиотек к информационно-телекоммуникационной сети «Интернет» и развитие библиотечного дела с учетом задачи расширения информационных технологий и оцифровки 6* | C21: 000 0801 55405R5193 520 | D21: =Субсидии!AH350 -> 0 | E21: =Субсидии!AI350 -> 4766.4045 | F21: =Субсидии!AJ350 -> 4766.4045 | G21: =F21/E21*100 -> 100
A22: 2.9. | B22: Субсидии на обеспечение развития и укрепления материально-технической базы домов культуры в населенных пунктах с числом жителей до 50 тысяч человек 6* | C22: 000 0801 55A12R4670 521 | D22: =Субсидии!AL350 -> 0 | E22: =Субсидии!AM350 -> 47678.764 | F22: =Субсидии!AN350 -> 47678.764 | G22: =F22/E22*100 -> 100
A23: 2.10. | B23: Субсидии на поддержку отрасли культуры на государственную поддержку лучших сельских учреждений культуры 6* | C23: 000 0801 55Б04R5192 520 | D23: =Субсидии!AP350 -> 0 | E23: =Субсидии!AQ350 -> 2500 | F23: =Субсидии!AR350 -> 2500 | G23: =F23/E23*100 -> 100
A24: 2.11. | B24: Субсидии на поддержку отрасли культуры на государственную поддержку лучших работников сельских учреждений культуры 6* | C24: 000 0801 55Б04R5194 520 | D24: =Субсидии!AT350 -> 0 | E24: =Субсидии!AU350 -> 1100 | F24: =Субсидии!AV350 -> 1100 | G24: =F24/E24*100 -> 100
A25: 2.12. | B25: Субсидии на строительство и реконструкцию малобюджетных физкультурно-спортивных объектов шаговой доступности, плоскостных сооружений | C25: 000 1102 564P554951 520 | D25: =Субсидии!AX350 -> 43953.5 | E25: =Субсидии!AY350 -> 43953.5 | F25: =Субсидии!AZ350 -> 43953.5 | G25: =F25/E25*100 -> 100
A26: 2.13. | B26: Субсидии на обеспечение деятельности муниципальных бизнес-инкубаторов | C26: 000 0412 5830171100 520 | D26: =Субсидии!BB350 -> 5100 | E26: =Субсидии!BC350 -> 5100 | F26: =Субсидии!BD350 -> 5100 | G26: =F26/E26*100 -> 100
A27: 2.14. | B27: Субсидия бюджетам городских округов области на обеспечение капитального ремонта, ремонта и содержания автомобильных дорог общего пользования местного значения за счет средств областного дорожного фонда | C27: 000 0409 5Ж208D7400 520 | E27: =Субсидии!BG350 -> 479600 | F27: =Субсидии!BH350 -> 479493.01 | G27: =F27/E27*100 -> 99.977692
A28: 2.15. | B28: Субсидия бюджетам городских округов области на осуществление дорожной деятельности в отношении автомобильных дорог общего пользования местного значения Саратовской агломерации в границах городских округов области в рамках приоритетного проекта «Безопасные и качественные дороги» за счет средств областного дорожного фонда | C28: 000 0409 5Ж2R153930 520 | D28: =Субсидии!BJ350 -> 999900 | E28: =Субсидии!BK350 -> 999900 | F28: =Субсидии!BL350 -> 999900 | G28: =F28/E28*100 -> 100
A29: 2.16. | B29: Субсидии на комплексное обустройство населенных пунктов, расположенных в сельской местности, объектами социальной, инженерной инфраструктуры и автомобильными дорогами 4* | C29: 000 0502 5Г303R5670 522 | E29: =Субсидии!BO350 -> 24205.5 | F29: =Субсидии!BP350 -> 24205.545 | G29: =F29/E29*100 -> 100.00019
A30: 2.17. | B30: Субсидии бюджетам поселений области на обеспечение капитального ремонта, ремонта и содержания автомобильных дорог общего пользования местного значения городских поселений области за счет средств областного дорожного фонда | C30: 000 0409 5Ж210D7Ж00 520 | E30: =Субсидии!BS350 -> 155000 | F30: =Субсидии!BT350 -> 154999.86 | G30: =F30/E30*100 -> 99.999913
A31: 2.18. | B31: Субсидии бюджетам муниципальных районов области на капитальный ремонт, ремонт и содержание автомобильных дорог общего пользования местного значения за счет средств областного дорожного фонда | C31: 000 0409 5Ж205D7300 520 | D31: =Субсидии!BV350 -> 300000 | E31: =Субсидии!BW350 -> 300000 | F31: =Субсидии!BX350 -> 293793.67 | G31: =F31/E31*100 -> 97.931224
A32: 2.19. | B32: Субсидии на обеспечение повышения оплаты труда некоторых категорий работников муниципальных учреждений | C32: 000 1403 6640172300 520 | D32: =Субсидии!BZ350 -> 530528 | E32: =Субсидии!CA350 -> 520689.1 | F32: =Субсидии!CB350 -> 458786.24 | G32: =F32/E32*100 -> 88.111358
A33: 2.20. | B33: Субсидии на реализацию проектов развития муниципальных образований области, основанных на местных инициативах 7* | C33: 000 0113 6640500000 521 | D33: =Субсидии!CD350 -> 80000 | E33: =Субсидии!CE350 -> 80000.019 | F33: =Субсидии!CF350 -> 75990.105 | G33: =F33/E33*100 -> 94.987608
A34: 2.21. | B34: Субсидии на поддержку муниципальных программ формирования современной городской среды 3* | C34: 000 0503 691F255550 523 | D34: =Субсидии!CH350 -> 0 | E34: =Субсидии!CI350 -> 813071.41 | F34: =Субсидии!CJ350 -> 794902.54 | G34: =F34/E34*100 -> 97.765403
A35: 2.22. | B35: Субсидии бюджетам поселений на развитие сети плоскостных спортивных сооружений в сельской местности 5* | C35: 000 1101 564P555670 522 | D35: =Субсидии!CL350 -> 0 | E35: =Субсидии!CM350 -> 3909.8 | F35: =Субсидии!CN350 -> 3909.8 | G35: =F35/E35*100 -> 100
A36: 2.23. | B36: Субсидии на обеспечение сохранения достигнутых показателей повышения оплаты труда отдельных категорий работников бюджетной сферы | C36: 000 1403 6640172500 520 | D36: =Субсидии!CP350 -> 580272 | E36: =Субсидии!CQ350 -> 686715.1 | F36: =Субсидии!CR350 -> 656438.89 | G36: =F36/E36*100 -> 95.591154
A37: 2.24. | B37: Субсидии на выполнение расходных обязательств, связанных с погашением просроченной кредиторской задолженности, образовавшейся по состоянию на 1 января 2018 года, по уплате начислений на выплаты по оплате труда, налогов, по оказанию мер социальной поддержки населения, по оплате коммунальных услуг и исполнительных листов | C37: 000 1403 6640172400 520 | D37: =Субсидии!CT350 -> 453219.3 | E37: =Субсидии!CU350 -> 354942.9 | F37: =Субсидии!CV350 -> 350988.56 | G37: =F37/E37*100 -> 98.885921
A38: 2.25. | B38: Субсидии на оснащение объектов спортивной инфраструктуры спортивно-технологическим оборудованием | C38: 000 1102 564P552282 520 | D38: =Субсидии!CX350 -> 25510.2 | E38: =Субсидии!CY350 -> 25510.2 | F38: =Субсидии!CZ350 -> 25510.205 | G38: =F38/E38*100 -> 100.00002
A39: 2.26. | B39: Субсидии на обновление материально-технической базы для формирования у обучающихся современных технологических и гуманитарных навыков | C39: 000 0702 5A2E151690 520 | E39: =Субсидии!DC350 -> 103486.2 | F39: =Субсидии!DD350 -> 103486.22 | G39: =F39/E39*100 -> 100.00002
A40: 2.27. | B40: Субсидии на реализацию регионального проекта (программы) в целях выполнения задач федерального проекта «Жилье» (стимулирование программ развития жилищного | C40: 000 1403 5E1F150210 520 | E40: =Субсидии!DG350 -> 195205 | F40: =Субсидии!DH350 -> 191346.17 | G40: =F40/E40*100 -> 98.023193
A41: 2.28. | B41: Субсидии бюджетам муниципальных районов области на обеспечение прироста протяженности сети автомобильных дорог общего пользования местного значения, соответствующих нормативным требованиям, за счет средств областного дорожного фонда строительства) | C41: 000 0409 5Ж206D99Э0 520 | E41: =Субсидии!DK350 -> 35000 | F41: =Субсидии!DL350 -> 34772.597 | G41: =F41/E41*100 -> 99.350277
A42: 2.29. | B42: Субсидии бюджетам городских округов области на достижение целевых показателей, предусматривающих развитие и увеличение пропускной способности сети автомобильных дорог общего пользования местного значения за счет средств областного дорожного фонда | C42: 000 0409 5Ж207D99М0 520 | E42: =Субсидии!DO350 -> 100000 | F42: =Субсидии!DP350 -> 93951.563 | G42: =F42/E42*100 -> 93.951563
A43: 2.30. | B43: Субсидии бюджетам городских округов области на приобретение дорожно-эксплуатационной техники, необходимой для выполнения комплекса работ по поддержанию надлежащего технического состояния автомобильных дорог общего пользования местного значения, за счет средств областного дорожного фонда | C43: 000 0409 5Ж209D7Г00 520 | E43: =Субсидии!DS350 -> 650000 | F43: =Субсидии!DT350 -> 635453.29 | G43: =F43/E43*100 -> 97.762045
A44: 2.31. | B44: Субсидии бюджетам поселений области на развитие материально-технической базы для организации осуществления полномочий органами местного самоуправления | C44: 000 0113 6610472600 520 | E44: =Субсидии!DW350 -> 20500 | F44: =Субсидии!DX350 -> 20266.092 | G44: =F44/E44*100 -> 98.858984
A45: 2.32. | B45: Субсидии бюджетам муниципальных районов и городских округов области на модернизацию инфраструктуры общего образования в отдельных субъектах Российской Федерации * | C45: 000 0702 5A2E152390 520 | E45: =Субсидии!EA350 -> 1007240.8 | F45: =Субсидии!EB350 -> 1007240.8 | G45: =F45/E45*100 -> 100
A46: 2.33. | B46: Субсидии бюджетам муниципальных районов и городских округов области на создание дополнительных мест для детей в возрасте от 1,5 до 3 лет в образовательных организациях, осуществляющих образовательную деятельность по образовательным программам дошкольного образования 2* | C46: 000 0701 5A1P252320 520 | E46: =Субсидии!EE350 -> 1355891.6 | F46: =Субсидии!EF350 -> 1351682.9 | G46: =F46/E46*100 -> 99.689598
A47: 2.34. | B47: Субсидии бюджетам муниципальных районов области на реализацию мероприятий по ремонту домов системы социального обслуживания граждан муниципального специализированного жилищного фонда, предоставляемых для проживания отдельных категорий граждан ,а также благоустройство прилегающих территорий 2* | C47: 000 1403 52701R2091 520 000 1403 52701R2092 520 | E47: =Субсидии!EI350 -> 43762.7 | F47: =Субсидии!EJ350 -> 43762.7 | G47: =F47/E47*100 -> 100
A48: 2.35. | B48: Субсидии на поддержку отрасли культуры на создание и модернизацию учреждений культурно-досугового типа в сельской местности 6* | C48: 000 0801 55AA155197 520 | E48: =Субсидии!EM350 -> 55805.281 | F48: =Субсидии!EN350 -> 55805.281 | G48: =F48/E48*100 -> 100
A49: 2.36. | B49: Субсидии на поддержку отрасли культуры на создание многофункциональных мобильных культурных центров 6* | C49: 000 0801 55AA155198 520 | E49: =Субсидии!EQ350 -> 19035.816 | F49: =Субсидии!ER350 -> 19035.816 | G49: =F49/E49*100 -> 100
A50: 2.37. | B50: Субсидия на обеспечение мероприятий по переселению граждан из аварийного жилищного фонда, в том числе переселению граждан из аварийного жилищного фонда с учетом необходимости развития малоэтажного жилищного строительства 15* | C50: 000 0501 5EAF367483 523 | E50: =Субсидии!EU350 -> 190865.2 | F50: =Субсидии!EV350 -> 141542.61 | G50: =F50/E50*100 -> 74.158414
A51: 2.38. | B51: Субсидия бюджетам муниципальных районов области на оснащение домов системы социального обслуживания граждан муниципального специализированного жилищного фонда, предоставляемых для проживания отдельных категорий граждан, мебелью и мягким инвентарем | C51: 000 1403 5270372810 521 | E51: =Субсидии!EY350 -> 4900 | F51: =Субсидии!EZ350 -> 4825.8112 | G51: =F51/E51*100 -> 98.485943
A52: 2.39. | B52: Субсидия бюджетам муниципальных районов и городских округов области на обеспечение условий для создания дополнительных мест в образовательных организациях, осуществляющих образовательную деятельность по образовательным программам дошкольного образования | C52: 000 0701 5A1P2U1120 521 | E52: =Субсидии!FC350 -> 22100 | F52: =Субсидии!FD350 -> 15516.695 | G52: =F52/E52*100 -> 70.211291
A53: 2.40. | B53: Субсидия бюджетам муниципальных районов области на обеспечение условий для создания центров образования цифрового и гуманитарного профилей | C53: 000 0702 5A2E1U1130 521 | E53: =Субсидии!FG350 -> 95656.6 | F53: =Субсидии!FH350 -> 85994.602 | G53: =F53/E53*100 -> 89.899288
A54: 2.41. | B54: Субсидия бюджетам муниципальных районов и городских округов области на проведение капитального и текущего ремонтов муниципальных образовательных организаций | C54: 000 0702 5A22072Г00 521 | E54: =Субсидии!FK350 -> 200000 | F54: =Субсидии!FL350 -> 199999.99 | G54: =F54/E54*100 -> 99.999997
A55: 2.42. | B55: Субсидия бюджетам муниципальных районов и городских округов области на реализацию расходных обязательств, возникающих при выполнении полномочий по решению вопросов местного значения | C55: 000 1403 6640172200 521 | E55: =Субсидии!FO350 -> 396941.9 | F55: =Субсидии!FP350 -> 396920.7 | G55: =F55/E55*100 -> 99.994659
A56: 2.43. | B56: Субсидии бюджетам поселений области на приведение в нормативное состояние автомобильных дорог общего пользования местного значения городских поселений области, соединяющих объекты туристской инфраструктуры, расположенные в Саратовской области, с автомобильными дорогами общего пользования федерального и регионального значения, за счет средств областного дорожного фонда | C56: 000 0409 5Ж211D7Б00 521 | E56: =Субсидии!FS350 -> 9000 | F56: =Субсидии!FT350 -> 9000 | G56: =F56/E56*100 -> 100
A57: 2.44. | B57: Субсидии бюджетам городских округов области на обновление наземного электрического транспорта для обеспечения организации транспортного обслуживания населения | C57: 000 0408 5Ж10878900 521 | E57: =Субсидии!FW350 -> 50000 | F57: =Субсидии!FX350 -> 49980 | G57: =F57/E57*100 -> 99.96
A58: 2.45. | B58: Субсидия бюджетам поселений области на достижение целевых показателей, предусматривающих мероприятия по решению неотложных задач по приведению в нормативное состояние автомобильных дорог местного значения городских поселений области за счет средств областного дорожного фонда | C58: 000 0409 5Ж214D7140 521 | E58: =Субсидии!GA350 -> 12000 | F58: =Субсидии!GB350 -> 12000 | G58: =F58/E58*100 -> 100
A59: 2.46. | B59: Субсидия бюджетам муниципальных районов области на достижение целевых показателей, предусматривающих мероприятия по решению неотложных задач по приведению в нормативное состояние автомобильных дорог местного значения за счет средств областного дорожного фонда | C59: 000 0409 5Ж213D7130 521 | E59: =Субсидии!GE350 -> 3000 | F59: =Субсидии!GF350 -> 3000 | G59: =F59/E59*100 -> 100
A60: 2.47. | B60: Субсидия бюджетам поселений области на обеспечение прироста протяженности сети автомобильных дорог общего пользования местного значения городских поселений области, соответствующих нормативным требованиям, за счет средств областного дорожного фонда | C60: 000 0409 5Ж212D7120 521 | E60: =Субсидии!GI350 -> 14200 | F60: =Субсидии!GJ350 -> 13868.783 | G60: =F60/E60*100 -> 97.667485
A61: 2.48. | B61: Субсидия бюджетам поселений области на мероприятия по вводу в эксплуатацию стадиона «Юность» в г. Ершове Саратовской области и условиях ее расходования 16* | C61: 000 1102 564P5U1393 521 | E61: =Субсидии!GM350 -> 21647.8 | F61: =Субсидии!GN350 -> 21647.8 | G61: =F61/E61*100 -> 100
A62: 2.49. | B62: Субсидия бюджетам сельских поселений области по грантовой поддержке местных инициатив граждан, проживающих в сельской местности, в рамках реализации муниципальных программ по устойчивому развитию сельских территорий 17* | C62: 000 0405 5Г302R5670 521 | D62: =Субсидии!GP350 -> 0 | E62: =Субсидии!GQ350 -> 3180.2 | F62: =Субсидии!GR350 -> 3180.172 | G62: =F62/E62*100 -> 99.99912
A63: 2.50. | B63: Субсидия бюджетам муниципальных образований области на софинансирование расходных обязательств по реализации мероприятий муниципальных программ развития малого и среднего предпринимательства монопрофильных муниципальных образований | C63: 000 0412 583I555276 521 | D63: =Субсидии!GT350 -> 14903.5 | E63: =Субсидии!GU350 -> 0 | F63: =Субсидии!GV350 -> 0
A64: 2.51. | B64: Субсидия бюджетам муниципальных районов и городских округов области на обеспечение условий для ввода в эксплуатацию образовательных организаций, осуществляющих образовательную деятельность по образовательным программам дошкольного образования | C64: 000 0701 5A1P2U1170 523 | E64: =Субсидии!GY350 -> 282081.7 | F64: =Субсидии!GZ350 -> 254592.3 | G64: =F64/E64*100 -> 90.254811
A65: 2.52. | B65: Субсидии бюджетам городских округов области на обеспечение условий для модернизации инфраструктуры общего образования | C65: 000 0702 5A2E1U1160 523 | E65: =Субсидии!HC350 -> 8343.6 | F65: =Субсидии!HD350 -> 8343.6 | G65: =F65/E65*100 -> 100
A66: 2.53. | B66: Субсидии бюджетам поселений области на разработку проектно-сметной документации по строительству и (или) реконструкции (модернизации) канализационных очистных сооружений | C66: 000 0602 5E8G6Д0130 251 | E66: =Субсидии!HG350 -> 48500 | F66: =Субсидии!HH350 -> 48500 | G66: =F66/E66*100 -> 100
A67: 2.54. | B67: Субсидия бюджетам поселений области на реализацию мероприятий по строительству и реконструкции (модернизации) объектов питьевого водоснабжения 18* | C67: 000 0502 5E8G552430 522 | E67: =Субсидии!HK350 -> 85994.43 | F67: =Субсидии!HL350 -> 85979.912 | G67: =F67/E67*100 -> 99.983117
A68: 2.55. | B68: Субсидия бюджетам поселений области на реализацию мероприятий по сокращению доли загрязненных сточных вод 19* | C68: 000 0602 5E8G650130 522 | E68: =Субсидии!HO350 -> 33277.3 | F68: =Субсидии!HP350 -> 33277.3 | G68: =F68/E68*100 -> 100
A69: 2.56. | B69: Субсидия бюджетам муниципальных районов, городских округов и поселений области на обустройство и восстановление воинских захоронений, находящихся в муниципальной собственности 20* | C69: 000 0503 66105R299F 523 | E69: =Субсидии!HS350 -> 2598.8 | F69: =Субсидии!HT350 -> 1610.64 | G69: =F69/E69*100 -> 61.976297
A70: 2.57. | B70: Субсидия бюджетам поселений области на обеспечение устойчивого развития сельских территорий в части реализации мероприятий по развитию сети плоскостных спортивных сооружений в сельской местности 21* | C70: 000 1101 564P5U5671 522 | E70: =Субсидии!HW350 -> 1679.9 | F70: =Субсидии!HX350 -> 1679.7 | G70: =F70/E70*100 -> 99.988095
A71: 3. | B71: Субвенции - всего | D71: =SUM(D72:D92) -> 17994746 | E71: =SUM(E72:E92) -> 18725623 | F71: =SUM(F72:F92) -> 18606274 | G71: =F71/E71*100 -> 99.362645
A72: 3.1. | B72: Субвенция на частичное финансирование расходов на присмотр и уход за детьми дошкольного возраста в муниципальных образовательных организациях, реализующих основную общеобразовательную программу дошкольного образования | C72: 000 0701 5A10476900 530 | D72: ='Субвенции '!F368 -> 76529.9 | E72: ='Субвенции '!G368 -> 76344.6 | F72: ='Субвенции '!H368 -> 75412.559 | G72: =F72/E72*100 -> 98.779166
A73: 3.2. | B73: Субвенция на осуществление органами местного самоуправления государственных полномочий по организации предоставления компенсации родительской платы и расходы по оплате услуг почтовой связи и банковских услуг, оказываемых банками, по выплате за присмотр и уход за детьми в образовательных организациях, реализующих основную общеобразовательную программу дошкольного образования | C73: 000 0709 5A10477800 530 | D73: ='Субвенции '!J368 -> 20793.9 | E73: ='Субвенции '!K368 -> 20966.7 | F73: ='Субвенции '!L368 -> 20556.891 | G73: =F73/E73*100 -> 98.045431
A74: 3.3. | B74: Субвенция на компенсацию родительской платы за присмотр и уход за детьми в образовательных организациях, реализующих основную общеобразовательную программу дошкольного образования | C74: 000 1004 5A10477900 530 | D74: ='Субвенции '!N368 -> 569313.3 | E74: ='Субвенции '!O368 -> 511018.4 | F74: ='Субвенции '!P368 -> 510444.82 | G74: =F74/E74*100 -> 99.887758
A75: 3.4. | B75: Субвенция на финансовое обеспечение образовательной деятельности муниципальных дошкольных образовательных организаций | C75: 000 0701 5A10576700 530 | D75: ='Субвенции '!R368 -> 4657270.4 | E75: ='Субвенции '!S368 -> 4799335.2 | F75: ='Субвенции '!T368 -> 4792857.5 | G75: =F75/E75*100 -> 99.86503
A76: 3.5. | B76: Субвенция на предоставление питания отдельным категориям обучающихся в муниципальных образовательных организациях, реализующих образовательные программы начального общего, основного общего и среднего общего образования | C76: 000 0702 5A21277200 530 | D76: ='Субвенции '!V368 -> 276550.4 | E76: ='Субвенции '!W368 -> 261871.8 | F76: ='Субвенции '!X368 -> 255428.9 | G76: =F76/E76*100 -> 97.539676
A77: 3.6. | B77: Субвенция на осуществление органами местного самоуправления государственных полномочий по организации предоставления питания отдельным категориям обучающихся в муниципальных образовательных организациях, реализующих образовательные программы начального общего, основного общего и среднего общего образования, и частичному финансированию расходов на присмотр и уход за детьми дошкольного возраста в муниципальных образовательных организациях, реализующих основную общеобразовательную программу дошкольного образования | C77: 000 0709 5A21277300 530 | D77: ='Субвенции '!Z368 -> 19831.1 | E77: ='Субвенции '!AA368 -> 20004.9 | F77: ='Субвенции '!AB368 -> 19924.611 | G77: =F77/E77*100 -> 99.598652
A78: 3.7. | B78: Субвенция на финансовое обеспечение образовательной деятельности муниципальных общеобразовательных учреждений | C78: 000 0702 5A21177000 530 | D78: ='Субвенции '!AD368 -> 11382112 | E78: ='Субвенции '!AE368 -> 12043130 | F78: ='Субвенции '!AF368 -> 12037661 | G78: =F78/E78*100 -> 99.954595
A79: 3.8. | B79: Субвенция на осуществление органами местного самоуправления отдельных государственных полномочий по осуществлению деятельности по опеке и попечительству в отношении несовершеннолетних граждан в части расходов на оплату труда, уплату страховых взносов по обязательному социальному страхованию в государственные внебюджетные фонды Российской Федерации, обеспечение деятельности штатных работников | C79: 000 0709 5A50577E00 530 | D79: ='Субвенции '!AH368 -> 44828.2 | E79: ='Субвенции '!AI368 -> 44828.2 | F79: ='Субвенции '!AJ368 -> 44577.467 | G79: =F79/E79*100 -> 99.440681
A80: 3.9. | B80: Субвенция на осуществление органами местного самоуправления отдельных государственных полномочий по осуществлению деятельности по опеке и попечительству в отношении несовершеннолетних граждан в части расходов на обеспечение деятельности по сохранению, содержанию и ремонту пустующих жилых помещений, закрепленных за детьми-сиротами и детьми, оставшимися без попечения родителей | C80: 000 1004 5A50577И00 530 | D80: ='Субвенции '!AL368 -> 1869.2 | E80: ='Субвенции '!AM368 -> 1706.211 | F80: ='Субвенции '!AN368 -> 1451.7509 | G80: =F80/E80*100 -> 85.086245
A81: 3.10. | B81: Субвенция на осуществление органами местного самоуправления государственных полномочий по организации предоставления гражданам субсидий на оплату жилого помещения и коммунальных услуг | C81: 000 1003 5212377Б00 530 | D81: ='Субвенции '!AP368 -> 42172.8 | E81: ='Субвенции '!AQ368 -> 42172.8 | F81: ='Субвенции '!AR368 -> 42066.322 | G81: =F81/E81*100 -> 99.747519
A82: 3.11. | B82: Субвенция на осуществление органами местного самоуправления государственных полномочий по предоставлению гражданам субсидий на оплату жилого помещения и коммунальных услуг | C82: 000 1003 5212477В00 530 | D82: ='Субвенции '!AT368 -> 710621.7 | E82: ='Субвенции '!AU368 -> 710621.7 | F82: ='Субвенции '!AV368 -> 616480.34 | G82: =F82/E82*100 -> 86.752254
A83: 3.12. | B83: Субвенция на осуществление органами местного самоуправления государственных полномочий по созданию и организации деятельности комиссий по делам несовершеннолетних и защите их прав | C83: 000 0113 6511076600 530 | D83: ='Субвенции '!AX368 -> 19235.4 | E83: ='Субвенции '!AY368 -> 19235.4 | F83: ='Субвенции '!AZ368 -> 19015.235 | G83: =F83/E83*100 -> 98.85542
A84: 3.13. | B84: Субвенция на осуществление органами местного самоуправления государственных полномочий по образованию и обеспечению деятельности административных комиссий, определению перечня должностных лиц, уполномоченных составлять протоколы об административных правонарушениях | C84: 000 0113 6511176500 530 | D84: ='Субвенции '!BB368 -> 11582.4 | E84: ='Субвенции '!BC368 -> 11582.4 | F84: ='Субвенции '!BD368 -> 11178.291 | G84: =F84/E84*100 -> 96.511008
A85: 3.14. | B85: Субвенция на исполнение государственных полномочий по расчету и предоставлению дотаций поселениям | C85: 000 1403 6640176100 530 | D85: ='Субвенции '!BF368 -> 75675.6 | E85: ='Субвенции '!BG368 -> 75104.776 | F85: ='Субвенции '!BH368 -> 74951.326 | G85: =F85/E85*100 -> 99.795685
A86: 3.15. | B86: Субвенция на осуществление органами местного самоуправления отдельных государственных полномочий по санкционированию финансовыми органами муниципальных образований области кассовых выплат получателям средств областного бюджета, областным государственным автономным и бюджетным учреждениям, иным юридическим лицам, не являющимся участниками бюджетного процесса, расположенным на территориях муниципальных образований области | C86: 000 0106 6640177A00 530 | D86: ='Субвенции '!BJ368 -> 9720 | E86: ='Субвенции '!BK368 -> 9720 | F86: ='Субвенции '!BL368 -> 9665.6457 | G86: =F86/E86*100 -> 99.4408
A87: 3.16. | B87: Субвенция на осуществление органами местного самоуправления поселений и органами местного самоуправления городских округов полномочий по первичному воинскому учету на территориях, где отсутствуют военные комиссариаты | C87: 000 0203 9020051180 530 | D87: ='Субвенции '!BN368 -> 44608.5 | E87: ='Субвенции '!BO368 -> 45576.7 | F87: ='Субвенции '!BP368 -> 45568.181 | G87: =F87/E87*100 -> 99.981308
A88: 3.17. | B88: Субвенция на осуществление органами местного самоуправления отдельных государственных полномочий по государственному управлению охраной труда | C88: 000 0401 9610076300 530 | D88: ='Субвенции '!BR368 -> 10200.1 | E88: ='Субвенции '!BS368 -> 10200.1 | F88: ='Субвенции '!BT368 -> 10071.425 | G88: =F88/E88*100 -> 98.738489
A89: 3.18. | B89: Субвенция на осуществление органами местного самоуправления отдельных государственных полномочий по осуществлению деятельности по опеке и попечительству в отношении совершеннолетних граждан | C89: 000 1006 9610076400 530 | D89: ='Субвенции '!BV368 -> 14771.8 | E89: ='Субвенции '!BW368 -> 14771.8 | F89: ='Субвенции '!BX368 -> 14509.213 | G89: =F89/E89*100 -> 98.22238
A90: 3.19. | B90: Субвенция на осуществление органами местного самоуправления отдельных государственных полномочий на организацию проведение мероприятий по отлову и содержанию животных без владельцев | C90: 000 0405 9610077Г00 530 | D90: ='Субвенции '!BZ368 -> 183.7 | E90: ='Субвенции '!CA368 -> 183.7 | F90: ='Субвенции '!CB368 -> 105.39 | G90: =F90/E90*100 -> 57.370713
A91: 3.20. | B91: Субвенция на проведение мероприятий по отлову и содержанию животных без владельцев | C91: 000 0405 9610077Д00 530 | D91: ='Субвенции '!CD368 -> 6875.7 | E91: ='Субвенции '!CE368 -> 6875.7 | F91: ='Субвенции '!CF368 -> 4010.335 | G91: =F91/E91*100 -> 58.326207
A92: 3.21. | B92: Субвенция бюджетам муниципальных районов и городских округов области на осуществление государственных полномочий по составлению (изменению) списков кандидатов в присяжные заседатели федеральных судов общей юрисдикции в Российской Федерации | C92: 000 0105 9020051200 530 | D92: ='Субвенции '!CH368 -> 0 | E92: ='Субвенции '!CI368 -> 372 | F92: ='Субвенции '!CJ368 -> 336.336 | G92: =F92/E92*100 -> 90.412903
A93: 4. | B93: Иные межбюджетные трансферты | D93: =SUM(D94:D117) -> 1141835.9 | E93: =SUM(E94:E117) -> 3871417.4 | F93: =SUM(F94:F117) -> 3716436.4 | G93: =F93/E93*100 -> 95.99679
A94: 4.1. | B94: Иные межбюджетные трансферты бюджетам поселений области на осуществление дорожной деятельности в отношении автомобильных дорог общего пользования местного значения Саратовской агломерации в границах городских поселений области в рамках реализации национального проекта «Безопасные и качественные автомобильные дороги» за счет средств областного дорожного фонда 8* | C94: 000 0409 5Ж2R153930 540 | E94: =Иные!G132 -> 299900 | F94: =Иные!H130 -> 299900 | G94: =F94/E94*100 -> 100
A95: 4.2. | B95: Иные межбюджетные трансферты на осуществление мероприятий в области энергосбережения и повышения энергетической эффективности | C95: 000 1403 6321179Б00 540 | D95: =Иные!J132 -> 100000 | E95: =Иные!K132 -> 99855 | F95: =Иные!L132 -> 99257.371 | G95: =F95/E95*100 -> 99.401504
A96: 4.3. | B96: Иные межбюджетные трансферты в целях обеспечения надлежащего осуществления полномочий по решению вопросов местного значения | C96: 000 1403 6640179200 540 | E96: =Иные!O132 -> 94893.4 | F96: =Иные!P132 -> 88230.919 | G96: =F96/E96*100 -> 92.978983
A97: 4.4. | B97: Иные межбюджетные трансферты в целях стимулирования (поощрения) социально-экономического развития муниципалитетов | C97: 000 1403 6640178A00 540 | D97: =Иные!R132 -> 150000 | E97: =Иные!S132 -> 150000 | F97: =Иные!T132 -> 149940.63
A98: 4.5. | B98: Иные межбюджетные трансферты за счет средств, выделяемых из резервного фонда Правительства Саратовской области 9* | C98: 000 0503 6640379990 540 000 0406 6640379990 540 000 0502 6640379990 540 000 1403 6640379990 540 | E98: =Иные!W132 -> 209509.7 | F98: =Иные!X132 -> 209509.7 | G98: =F98/E98*100 -> 100
A99: 4.6. | B99: Иные межбюджетные трансферты бюджетам муниципальных районов и городских округов области на создание дополнительных мест для детей в возрасте от 2 месяцев до 3 лет в образовательных организациях, осуществляющих образовательную деятельность по образовательным программам дошкольного образования | C99: 000 0701 5A1P251590 540 | D99: =Иные!Z132 -> 747532.5 | E99: =Иные!AA132 -> 747532.5 | F99: =Иные!AB132 -> 747330.03 | G99: =F99/E99*100 -> 99.972915
A100: 4.7. | B100: Иные межбюджетные трансферты бюджетам поселений области в целях реализации проектов создания комфортной городской среды в малых городах и исторических поселениях - победителях Всероссийского конкурса лучших проектов создания комфортной городской среды | C100: 000 0503 6920279А00 540 | D100: =Иные!AD132 -> 144303.4 | E100: =Иные!AE132 -> 155000 | F100: =Иные!AF132 -> 154999.34 | G100: =F100/E100*100 -> 99.999571
...

Sheet Всего (с учетом нераспред)
A1: Сведения о предоставленных из бюджета Саратовской области межбюджетных трансфертах бюджетам муниципальных образований за 2019 год
T2: тыс.рублей
A3: Наименование муниципальных образований | B3: Всего
F4: Дотации | J4: Субсидии | N4: Субвенции | R4: Иные межбюджетные трансферты
B6: первоначаль-ный бюджет* | C6: утвержденные бюджетные назначения 2* | D6: исполнено | E6: % исполнения | F6: первоначаль-ный бюджет* | G6: утвержденные бюджетные назначения 2* | H6: исполнено | I6: % исполнения | J6: первоначаль-ный бюджет* | K6: бюджетная роспись + уточненный бюджет 2* | L6: исполнено | M6: % исполнения | N6: первоначаль-ный бюджет* | O6: утвержденные бюджетные назначения 2* | P6: исполнено | Q6: % исполнения | R6: первоначаль-ный бюджет* | S6: утвержденные бюджетные назначения 2* | T6: исполнено | U6: % исполнения
A7: Муниципальные районы области: | B7: =F7+J7+N7+R7 -> 18101550 | C7: =G7+K7+O7+S7 -> 23452618 | D7: =H7+L7+P7+T7 -> 23224404 | E7: =D7/C7*100 -> 99.026917 | F7: =Дотации!B7 -> 3386184.5 | G7: =Дотации!C7 -> 4294002.7 | H7: =Дотации!D7 -> 4286287.5 | I7: =H7/G7*100 -> 99.820326 | J7: =Субсидии!B8 -> 1827142.7 | K7: =Субсидии!C8 -> 4367912.8 | L7: =Субсидии!D8 -> 4249137.9 | M7: =L7/K7*100 -> 97.28074 | N7: ='Субвенции '!B10 -> 12570853 | O7: ='Субвенции '!C10 -> 13290743 | P7: ='Субвенции '!D10 -> 13203049 | Q7: =P7/O7*100 -> 99.340185 | R7: =Иные!B8 -> 317369.6 | S7: =Иные!C8 -> 1499959.3 | T7: =Иные!D8 -> 1485930.4 | U7: =T7/S7*100 -> 99.064712
A8: Александрово-Гайский | B8: =F8+J8+N8+R8 -> 291083.3 | C8: =G8+K8+O8+S8 -> 391957.18 | D8: =H8+L8+P8+T8 -> 383729.19 | E8: =D8/C8*100 -> 97.900793 | F8: =Дотации!B8 -> 74007.1 | G8: =Дотации!C8 -> 91695.8 | H8: =Дотации!D8 -> 91695.8 | I8: =H8/G8*100 -> 100 | J8: =Субсидии!B9 -> 35130.5 | K8: =Субсидии!C9 -> 81471.459 | L8: =Субсидии!D9 -> 74882.922 | M8: =L8/K8*100 -> 91.913073 | N8: ='Субвенции '!B11 -> 181945.7 | O8: ='Субвенции '!C11 -> 193716.2 | P8: ='Субвенции '!D11 -> 193243.02 | Q8: =P8/O8*100 -> 99.755737 | R8: =Иные!B9 -> 0 | S8: =Иные!C9 -> 25073.72 | T8: =Иные!D9 -> 23907.442 | U8: =T8/S8*100 -> 95.348606
A9: Аркадакский | B9: =F9+J9+N9+R9 -> 304983.5 | C9: =G9+K9+O9+S9 -> 336457.62 | D9: =H9+L9+P9+T9 -> 333224.03 | E9: =D9/C9*100 -> 99.038932 | F9: =Дотации!B9 -> 83945.8 | G9: =Дотации!C9 -> 83945.8 | H9: =Дотации!D9 -> 83945.8 | I9: =H9/G9*100 -> 100 | J9: =Субсидии!B10 -> 22567.9 | K9: =Субсидии!C10 -> 31884.322 | L9: =Субсидии!D10 -> 29119.545 | M9: =L9/K9*100 -> 91.328726 | N9: ='Субвенции '!B12 -> 198469.8 | O9: ='Субвенции '!C12 -> 211414.1 | P9: ='Субвенции '!D12 -> 211201.5 | Q9: =P9/O9*100 -> 99.899439 | R9: =Иные!B10 -> 0 | S9: =Иные!C10 -> 9213.4 | T9: =Иные!D10 -> 8957.1907 | U9: =T9/S9*100 -> 97.219167
A10: Аткарский | B10: =F10+J10+N10+R10 -> 487761.5 | C10: =G10+K10+O10+S10 -> 537062.43 | D10: =H10+L10+P10+T10 -> 527490.67 | E10: =D10/C10*100 -> 98.217756 | F10: =Дотации!B10 -> 120799.1 | G10: =Дотации!C10 -> 120799.1 | H10: =Дотации!D10 -> 120799.1 | I10: =H10/G10*100 -> 100 | J10: =Субсидии!B11 -> 45505.1 | K10: =Субсидии!C11 -> 64103.726 | L10: =Субсидии!D11 -> 55312.851 | M10: =L10/K10*100 -> 86.286484 | N10: ='Субвенции '!B13 -> 321457.3 | O10: ='Субвенции '!C13 -> 340901.4 | P10: ='Субвенции '!D13 -> 340120.69 | Q10: =P10/O10*100 -> 99.770986 | R10: =Иные!B11 -> 0 | S10: =Иные!C11 -> 11258.2 | T10: =Иные!D11 -> 11258.027 | U10: =T10/S10*100 -> 99.998461
A11: Базарно-Карабулакский | B11: =F11+J11+N11+R11 -> 410169 | C11: =G11+K11+O11+S11 -> 566373.44 | D11: =H11+L11+P11+T11 -> 561924.38 | E11: =D11/C11*100 -> 99.214465 | F11: =Дотации!B11 -> 113822 | G11: =Дотации!C11 -> 218045 | H11: =Дотации!D11 -> 218045 | I11: =H11/G11*100 -> 100 | J11: =Субсидии!B12 -> 37584.7 | K11: =Субсидии!C12 -> 75156.738 | L11: =Субсидии!D12 -> 71191.158 | M11: =L11/K11*100 -> 94.723587 | N11: ='Субвенции '!B14 -> 258762.3 | O11: ='Субвенции '!C14 -> 267852 | P11: ='Субвенции '!D14 -> 267467.64 | Q11: =P11/O11*100 -> 99.856503 | R11: =Иные!B12 -> 0 | S11: =Иные!C12 -> 5319.7 | T11: =Иные!D12 -> 5220.5796 | U11: =T11/S11*100 -> 98.136729
A12: Балаковский | B12: =F12+J12+N12+R12 -> 1563235.2 | C12: =G12+K12+O12+S12 -> 1982101.9 | D12: =H12+L12+P12+T12 -> 1947565.4 | E12: =D12/C12*100 -> 98.257583 | F12: =Дотации!B12 -> 0 | G12: =Дотации!C12 -> 14960.8 | H12: =Дотации!D12 -> 14960.8 | J12: =Субсидии!B13 -> 78327.2 | K12: =Субсидии!C13 -> 381988.85 | L12: =Субсидии!D13 -> 374390.43 | M12: =L12/K12*100 -> 98.010826 | N12: ='Субвенции '!B15 -> 1484908 | O12: ='Субвенции '!C15 -> 1548788.7 | P12: ='Субвенции '!D15 -> 1523423.7 | Q12: =P12/O12*100 -> 98.362267 | R12: =Иные!B13 -> 0 | S12: =Иные!C13 -> 36363.5 | T12: =Иные!D13 -> 34790.456 | U12: =T12/S12*100 -> 95.674114
A13: Балашовский | B13: =F13+J13+N13+R13 -> 1049540.8 | C13: =G13+K13+O13+S13 -> 1336114.8 | D13: =H13+L13+P13+T13 -> 1321700.9 | E13: =D13/C13*100 -> 98.921207 | F13: =Дотации!B13 -> 170300.6 | G13: =Дотации!C13 -> 262009.5 | H13: =Дотации!D13 -> 262009.5 | I13: =H13/G13*100 -> 100 | J13: =Субсидии!B14 -> 141131.8 | K13: =Субсидии!C14 -> 224394.43 | L13: =Субсидии!D14 -> 218974.04 | M13: =L13/K13*100 -> 97.584437 | N13: ='Субвенции '!B16 -> 738108.4 | O13: ='Субвенции '!C16 -> 780961.8 | P13: ='Субвенции '!D16 -> 772008.23 | Q13: =P13/O13*100 -> 98.85352 | R13: =Иные!B14 -> 0 | S13: =Иные!C14 -> 68749.1 | T13: =Иные!D14 -> 68709.146 | U13: =T13/S13*100 -> 99.941884
A14: Балтайский | B14: =F14+J14+N14+R14 -> 189131.5 | C14: =G14+K14+O14+S14 -> 245689.55 | D14: =H14+L14+P14+T14 -> 244859.49 | E14: =D14/C14*100 -> 99.662151 | F14: =Дотации!B14 -> 49008.3 | G14: =Дотации!C14 -> 63836.2 | H14: =Дотации!D14 -> 63836.2 | I14: =H14/G14*100 -> 100 | J14: =Субсидии!B15 -> 21569.3 | K14: =Субсидии!C15 -> 48343.68 | L14: =Субсидии!D15 -> 48075.775 | M14: =L14/K14*100 -> 99.445833 | N14: ='Субвенции '!B17 -> 118553.9 | O14: ='Субвенции '!C17 -> 118429.2 | P14: ='Субвенции '!D17 -> 117867.04 | Q14: =P14/O14*100 -> 99.525324 | R14: =Иные!B15 -> 0 | S14: =Иные!C15 -> 15080.471 | T14: =Иные!D15 -> 15080.471 | U14: =T14/S14*100 -> 100
A15: Вольский | B15: =F15+J15+N15+R15 -> 836303 | C15: =G15+K15+O15+S15 -> 1187313.3 | D15: =H15+L15+P15+T15 -> 1178956.2 | E15: =D15/C15*100 -> 99.296137 | F15: =Дотации!B15 -> 91813.9 | G15: =Дотации!C15 -> 203921.3 | H15: =Дотации!D15 -> 203921.3 | I15: =H15/G15*100 -> 100 | J15: =Субсидии!B16 -> 80168 | K15: =Субсидии!C16 -> 231685.37 | L15: =Субсидии!D16 -> 229470.38 | M15: =L15/K15*100 -> 99.043969 | N15: ='Субвенции '!B18 -> 664321.1 | O15: ='Субвенции '!C18 -> 722868.3 | P15: ='Субвенции '!D18 -> 716793.73 | Q15: =P15/O15*100 -> 99.159658 | R15: =Иные!B16 -> 0 | S15: =Иные!C16 -> 28838.3 | T15: =Иные!D16 -> 28770.789 | U15: =T15/S15*100 -> 99.765898
A16: Воскресенский | B16: =F16+J16+N16+R16 -> 171333.1 | C16: =G16+K16+O16+S16 -> 234107.75 | D16: =H16+L16+P16+T16 -> 231882.43 | E16: =D16/C16*100 -> 99.049443 | F16: =Дотации!B16 -> 39777.6 | G16: =Дотации!C16 -> 56679.9 | H16: =Дотации!D16 -> 56679.9 | I16: =H16/G16*100 -> 100 | J16: =Субсидии!B17 -> 17058.6 | K16: =Субсидии!C17 -> 41111.354 | L16: =Субсидии!D17 -> 39603.544 | M16: =L16/K16*100 -> 96.332376 | N16: ='Субвенции '!B19 -> 114496.9 | O16: ='Субвенции '!C19 -> 126417.3 | P16: ='Субвенции '!D19 -> 125702.19 | Q16: =P16/O16*100 -> 99.43433 | R16: =Иные!B17 -> 0 | S16: =Иные!C17 -> 9899.2 | T16: =Иные!D17 -> 9896.7874 | U16: =T16/S16*100 -> 99.975628
A17: Дергачевский | B17: =F17+J17+N17+R17 -> 359329.6 | C17: =G17+K17+O17+S17 -> 397806.16 | D17: =H17+L17+P17+T17 -> 396712.19 | E17: =D17/C17*100 -> 99.724998 | F17: =Дотации!B17 -> 93614.4 | G17: =Дотации!C17 -> 99860.8 | H17: =Дотации!D17 -> 99860.8 | I17: =H17/G17*100 -> 100 | J17: =Субсидии!B18 -> 23312.9 | K17: =Субсидии!C18 -> 33061.061 | L17: =Субсидии!D18 -> 33051.791 | M17: =L17/K17*100 -> 99.971961 | N17: ='Субвенции '!B20 -> 191409.7 | O17: ='Субвенции '!C20 -> 207181.9 | P17: ='Субвенции '!D20 -> 206097.9 | Q17: =P17/O17*100 -> 99.476787 | R17: =Иные!B18 -> 50992.6 | S17: =Иные!C18 -> 57702.4 | T17: =Иные!D18 -> 57701.698 | U17: =T17/S17*100 -> 99.998784
A18: Духовницкий | B18: =F18+J18+N18+R18 -> 156865.1 | C18: =G18+K18+O18+S18 -> 205472.11 | D18: =H18+L18+P18+T18 -> 203118.88 | E18: =D18/C18*100 -> 98.854722 | F18: =Дотации!B18 -> 31397.5 | G18: =Дотации!C18 -> 44695.9 | H18: =Дотации!D18 -> 44695.9 | I18: =H18/G18*100 -> 100 | J18: =Субсидии!B19 -> 16867.8 | K18: =Субсидии!C19 -> 36905.206 | L18: =Субсидии!D19 -> 34950.065 | M18: =L18/K18*100 -> 94.702262 | N18: ='Субвенции '!B21 -> 108599.8 | O18: ='Субвенции '!C21 -> 117007.5 | P18: ='Субвенции '!D21 -> 116638.25 | Q18: =P18/O18*100 -> 99.68442 | R18: =Иные!B19 -> 0 | S18: =Иные!C19 -> 6863.5 | T18: =Иные!D19 -> 6834.667 | U18: =T18/S18*100 -> 99.579908
A19: Екатериновский | B19: =F19+J19+N19+R19 -> 257097.2 | C19: =G19+K19+O19+S19 -> 384542.58 | D19: =H19+L19+P19+T19 -> 378329.96 | E19: =D19/C19*100 -> 98.384414 | F19: =Дотации!B19 -> 43582.2 | G19: =Дотации!C19 -> 77246.3 | H19: =Дотации!D19 -> 77246.3 | I19: =H19/G19*100 -> 100 | J19: =Субсидии!B20 -> 29018.4 | K19: =Субсидии!C20 -> 72843.278 | L19: =Субсидии!D20 -> 67212.98 | M19: =L19/K19*100 -> 92.270669 | N19: ='Субвенции '!B22 -> 184496.6 | O19: ='Субвенции '!C22 -> 199550.6 | P19: ='Субвенции '!D22 -> 199040.41 | Q19: =P19/O19*100 -> 99.744328 | R19: =Иные!B20 -> 0 | S19: =Иные!C20 -> 34902.4 | T19: =Иные!D20 -> 34830.276 | U19: =T19/S19*100 -> 99.793356
A20: Ершовский | B20: =F20+J20+N20+R20 -> 573038.7 | C20: =G20+K20+O20+S20 -> 645086.88 | D20: =H20+L20+P20+T20 -> 634871.74 | E20: =D20/C20*100 -> 98.41647 | F20: =Дотации!B20 -> 124147.2 | G20: =Дотации!C20 -> 125096.3 | H20: =Дотации!D20 -> 125096.3 | I20: =H20/G20*100 -> 100 | J20: =Субсидии!B21 -> 46809.3 | K20: =Субсидии!C21 -> 59682.75 | L20: =Субсидии!D21 -> 51418.114 | M20: =L20/K20*100 -> 86.152388 | N20: ='Субвенции '!B23 -> 379180.5 | O20: ='Субвенции '!C23 -> 396587.7 | P20: ='Субвенции '!D23 -> 394950.92 | Q20: =P20/O20*100 -> 99.587285 | R20: =Иные!B21 -> 22901.7 | S20: =Иные!C21 -> 63720.13 | T20: =Иные!D21 -> 63406.399 | U20: =T20/S20*100 -> 99.507642
A21: Ивантеевский | B21: =F21+J21+N21+R21 -> 273042.8 | C21: =G21+K21+O21+S21 -> 344127.08 | D21: =H21+L21+P21+T21 -> 343012.87 | E21: =D21/C21*100 -> 99.676223 | F21: =Дотации!B21 -> 65481.4 | G21: =Дотации!C21 -> 67063.3 | H21: =Дотации!D21 -> 67063.3 | I21: =H21/G21*100 -> 100 | J21: =Субсидии!B22 -> 19837.6 | K21: =Субсидии!C22 -> 48324.776 | L21: =Субсидии!D22 -> 48324.779 | M21: =L21/K21*100 -> 100.00001 | N21: ='Субвенции '!B24 -> 187723.8 | O21: ='Субвенции '!C24 -> 194718.5 | P21: ='Субвенции '!D24 -> 193604.29 | Q21: =P21/O21*100 -> 99.427785 | R21: =Иные!B22 -> 0 | S21: =Иные!C22 -> 34020.5 | T21: =Иные!D22 -> 34020.5 | U21: =T21/S21*100 -> 100
A22: Калининский | B22: =F22+J22+N22+R22 -> 407505.4 | C22: =G22+K22+O22+S22 -> 483233.87 | D22: =H22+L22+P22+T22 -> 482200.62 | E22: =D22/C22*100 -> 99.786179 | F22: =Дотации!B22 -> 77843 | G22: =Дотации!C22 -> 99132.7 | H22: =Дотации!D22 -> 99132.7 | I22: =H22/G22*100 -> 100 | J22: =Субсидии!B23 -> 52666.2 | K22: =Субсидии!C23 -> 76357.272 | L22: =Субсидии!D23 -> 76009.323 | M22: =L22/K22*100 -> 99.544315 | N22: ='Субвенции '!B25 -> 276996.2 | O22: ='Субвенции '!C25 -> 290975.8 | P22: ='Субвенции '!D25 -> 290583.78 | Q22: =P22/O22*100 -> 99.865273 | R22: =Иные!B23 -> 0 | S22: =Иные!C23 -> 16768.1 | T22: =Иные!D23 -> 16474.817 | U22: =T22/S22*100 -> 98.250948
A23: Красноармейский | B23: =F23+J23+N23+R23 -> 532283.7 | C23: =G23+K23+O23+S23 -> 589817.7 | D23: =H23+L23+P23+T23 -> 584808.5 | E23: =D23/C23*100 -> 99.150721 | F23: =Дотации!B23 -> 153452.6 | G23: =Дотации!C23 -> 175066.8 | H23: =Дотации!D23 -> 175066.8 | I23: =H23/G23*100 -> 100 | J23: =Субсидии!B24 -> 49128.9 | K23: =Субсидии!C24 -> 50407.501 | L23: =Субсидии!D24 -> 48694.04 | M23: =L23/K23*100 -> 96.600781 | N23: ='Субвенции '!B26 -> 329702.2 | O23: ='Субвенции '!C26 -> 352409 | P23: ='Субвенции '!D26 -> 349113.27 | Q23: =P23/O23*100 -> 99.064799 | R23: =Иные!B24 -> 0 | S23: =Иные!C24 -> 11934.4 | T23: =Иные!D24 -> 11934.399 | U23: =T23/S23*100 -> 99.999993
A24: Краснокутский | B24: =F24+J24+N24+R24 -> 414052.8 | C24: =G24+K24+O24+S24 -> 522432.38 | D24: =H24+L24+P24+T24 -> 519534.5 | E24: =D24/C24*100 -> 99.445311 | F24: =Дотации!B24 -> 96993.2 | G24: =Дотации!C24 -> 102940.2 | H24: =Дотации!D24 -> 102940.2 | I24: =H24/G24*100 -> 100 | J24: =Субсидии!B25 -> 26137.6 | K24: =Субсидии!C25 -> 87365.6 | L24: =Субсидии!D25 -> 86961.74 | M24: =L24/K24*100 -> 99.537735 | N24: ='Субвенции '!B27 -> 290922 | O24: ='Субвенции '!C27 -> 294621.28 | P24: ='Субвенции '!D27 -> 292211.92 | Q24: =P24/O24*100 -> 99.182221 | R24: =Иные!B25 -> 0 | S24: =Иные!C25 -> 37505.3 | T24: =Иные!D25 -> 37420.637 | U24: =T24/S24*100 -> 99.774264
... A38: Самойловский | B38: =F38+J38+N38+R38 -> 239009.8 | C38: =G38+K38+O38+S38 -> 503923.9 | D38: =H38+L38+P38+T38 -> 499124.69 | E38: =D38/C38*100 -> 99.047631 | F38: =Дотации!B38 -> 55338.9 | G38: =Дотации!C38 -> 54914.6 | H38: =Дотации!D38 -> 54914.6 | I38: =H38/G38*100 -> 100 | J38: =Субсидии!B39 -> 21072.7 | K38: =Субсидии!C39 -> 251418 | L38: =Субсидии!D39 -> 247495.68 | M38: =L38/K38*100 -> 98.439919 | N38: ='Субвенции '!B41 -> 162598.2 | O38: ='Субвенции '!C41 -> 192502.4 | P38: ='Субвенции '!D41 -> 191625.59 | Q38: =P38/O38*100 -> 99.54452 | R38: =Иные!B39 -> 0 | S38: =Иные!C39 -> 5088.9 | T38: =Иные!D39 -> 5088.821 | U38: =T38/S38*100 -> 99.998449
A39: Саратовский | B39: =F39+J39+N39+R39 -> 428495.2 | C39: =G39+K39+O39+S39 -> 580782.08 | D39: =H39+L39+P39+T39 -> 559823.68 | E39: =D39/C39*100 -> 96.391349 | F39: =Дотации!B39 -> 0 | G39: =Дотации!C39 -> 7715.2 | H39: =Дотации!D39 -> 0 | J39: =Субсидии!B40 -> 46772.7 | K39: =Субсидии!C40 -> 145032.03 | L39: =Субсидии!D40 -> 136826.65 | M39: =L39/K39*100 -> 94.342363 | N39: ='Субвенции '!B42 -> 381722.5 | O39: ='Субвенции '!C42 -> 413478 | P39: ='Субвенции '!D42 -> 411535.3 | Q39: =P39/O39*100 -> 99.530157 | R39: =Иные!B40 -> 0 | S39: =Иные!C40 -> 14556.85 | T39: =Иные!D40 -> 11461.73 | U39: =T39/S39*100 -> 78.737711
A40: Советский | B40: =F40+J40+N40+R40 -> 257308.8 | C40: =G40+K40+O40+S40 -> 301225.45 | D40: =H40+L40+P40+T40 -> 296053.37 | E40: =D40/C40*100 -> 98.282988 | F40: =Дотации!B40 -> 52361 | G40: =Дотации!C40 -> 54045.9 | H40: =Дотации!D40 -> 54045.9 | I40: =H40/G40*100 -> 100 | J40: =Субсидии!B41 -> 26498.5 | K40: =Субсидии!C41 -> 40421.552 | L40: =Субсидии!D41 -> 38283.536 | M40: =L40/K40*100 -> 94.710704 | N40: ='Субвенции '!B43 -> 178449.3 | O40: ='Субвенции '!C43 -> 188452.1 | P40: ='Субвенции '!D43 -> 187414.6 | Q40: =P40/O40*100 -> 99.449462 | R40: =Иные!B41 -> 0 | S40: =Иные!C41 -> 18305.9 | T40: =Иные!D41 -> 16309.339 | U40: =T40/S40*100 -> 89.093344
A41: Татищевский | B41: =F41+J41+N41+R41 -> 366166.1 | C41: =G41+K41+O41+S41 -> 488943.95 | D41: =H41+L41+P41+T41 -> 481819.08 | E41: =D41/C41*100 -> 98.542805 | F41: =Дотации!B41 -> 10141.2 | G41: =Дотации!C41 -> 41470.9 | H41: =Дотации!D41 -> 41470.9 | J41: =Субсидии!B42 -> 35232 | K41: =Субсидии!C42 -> 89999.354 | L41: =Субсидии!D42 -> 85465.273 | M41: =L41/K41*100 -> 94.962096 | N41: ='Субвенции '!B44 -> 236177.4 | O41: ='Субвенции '!C44 -> 258366.6 | P41: ='Субвенции '!D44 -> 255775.81 | Q41: =P41/O41*100 -> 98.997244 | R41: =Иные!B42 -> 84615.5 | S41: =Иные!C42 -> 99107.1 | T41: =Иные!D42 -> 99107.1 | U41: =T41/S41*100 -> 100
A42: Турковский | B42: =F42+J42+N42+R42 -> 180719 | C42: =G42+K42+O42+S42 -> 232401.37 | D42: =H42+L42+P42+T42 -> 230363.35 | E42: =D42/C42*100 -> 99.123063 | F42: =Дотации!B42 -> 61264.2 | G42: =Дотации!C42 -> 61090.6 | H42: =Дотации!D42 -> 61090.6 | I42: =H42/G42*100 -> 100 | J42: =Субсидии!B43 -> 13845.5 | K42: =Субсидии!C43 -> 36569.367 | L42: =Субсидии!D43 -> 36234.396 | M42: =L42/K42*100 -> 99.084012 | N42: ='Субвенции '!B45 -> 105609.3 | O42: ='Субвенции '!C45 -> 118183.5 | P42: ='Субвенции '!D45 -> 117773.24 | Q42: =P42/O42*100 -> 99.652865 | R42: =Иные!B43 -> 0 | S42: =Иные!C43 -> 16557.9 | T42: =Иные!D43 -> 15265.113 | U42: =T42/S42*100 -> 92.192323
A43: Федоровский | B43: =F43+J43+N43+R43 -> 270605.5 | C43: =G43+K43+O43+S43 -> 325896.4 | D43: =H43+L43+P43+T43 -> 321560.53 | E43: =D43/C43*100 -> 98.669556 | F43: =Дотации!B43 -> 76156.5 | G43: =Дотации!C43 -> 79593.1 | H43: =Дотации!D43 -> 79593.1 | I43: =H43/G43*100 -> 100 | J43: =Субсидии!B44 -> 22193.4 | K43: =Субсидии!C44 -> 28013.602 | L43: =Субсидии!D44 -> 23929.043 | M43: =L43/K43*100 -> 85.419372 | N43: ='Субвенции '!B46 -> 172255.6 | O43: ='Субвенции '!C46 -> 186285.9 | P43: ='Субвенции '!D46 -> 186113.18 | Q43: =P43/O43*100 -> 99.907283 | R43: =Иные!B44 -> 0 | S43: =Иные!C44 -> 32003.8 | T43: =Иные!D44 -> 31925.21 | U43: =T43/S43*100 -> 99.754435
A44: Хвалынский | B44: =F44+J44+N44+R44 -> 272251 | C44: =G44+K44+O44+S44 -> 334573.46 | D44: =H44+L44+P44+T44 -> 333109.46 | E44: =D44/C44*100 -> 99.56243 | F44: =Дотации!B44 -> 81768.4 | G44: =Дотации!C44 -> 87803.5 | H44: =Дотации!D44 -> 87803.5 | I44: =H44/G44*100 -> 100 | J44: =Субсидии!B45 -> 18057.3 | K44: =Субсидии!C45 -> 31937.557 | L44: =Субсидии!D45 -> 31712.232 | M44: =L44/K44*100 -> 99.294482 | N44: ='Субвенции '!B47 -> 172425.3 | O44: ='Субвенции '!C47 -> 185603.9 | P44: ='Субвенции '!D47 -> 184662.96 | Q44: =P44/O44*100 -> 99.493038 | R44: =Иные!B45 -> 0 | S44: =Иные!C45 -> 29228.5 | T44: =Иные!D45 -> 28930.774 | U44: =T44/S44*100 -> 98.981384
A45: Энгельсский | B45: =F45+J45+N45+R45 -> 2731718.1 | C45: =G45+K45+O45+S45 -> 4246923.1 | D45: =H45+L45+P45+T45 -> 4214959.6 | E45: =D45/C45*100 -> 99.247372 | F45: =Дотации!B45 -> 203551.3 | G45: =Дотации!C45 -> 388788.7 | H45: =Дотации!D45 -> 388788.7 | J45: =Субсидии!B46 -> 411903.6 | K45: =Субсидии!C46 -> 1262963.6 | L45: =Субсидии!D46 -> 1241427.7 | M45: =L45/K45*100 -> 98.294813 | N45: ='Субвенции '!B48 -> 1957403.4 | O45: ='Субвенции '!C48 -> 2018902.1 | P45: ='Субвенции '!D48 -> 2008923.5 | Q45: =P45/O45*100 -> 99.505739 | R45: =Иные!B46 -> 158859.8 | S45: =Иные!C46 -> 576268.7 | T45: =Иные!D46 -> 575819.73 | U45: =T45/S45*100 -> 99.922091
A46: Городские округа области: | B46: =F46+J46+N46+R46 -> 7359839.3 | C46: =G46+K46+O46+S46 -> 11788319 | D46: =H46+L46+P46+T46 -> 11641259 | E46: =D46/C46*100 -> 98.752495 | F46: =Дотации!B46 -> 288106.5 | G46: =Дотации!C46 -> 290291.8 | H46: =Дотации!D46 -> 290106.5 | I46: =H46/G46*100 -> 99.936168 | J46: =Субсидии!B47 -> 1258748 | K46: =Субсидии!C47 -> 4490910.5 | L46: =Субсидии!D47 -> 4385465.7 | M46: =L46/K46*100 -> 97.652039 | N46: ='Субвенции '!B49 -> 5379781.9 | O46: ='Субвенции '!C49 -> 5389800.4 | P46: ='Субвенции '!D49 -> 5358154.5 | Q46: =P46/O46*100 -> 99.412857 | R46: =Иные!B47 -> 433202.9 | S46: =Иные!C47 -> 1617316 | T46: =Иные!D47 -> 1607532.1 | U46: =T46/S46*100 -> 99.395052
A47: г. Саратов | B47: =F47+J47+N47+R47 -> 6912098.4 | C47: =G47+K47+O47+S47 -> 11305729 | D47: =H47+L47+P47+T47 -> 11165490 | E47: =D47/C47*100 -> 98.75958 | F47: =Дотации!B47 -> 39454.9 | G47: =Дотации!C47 -> 39640.2 | H47: =Дотации!D47 -> 39454.9 | I47: =H47/G47*100 -> 99.532545 | J47: =Субсидии!B48 -> 1247625.1 | K47: =Субсидии!C48 -> 4467961.9 | L47: =Субсидии!D48 -> 4365343.4 | M47: =L47/K47*100 -> 97.703236 | N47: ='Субвенции '!B50 -> 5194855.5 | O47: ='Субвенции '!C50 -> 5198288.8 | P47: ='Субвенции '!D50 -> 5170124.8 | Q47: =P47/O47*100 -> 99.458206 | R47: =Иные!B48 -> 430162.9 | S47: =Иные!C48 -> 1599837.7 | T47: =Иные!D48 -> 1590567 | U47: =T47/S47*100 -> 99.42052
A48: п. Михайловский | B48: =F48+J48+N48+R48 -> 83014.7 | C48: =G48+K48+O48+S48 -> 91235.391 | D48: =H48+L48+P48+T48 -> 90058.634 | E48: =D48/C48*100 -> 98.710197 | F48: =Дотации!B48 -> 48941.2 | G48: =Дотации!C48 -> 49941.2 | H48: =Дотации!D48 -> 49941.2 | I48: =H48/G48*100 -> 100 | J48: =Субсидии!B49 -> 4337.2 | K48: =Субсидии!C49 -> 3977.8911 | L48: =Субсидии!D49 -> 3171.9751 | M48: =L48/K48*100 -> 79.740121 | N48: ='Субвенции '!B51 -> 26696.3 | O48: ='Субвенции '!C51 -> 27874.7 | P48: ='Субвенции '!D51 -> 27703.537 | Q48: =P48/O48*100 -> 99.385957 | R48: =Иные!B49 -> 3040 | S48: =Иные!C49 -> 9441.6 | T48: =Иные!D49 -> 9241.9214 | U48: =T48/S48*100 -> 97.885119
A49: ЗАТО Светлый | B49: =F49+J49+N49+R49 -> 225511.8 | C49: =G49+K49+O49+S49 -> 243708.46 | D49: =H49+L49+P49+T49 -> 238900.5 | E49: =D49/C49*100 -> 98.027168 | F49: =Дотации!B49 -> 123309.1 | G49: =Дотации!C49 -> 123309.1 | H49: =Дотации!D49 -> 123309.1 | I49: =H49/G49*100 -> 100 | J49: =Субсидии!B50 -> 2681.1 | K49: =Субсидии!C50 -> 10058.659 | L49: =Субсидии!D50 -> 8336.3405 | M49: =L49/K49*100 -> 82.877254 | N49: ='Субвенции '!B52 -> 99521.6 | O49: ='Субвенции '!C52 -> 106283.7 | P49: ='Субвенции '!D52 -> 103437.09 | Q49: =P49/O49*100 -> 97.321691 | R49: =Иные!B50 -> 0 | S49: =Иные!C50 -> 4057 | T49: =Иные!D50 -> 3817.9648 | U49: =T49/S49*100 -> 94.108081
A50: г. Шиханы | B50: =F50+J50+N50+R50 -> 139214.4 | C50: =G50+K50+O50+S50 -> 147646.22 | D50: =H50+L50+P50+T50 -> 146809.61 | E50: =D50/C50*100 -> 99.433371 | F50: =Дотации!B50 -> 76401.3 | G50: =Дотации!C50 -> 77401.3 | H50: =Дотации!D50 -> 77401.3 | I50: =H50/G50*100 -> 100 | J50: =Субсидии!B51 -> 4104.6 | K50: =Субсидии!C51 -> 8912.0151 | L50: =Субсидии!D51 -> 8613.9609 | M50: =L50/K50*100 -> 96.655591 | N50: ='Субвенции '!B53 -> 58708.5 | O50: ='Субвенции '!C53 -> 57353.2 | P50: ='Субвенции '!D53 -> 56889.127 | Q50: =P50/O50*100 -> 99.19085 | R50: =Иные!B51 -> 0 | S50: =Иные!C51 -> 3979.7 | T50: =Иные!D51 -> 3905.2205 | U50: =T50/S50*100 -> 98.128516
A51: Поселения: | B51: =F51+J51+N51+R51 -> 382487.2 | C51: =G51+K51+O51+S51 -> 1912376.5 | D51: =H51+L51+P51+T51 -> 1827519.4 | E51: =D51/C51*100 -> 95.562741 | G51: 0 | H51: 0 | I51: 0 | J51: =Субсидии!B52 -> 97112.8 | K51: =Субсидии!C52 -> 1184758.9 | L51: =Субсидии!D52 -> 1159474.8 | M51: =L51/K51*100 -> 97.865886 | N51: ='Субвенции '!B54 -> 44111 | O51: ='Субвенции '!C54 -> 45079.2 | P51: ='Субвенции '!D54 -> 45070.717 | Q51: =P51/O51*100 -> 99.981181 | R51: =Иные!B52 -> 241263.4 | S51: =Иные!C52 -> 682538.4 | T51: =Иные!D52 -> 622973.9 | U51: =T51/S51*100 -> 91.273092
A52: Александрово-Гайское муниципальное образование Александрово-Гайского муниципального района | B52: =F52+J52+N52+R52 -> 2351.1 | C52: =G52+K52+O52+S52 -> 6730.4 | D52: =H52+L52+P52+T52 -> 6730.4 | E52: =D52/C52*100 -> 100 | J52: =Субсидии!B53 -> 0 | K52: =Субсидии!C53 -> 6029.3 | L52: =Субсидии!D53 -> 6029.3 | M52: =L52/K52*100 -> 100 | N52: ='Субвенции '!B55 -> 701.1 | O52: ='Субвенции '!C55 -> 701.1 | P52: ='Субвенции '!D55 -> 701.1 | Q52: =P52/O52*100 -> 100 | R52: =Иные!B53 -> 1650
A53: Новоалександровское муниципальное образование Александрово-Гайского муниципального района | B53: =F53+J53+N53+R53 -> 310 | C53: =G53+K53+O53+S53 -> 593.5 | D53: =H53+L53+P53+T53 -> 593.5 | E53: =D53/C53*100 -> 100 | J53: =Субсидии!B54 -> 216.5 | K53: =Субсидии!C54 -> 500 | L53: =Субсидии!D54 -> 500 | M53: =L53/K53*100 -> 100 | N53: ='Субвенции '!B56 -> 93.5 | O53: ='Субвенции '!C56 -> 93.5 | P53: ='Субвенции '!D56 -> 93.5 | Q53: =P53/O53*100 -> 100
A54: г. Аркадак муниципальное образование Аркадакского муниципального района | B54: =F54+J54+N54+R54 -> 621.9 | C54: =G54+K54+O54+S54 -> 7024.1 | D54: =H54+L54+P54+T54 -> 7024.1 | E54: =D54/C54*100 -> 100 | J54: =Субсидии!B55 -> 0 | K54: =Субсидии!C55 -> 6402.2 | L54: =Субсидии!D55 -> 6402.2 | M54: =L54/K54*100 -> 100 | N54: ='Субвенции '!B57 -> 621.9 | O54: ='Субвенции '!C57 -> 621.9 | P54: ='Субвенции '!D57 -> 621.9 | Q54: =P54/O54*100 -> 100 | S54: =Иные!C54 -> 0 | T54: =Иные!D54 -> 0
A55: Большежуравское муниципальное образование Аркадакского муниципального района | B55: =F55+J55+N55+R55 -> 100.9 | C55: =G55+K55+O55+S55 -> 82.9 | D55: =H55+L55+P55+T55 -> 82.9 | E55: =D55/C55*100 -> 100 | J55: =Субсидии!B56 -> 18 | K55: =Субсидии!C56 -> 0 | L55: =Субсидии!D56 -> 0 | N55: ='Субвенции '!B58 -> 82.9 | O55: ='Субвенции '!C58 -> 82.9 | P55: ='Субвенции '!D58 -> 82.9 | Q55: =P55/O55*100 -> 100
A56: Краснознаменское муниципальное образование Аркадакского муниципального района | B56: =F56+J56+N56+R56 -> 82.9 | C56: =G56+K56+O56+S56 -> 1582.9 | D56: =H56+L56+P56+T56 -> 1582.9 | E56: =D56/C56*100 -> 100 | J56: =Субсидии!B57 -> 0 | K56: =Субсидии!C57 -> 1500 | L56: =Субсидии!D57 -> 1500 | N56: ='Субвенции '!B59 -> 82.9 | O56: ='Субвенции '!C59 -> 82.9 | P56: ='Субвенции '!D59 -> 82.9 | Q56: =P56/O56*100 -> 100
A57: Львовское муниципальное образование Аркадакского муниципального района | B57: =F57+J57+N57+R57 -> 133 | C57: =G57+K57+O57+S57 -> 82.9 | D57: =H57+L57+P57+T57 -> 82.9 | E57: =D57/C57*100 -> 100 | J57: =Субсидии!B58 -> 50.1 | K57: =Субсидии!C58 -> 0 | L57: =Субсидии!D58 -> 0 | N57: ='Субвенции '!B60 -> 82.9 | O57: ='Субвенции '!C60 -> 82.9 | P57: ='Субвенции '!D60 -> 82.9 | Q57: =P57/O57*100 -> 100
A58: Малиновское муниципальное образование Аркадакского муниципального района | B58: =F58+J58+N58+R58 -> 99.4 | C58: =G58+K58+O58+S58 -> 82.9 | D58: =H58+L58+P58+T58 -> 82.9 | E58: =D58/C58*100 -> 100 | J58: =Субсидии!B59 -> 16.5 | K58: =Субсидии!C59 -> 0 | L58: =Субсидии!D59 -> 0 | N58: ='Субвенции '!B61 -> 82.9 | O58: ='Субвенции '!C61 -> 82.9 | P58: ='Субвенции '!D61 -> 82.9 | Q58: =P58/O58*100 -> 100
A59: Росташовское муниципальное образование Аркадакского муниципального района | B59: =F59+J59+N59+R59 -> 276.6 | C59: =G59+K59+O59+S59 -> 207.3 | D59: =H59+L59+P59+T59 -> 207.3 | E59: =D59/C59*100 -> 100 | J59: =Субсидии!B60 -> 69.3 | K59: =Субсидии!C60 -> 0 | L59: =Субсидии!D60 -> 0 | N59: ='Субвенции '!B62 -> 207.3 | O59: ='Субвенции '!C62 -> 207.3 | P59: ='Субвенции '!D62 -> 207.3 | Q59: =P59/O59*100 -> 100
A60: Семеновское муниципальное образование Аркадакского муниципального района | B60: =F60+J60+N60+R60 -> 82.9 | C60: =G60+K60+O60+S60 -> 82.9 | D60: =H60+L60+P60+T60 -> 82.9 | E60: =D60/C60*100 -> 100 | N60: ='Субвенции '!B63 -> 82.9 | O60: ='Субвенции '!C63 -> 82.9 | P60: ='Субвенции '!D63 -> 82.9 | Q60: =P60/O60*100 -> 100
A61: Муниципальное образование город Аткарск Аткарского муниципального района | B61: =F61+J61+N61+R61 -> 5820.7 | C61: =G61+K61+O61+S61 -> 34760.5 | D61: =H61+L61+P61+T61 -> 34429.283 | E61: =D61/C61*100 -> 99.047145 | J61: =Субсидии!B61 -> 1770.7 | K61: =Субсидии!C61 -> 24728.5 | L61: =Субсидии!D61 -> 24397.283 | M61: =L61/K61*100 -> 98.660586 | N61: ='Субвенции '!B75 -> 0 | O61: ='Субвенции '!C75 -> 440 | P61: ='Субвенции '!D75 -> 440 | R61: =Иные!B55 -> 4050 | S61: =Иные!C55 -> 9592 | T61: =Иные!D55 -> 9592 | U61: =T61/S61*100 -> 100
A62: Барановское муниципальное образование Аткарского муниципального района | B62: =F62+J62+N62+R62 -> 317.1 | C62: =G62+K62+O62+S62 -> 1287.1 | D62: =H62+L62+P62+T62 -> 1199.7037 | E62: =D62/C62*100 -> 93.209829 | J62: =Субсидии!B62 -> 234.2 | K62: =Субсидии!C62 -> 1204.2 | L62: =Субсидии!D62 -> 1116.8037 | M62: =L62/K62*100 -> 92.742378 | N62: ='Субвенции '!B64 -> 82.9 | O62: ='Субвенции '!C64 -> 82.9 | P62: ='Субвенции '!D64 -> 82.9 | Q62: =P62/O62*100 -> 100
A63: Большеекатериновское муниципальное образование Аткарского муниципального района | B63: =F63+J63+N63+R63 -> 0 | C63: =G63+K63+O63+S63 -> 0 | D63: =H63+L63+P63+T63 -> 0 | J63: =Субсидии!B63 -> 0 | K63: =Субсидии!C63 -> 0 | L63: =Субсидии!D63 -> 0 | N63: ='Субвенции '!B65 -> 0 | O63: ='Субвенции '!C65 -> 0 | P63: ='Субвенции '!D65 -> 0
A64: Даниловское муниципальное образование Аткарского муниципального района | B64: =F64+J64+N64+R64 -> 479.3 | C64: =G64+K64+O64+S64 -> 1688.85 | D64: =H64+L64+P64+T64 -> 1571.8688 | E64: =D64/C64*100 -> 93.073321 | J64: =Субсидии!B64 -> 272 | K64: =Субсидии!C64 -> 1481.55 | L64: =Субсидии!D64 -> 1364.5688 | M64: =L64/K64*100 -> 92.104134 | N64: ='Субвенции '!B66 -> 207.3 | O64: ='Субвенции '!C66 -> 207.3 | P64: ='Субвенции '!D66 -> 207.3 | Q64: =P64/O64*100 -> 100
A65: Ершовское муниципальное образование Аткарского муниципального района | B65: =F65+J65+N65+R65 -> 221.6 | C65: =G65+K65+O65+S65 -> 1848 | D65: =H65+L65+P65+T65 -> 1807.1693 | E65: =D65/C65*100 -> 97.790545 | J65: =Субсидии!B65 -> 138.7 | K65: =Субсидии!C65 -> 1765.1 | L65: =Субсидии!D65 -> 1724.2693 | M65: =L65/K65*100 -> 97.686776 | N65: ='Субвенции '!B67 -> 82.9 | O65: ='Субвенции '!C67 -> 82.9 | P65: ='Субвенции '!D67 -> 82.9 | Q65: =P65/O65*100 -> 100
A66: Кочетовское муниципальное образование Аткарского муниципального района | B66: =F66+J66+N66+R66 -> 321.6 | C66: =G66+K66+O66+S66 -> 321.6 | D66: =H66+L66+P66+T66 -> 292.93806 | E66: =D66/C66*100 -> 91.087705 | J66: =Субсидии!B66 -> 114.3 | K66: =Субсидии!C66 -> 114.3 | L66: =Субсидии!D66 -> 85.63806 | M66: =L66/K66*100 -> 74.923937 | N66: ='Субвенции '!B68 -> 207.3 | O66: ='Субвенции '!C68 -> 207.3 | P66: ='Субвенции '!D68 -> 207.3 | Q66: =P66/O66*100 -> 100
A67: Лопуховское муниципальное образование Аткарского муниципального района | B67: =F67+J67+N67+R67 -> 151.2 | C67: =G67+K67+O67+S67 -> 151.2 | D67: =H67+L67+P67+T67 -> 150.99526 | E67: =D67/C67*100 -> 99.86459 | J67: =Субсидии!B67 -> 68.3 | K67: =Субсидии!C67 -> 68.3 | L67: =Субсидии!D67 -> 68.09526 | M67: =L67/K67*100 -> 99.700234 | N67: ='Субвенции '!B69 -> 82.9 | O67: ='Субвенции '!C69 -> 82.9 | P67: ='Субвенции '!D69 -> 82.9 | Q67: =P67/O67*100 -> 100
A68: Озерное муниципальное образование Аткарского муниципального района | B68: =F68+J68+N68+R68 -> 116.7 | C68: =G68+K68+O68+S68 -> 116.7 | D68: =H68+L68+P68+T68 -> 116.65275 | E68: =D68/C68*100 -> 99.959512 | J68: =Субсидии!B68 -> 33.8 | K68: =Субсидии!C68 -> 33.8 | L68: =Субсидии!D68 -> 33.75275 | M68: =L68/K68*100 -> 99.860207 | N68: ='Субвенции '!B70 -> 82.9 | O68: ='Субвенции '!C70 -> 82.9 | P68: ='Субвенции '!D70 -> 82.9 | Q68: =P68/O68*100 -> 100
A69: Песчанское муниципальное образование Аткарского муниципального района | B69: =F69+J69+N69+R69 -> 0 | C69: =G69+K69+O69+S69 -> 0 | D69: =H69+L69+P69+T69 -> 0 | J69: =Субсидии!B69 -> 0 | K69: =Субсидии!C69 -> 0 | L69: =Субсидии!D69 -> 0 | N69: ='Субвенции '!B71 -> 0 | O69: ='Субвенции '!C71 -> 0 | P69: ='Субвенции '!D71 -> 0
A70: Петровское муниципальное образование Аткарского муниципального района | B70: =F70+J70+N70+R70 -> 0 | C70: =G70+K70+O70+S70 -> 0 | D70: =H70+L70+P70+T70 -> 0 | J70: =Субсидии!B70 -> 0 | K70: =Субсидии!C70 -> 0 | L70: =Субсидии!D70 -> 0 | N70: ='Субвенции '!B72 -> 0 | O70: ='Субвенции '!C72 -> 0 | P70: ='Субвенции '!D72 -> 0
A71: Тургеневское муниципальное образование Аткарского муниципального района | B71: =F71+J71+N71+R71 -> 0 | C71: =G71+K71+O71+S71 -> 0 | D71: =H71+L71+P71+T71 -> 0 | J71: =Субсидии!B71 -> 0 | K71: =Субсидии!C71 -> 0 | L71: =Субсидии!D71 -> 0 | N71: ='Субвенции '!B73 -> 0 | O71: ='Субвенции '!C73 -> 0 | P71: ='Субвенции '!D73 -> 0
A72: Языковское муниципальное образование Аткарского муниципального района | B72: =F72+J72+N72+R72 -> 0 | C72: =G72+K72+O72+S72 -> 0 | D72: =H72+L72+P72+T72 -> 0 | J72: =Субсидии!B72 -> 0 | K72: =Субсидии!C72 -> 0 | L72: =Субсидии!D72 -> 0 | N72: ='Субвенции '!B74 -> 0 | O72: ='Субвенции '!C74 -> 0 | P72: ='Субвенции '!D74 -> 0
A73: Алексеевское муниципальное образование Базарно-Карабулакского муниципального района | B73: =F73+J73+N73+R73 -> 229.5 | C73: =G73+K73+O73+S73 -> 207.3 | D73: =H73+L73+P73+T73 -> 207.3 | E73: =D73/C73*100 -> 100 | J73: =Субсидии!B74 -> 22.2 | K73: =Субсидии!C74 -> 0 | L73: =Субсидии!D74 -> 0 | N73: ='Субвенции '!B76 -> 207.3 | O73: ='Субвенции '!C76 -> 207.3 | P73: ='Субвенции '!D76 -> 207.3 | Q73: =P73/O73*100 -> 100
A74: Базарно-Карабулакское муниципальное образование Базарно-Карабулакского муниципального района | B74: =F74+J74+N74+R74 -> 691.6 | C74: =G74+K74+O74+S74 -> 29327.078 | D74: =H74+L74+P74+T74 -> 29220.13 | E74: =D74/C74*100 -> 99.635328 | J74: =Субсидии!B75 -> 691.6 | K74: =Субсидии!C75 -> 29177.978 | L74: =Субсидии!D75 -> 29087.142 | M74: =L74/K74*100 -> 99.688682 | R74: =Иные!B56 -> 0 | S74: =Иные!C56 -> 149.1 | T74: =Иные!D56 -> 132.98877 | U74: =Иные!E56 -> 89.194346
A75: Большечечуйское муниципальное образование Базарно-Карабулакского муниципального района | B75: =F75+J75+N75+R75 -> 121.7 | C75: =G75+K75+O75+S75 -> 82.9 | D75: =H75+L75+P75+T75 -> 82.9 | E75: =D75/C75*100 -> 100 | J75: =Субсидии!B76 -> 38.8 | K75: =Субсидии!C76 -> 0 | L75: =Субсидии!D76 -> 0 | N75: ='Субвенции '!B77 -> 82.9 | O75: ='Субвенции '!C77 -> 82.9 | P75: ='Субвенции '!D77 -> 82.9 | Q75: =P75/O75*100 -> 100
A76: Вязовское муниципальное образование Базарно-Карабулакского муниципального района | B76: =F76+J76+N76+R76 -> 0 | C76: =G76+K76+O76+S76 -> 0 | D76: =H76+L76+P76+T76 -> 0 | N76: ='Субвенции '!B78 -> 0 | O76: ='Субвенции '!C78 -> 0 | P76: ='Субвенции '!D78 -> 0
A77: Липовское муниципальное образование Базарно-Карабулакского муниципального района | B77: =F77+J77+N77+R77 -> 207.3 | C77: =G77+K77+O77+S77 -> 207.3 | D77: =H77+L77+P77+T77 -> 207.3 | E77: =D77/C77*100 -> 100 | N77: ='Субвенции '!B79 -> 207.3 | O77: ='Субвенции '!C79 -> 207.3 | P77: ='Субвенции '!D79 -> 207.3 | Q77: =P77/O77*100 -> 100
A78: Максимовское муниципальное образование Базарно-Карабулакского муниципального района | B78: =F78+J78+N78+R78 -> 278.9 | C78: =G78+K78+O78+S78 -> 1221.9312 | D78: =H78+L78+P78+T78 -> 1221.9312 | E78: =D78/C78*100 -> 100 | J78: =Субсидии!B77 -> 71.6 | K78: =Субсидии!C77 -> 1014.6312 | L78: =Субсидии!D77 -> 1014.6312 | M78: =L78/K78*100 -> 100 | N78: ='Субвенции '!B80 -> 207.3 | O78: ='Субвенции '!C80 -> 207.3 | P78: ='Субвенции '!D80 -> 207.3 | Q78: =P78/O78*100 -> 100
A79: Свободинское муниципальное образование Базарно-Карабулакского муниципального района | B79: =F79+J79+N79+R79 -> 260.2 | C79: =G79+K79+O79+S79 -> 707.3 | D79: =H79+L79+P79+T79 -> 707.3 | E79: =D79/C79*100 -> 100 | J79: =Субсидии!B78 -> 52.9 | K79: =Субсидии!C78 -> 500 | L79: =Субсидии!D78 -> 500 | N79: ='Субвенции '!B81 -> 207.3 | O79: ='Субвенции '!C81 -> 207.3 | P79: ='Субвенции '!D81 -> 207.3 | Q79: =P79/O79*100 -> 100 | S79: =Иные!C59 -> 0 | T79: =Иные!D59 -> 0 | U79: =Иные!E59 -> 0
A80: Старобурасское муниципальное образование Базарно-Карабулакского муниципального района | B80: =F80+J80+N80+R80 -> 93.8 | C80: =G80+K80+O80+S80 -> 82.9 | D80: =H80+L80+P80+T80 -> 82.9 | E80: =D80/C80*100 -> 100 | J80: =Субсидии!B79 -> 10.9 | K80: =Субсидии!C79 -> 0 | N80: ='Субвенции '!B82 -> 82.9 | O80: ='Субвенции '!C82 -> 82.9 | P80: ='Субвенции '!D82 -> 82.9 | Q80: =P80/O80*100 -> 100
A81: Старожуковское муниципальное образование Базарно-Карабулакского муниципального района | B81: =F81+J81+N81+R81 -> 392.4 | C81: =G81+K81+O81+S81 -> 1123.3 | D81: =H81+L81+P81+T81 -> 1123.3 | E81: =D81/C81*100 -> 100 | J81: =Субсидии!B80 -> 185.1 | K81: =Субсидии!C80 -> 916 | L81: =Субсидии!D80 -> 916 | N81: ='Субвенции '!B83 -> 207.3 | O81: ='Субвенции '!C83 -> 207.3 | P81: ='Субвенции '!D83 -> 207.3 | Q81: =P81/O81*100 -> 100
A82: Тепляковское муниципальное образование Базарно-Карабулакского муниципального района | B82: =F82+J82+N82+R82 -> 0 | C82: =G82+K82+O82+S82 -> 0 | D82: =H82+L82+P82+T82 -> 0 | E82: =D82/C82*100 -> #DIV/0! | N82: ='Субвенции '!B84 -> 0 | O82: ='Субвенции '!C84 -> 0 | P82: ='Субвенции '!D84 -> 0
A83: Хватовское муниципальное образование Базарно-Карабулакского муниципального района | B83: =F83+J83+N83+R83 -> 0 | C83: =G83+K83+O83+S83 -> 0 | D83: =H83+L83+P83+T83 -> 0 | E83: =D83/C83*100 -> #DIV/0! | N83: ='Субвенции '!B85 -> 0 | O83: ='Субвенции '!C85 -> 0 | P83: ='Субвенции '!D85 -> 0
A84: Шняевское муниципальное образование Базарно-Карабулакского муниципального района | B84: =F84+J84+N84+R84 -> 82.9 | C84: =G84+K84+O84+S84 -> 82.9 | D84: =H84+L84+P84+T84 -> 82.9 | E84: =D84/C84*100 -> 100 | N84: ='Субвенции '!B86 -> 82.9 | O84: ='Субвенции '!C86 -> 82.9 | P84: ='Субвенции '!D86 -> 82.9 | Q84: =P84/O84*100 -> 100
A85: Яковлевское муниципальное образование Базарно-Карабулакского муниципального района | B85: =F85+J85+N85+R85 -> 255 | C85: =G85+K85+O85+S85 -> 207.3 | D85: =H85+L85+P85+T85 -> 207.3 | E85: =D85/C85*100 -> 100 | J85: =Субсидии!B81 -> 47.7 | K85: =Субсидии!C81 -> 0 | L85: =Субсидии!D81 -> 0 | N85: ='Субвенции '!B87 -> 207.3 | O85: ='Субвенции '!C87 -> 207.3 | P85: ='Субвенции '!D87 -> 207.3 | Q85: =P85/O85*100 -> 100
A86: муниципальное образование г. Балаково Балаковского муниципального района | B86: =F86+J86+N86+R86 -> 2826.9 | C86: =G86+K86+O86+S86 -> 132158.3 | D86: =H86+L86+P86+T86 -> 130956.94 | E86: =D86/C86*100 -> 99.09097 | J86: =Субсидии!B82 -> 2826.9 | K86: =Субсидии!C82 -> 122698.2 | L86: =Субсидии!D82 -> 121830.22 | M86: =L86/K86*100 -> 99.292593 | R86: =Иные!B57 -> 0 | S86: =Иные!C57 -> 9460.1 | T86: =Иные!D57 -> 9126.718 | U86: =T86/S86*100 -> 96.475915
A87: Быково-Отрогское муниципальное образование Балаковского муниципального района | B87: =F87+J87+N87+R87 -> 414.6 | C87: =G87+K87+O87+S87 -> 1920.4 | D87: =H87+L87+P87+T87 -> 1920.4 | E87: =D87/C87*100 -> 100 | J87: =Субсидии!B84 -> 0 | K87: =Субсидии!C84 -> 1505.8 | L87: =Субсидии!D84 -> 1505.8 | M87: =L87/K87*100 -> 100 | N87: ='Субвенции '!B88 -> 414.6 | O87: ='Субвенции '!C88 -> 414.6 | P87: ='Субвенции '!D88 -> 414.6 | Q87: =P87/O87*100 -> 100
A88: Натальинское муниципальное образование Балаковского муниципального района | B88: =F88+J88+N88+R88 -> 207.3 | C88: =G88+K88+O88+S88 -> 5449.245 | D88: =H88+L88+P88+T88 -> 5436.745 | E88: =D88/C88*100 -> 99.77061 | J88: =Субсидии!B83 -> 0 | K88: =Субсидии!C83 -> 5229.445 | L88: =Субсидии!D83 -> 5229.445 | N88: ='Субвенции '!B89 -> 207.3 | O88: ='Субвенции '!C89 -> 207.3 | P88: ='Субвенции '!D89 -> 207.3 | Q88: =P88/O88*100 -> 100 | R88: =Иные!B58 -> 0 | S88: =Иные!C58 -> 12.5
A89: Муниципальное образование город Балашов Балашовского муниципального района | B89: =F89+J89+N89+R89 -> 92025.8 | C89: =G89+K89+O89+S89 -> 149130.4 | D89: =H89+L89+P89+T89 -> 48544.064 | E89: =D89/C89*100 -> 32.551421 | J89: =Субсидии!B85 -> 0 | K89: =Субсидии!C85 -> 49130.4 | L89: =Субсидии!D85 -> 48544.064 | M89: =L89/K89*100 -> 98.806571 | R89: =Иные!B60 -> 92025.8 | S89: =Иные!C60 -> 100000
A90: Барковское муниципальное образование Балашовского муниципального района | B90: =F90+J90+N90+R90 -> 102.3 | C90: =G90+K90+O90+S90 -> 82.9 | D90: =H90+L90+P90+T90 -> 82.9 | E90: =D90/C90*100 -> 100 | J90: =Субсидии!B86 -> 19.4 | K90: =Субсидии!C86 -> 0 | L90: =Субсидии!D86 -> 0 | N90: ='Субвенции '!B90 -> 82.9 | O90: ='Субвенции '!C90 -> 82.9 | P90: ='Субвенции '!D90 -> 82.9 | Q90: =P90/O90*100 -> 100
A91: Большемеликское муниципальное образование Балашовского муниципального района | B91: =F91+J91+N91+R91 -> 228.8 | C91: =G91+K91+O91+S91 -> 207.3 | D91: =H91+L91+P91+T91 -> 207.3 | E91: =D91/C91*100 -> 100 | J91: =Субсидии!B87 -> 21.5 | K91: =Субсидии!C87 -> 0 | L91: =Субсидии!D87 -> 0 | N91: ='Субвенции '!B91 -> 207.3 | O91: ='Субвенции '!C91 -> 207.3 | P91: ='Субвенции '!D91 -> 207.3 | Q91: =P91/O91*100 -> 100
A92: Лесновское муниципальное образование Балашовского муниципального района | B92: =F92+J92+N92+R92 -> 82.9 | C92: =G92+K92+O92+S92 -> 582.9 | D92: =H92+L92+P92+T92 -> 582.9 | E92: =D92/C92*100 -> 100 | J92: =Субсидии!B88 -> 0 | K92: =Субсидии!C88 -> 500 | L92: =Субсидии!D88 -> 500 | M92: =L92/K92*100 -> 100 | N92: ='Субвенции '!B92 -> 82.9 | O92: ='Субвенции '!C92 -> 82.9 | P92: ='Субвенции '!D92 -> 82.9 | Q92: =P92/O92*100 -> 100
A93: Малосеменовское муниципальное образование Балашовского муниципального района | B93: =F93+J93+N93+R93 -> 82.9 | C93: =G93+K93+O93+S93 -> 82.9 | D93: =H93+L93+P93+T93 -> 82.9 | E93: =D93/C93*100 -> 100 | N93: ='Субвенции '!B93 -> 82.9 | O93: ='Субвенции '!C93 -> 82.9 | P93: ='Субвенции '!D93 -> 82.9 | Q93: =P93/O93*100 -> 100
A94: Новопокровское муниципальное образование Балашовского муниципального района | B94: =F94+J94+N94+R94 -> 171.6 | C94: =G94+K94+O94+S94 -> 82.9 | D94: =H94+L94+P94+T94 -> 82.9 | E94: =D94/C94*100 -> 100 | J94: =Субсидии!B89 -> 88.7 | K94: =Субсидии!C89 -> 0 | L94: =Субсидии!D89 -> 0 | N94: ='Субвенции '!B94 -> 82.9 | O94: ='Субвенции '!C94 -> 82.9 | P94: ='Субвенции '!D94 -> 82.9 | Q94: =P94/O94*100 -> 100
A95: Октябрьское муниципальное образование Балашовского муниципального района | B95: =F95+J95+N95+R95 -> 1807.3 | C95: =G95+K95+O95+S95 -> 207.3 | D95: =H95+L95+P95+T95 -> 207.3 | E95: =D95/C95*100 -> 100 | N95: ='Субвенции '!B95 -> 207.3 | O95: ='Субвенции '!C95 -> 207.3 | P95: ='Субвенции '!D95 -> 207.3 | Q95: =P95/O95*100 -> 100 | R95: =Иные!B65 -> 1600
A96: Пинеровское муниципальное образование Балашовского муниципального района | B96: =F96+J96+N96+R96 -> 4447.3 | C96: =G96+K96+O96+S96 -> 207.3 | D96: =H96+L96+P96+T96 -> 207.3 | E96: =D96/C96*100 -> 100 | N96: ='Субвенции '!B96 -> 207.3 | O96: ='Субвенции '!C96 -> 207.3 | P96: ='Субвенции '!D96 -> 207.3 | Q96: =P96/O96*100 -> 100 | R96: =Иные!B62 -> 4240 | S96: =Иные!C62 -> 0 | T96: =Иные!D62 -> 0 | U96: =Иные!E62 -> 0
A97: Первомайское муниципальное образование Балашовского муниципального района | B97: =F97+J97+N97+R97 -> 225.3 | C97: =G97+K97+O97+S97 -> 207.3 | D97: =H97+L97+P97+T97 -> 207.3 | E97: =D97/C97*100 -> 100 | J97: =Субсидии!B90 -> 18 | K97: =Субсидии!C90 -> 0 | N97: ='Субвенции '!B97 -> 207.3 | O97: ='Субвенции '!C97 -> 207.3 | P97: ='Субвенции '!D97 -> 207.3 | Q97: =P97/O97*100 -> 100
A98: Репинское муниципальное образование Балашовского муниципального района | B98: =F98+J98+N98+R98 -> 5882.3 | C98: =G98+K98+O98+S98 -> 259.9 | D98: =H98+L98+P98+T98 -> 259.9 | E98: =D98/C98*100 -> 100 | J98: =Субсидии!B91 -> 35 | K98: =Субсидии!C91 -> 52.6 | L98: =Субсидии!D91 -> 52.6 | N98: ='Субвенции '!B98 -> 207.3 | O98: ='Субвенции '!C98 -> 207.3 | P98: ='Субвенции '!D98 -> 207.3 | Q98: =P98/O98*100 -> 100 | R98: =Иные!B61 -> 5640
A99: Родничковское муниципальное образование Балашовского муниципального района | B99: =F99+J99+N99+R99 -> 2912 | C99: =G99+K99+O99+S99 -> 207.3 | D99: =H99+L99+P99+T99 -> 207.3 | E99: =D99/C99*100 -> 100 | J99: =Субсидии!B92 -> 54.7 | K99: =Субсидии!C92 -> 0 | L99: =Субсидии!D92 -> 0 | N99: ='Субвенции '!B99 -> 207.3 | O99: ='Субвенции '!C99 -> 207.3 | P99: ='Субвенции '!D99 -> 207.3 | Q99: =P99/O99*100 -> 100 | R99: =Иные!B63 -> 2650
A100: Соцземледельское муниципальное образование Балашовского муниципального района | B100: =F100+J100+N100+R100 -> 242.3 | C100: =G100+K100+O100+S100 -> 207.3 | D100: =H100+L100+P100+T100 -> 207.3 | E100: =D100/C100*100 -> 100 | J100: =Субсидии!B93 -> 35 | K100: =Субсидии!C93 -> 0 | L100: =Субсидии!D93 -> 0 | N100: ='Субвенции '!B100 -> 207.3 | O100: ='Субвенции '!C100 -> 207.3 | P100: ='Субвенции '!D100 -> 207.3 | Q100: =P100/O100*100 -> 100
A101: Старохоперское муниципальное образование Балашовского муниципального района | B101: =F101+J101+N101+R101 -> 88.1 | C101: =G101+K101+O101+S101 -> 82.9 | D101: =H101+L101+P101+T101 -> 82.9 | E101: =D101/C101*100 -> 100 | J101: =Субсидии!B94 -> 5.2 | K101: =Субсидии!C94 -> 0 | L101: =Субсидии!D94 -> 0 | N101: ='Субвенции '!B101 -> 82.9 | O101: ='Субвенции '!C101 -> 82.9 | P101: ='Субвенции '!D101 -> 82.9 | Q101: =P101/O101*100 -> 100
A102: Терновское муниципальное образование Балашовского муниципального района | B102: =F102+J102+N102+R102 -> 2477.2 | C102: =G102+K102+O102+S102 -> 207.3 | D102: =H102+L102+P102+T102 -> 207.3 | E102: =D102/C102*100 -> 100 | J102: =Субсидии!B95 -> 69.9 | K102: =Субсидии!C95 -> 0 | L102: =Субсидии!D95 -> 0 | N102: ='Субвенции '!B102 -> 207.3 | O102: ='Субвенции '!C102 -> 207.3 | P102: ='Субвенции '!D102 -> 207.3 | Q102: =P102/O102*100 -> 100 | R102: =Иные!B64 -> 2200
A103: Тростянское муниципальное образование Балашовского муниципального района | B103: =F103+J103+N103+R103 -> 253.7 | C103: =G103+K103+O103+S103 -> 207.3 | D103: =H103+L103+P103+T103 -> 207.3 | E103: =D103/C103*100 -> 100 | J103: =Субсидии!B96 -> 46.4 | K103: =Субсидии!C96 -> 0 | L103: =Субсидии!D96 -> 0 | N103: ='Субвенции '!B103 -> 207.3 | O103: ='Субвенции '!C103 -> 207.3 | P103: ='Субвенции '!D103 -> 207.3 | Q103: =P103/O103*100 -> 100
A104: Хоперское муниципальное образование Балашовского муниципального района | B104: =F104+J104+N104+R104 -> 207.3 | C104: =G104+K104+O104+S104 -> 1021.578 | D104: =H104+L104+P104+T104 -> 1021.578 | E104: =D104/C104*100 -> 100 | J104: =Субсидии!B97 -> 0 | K104: =Субсидии!C97 -> 814.278 | L104: =Субсидии!D97 -> 814.278 | N104: ='Субвенции '!B104 -> 207.3 | O104: ='Субвенции '!C104 -> 207.3 | P104: ='Субвенции '!D104 -> 207.3 | Q104: =P104/O104*100 -> 100
A105: Балтайское муниципальное образование Балтайского муниципального района | B105: =F105+J105+N105+R105 -> 207.3 | C105: =G105+K105+O105+S105 -> 1234.1 | D105: =H105+L105+P105+T105 -> 1234.0731 | E105: =D105/C105*100 -> 99.997818 | J105: =Субсидии!B98 -> 0 | K105: =Субсидии!C98 -> 1026.8 | L105: =Субсидии!D98 -> 1026.7731 | M105: =L105/K105*100 -> 99.997377 | N105: ='Субвенции '!B105 -> 207.3 | O105: ='Субвенции '!C105 -> 207.3 | P105: ='Субвенции '!D105 -> 207.3 | Q105: =P105/O105*100 -> 100
A106: Барнуковское муниципальное образование Балтайского муниципального района | B106: =F106+J106+N106+R106 -> 245.6 | C106: =G106+K106+O106+S106 -> 454.82 | D106: =H106+L106+P106+T106 -> 454.82 | E106: =D106/C106*100 -> 100 | J106: =Субсидии!B99 -> 162.7 | K106: =Субсидии!C99 -> 371.92 | L106: =Субсидии!D99 -> 371.92 | N106: ='Субвенции '!B106 -> 82.9 | O106: ='Субвенции '!C106 -> 82.9 | P106: ='Субвенции '!D106 -> 82.9 | Q106: =P106/O106*100 -> 100
A107: Большеозерское муниципальное образование Балтайского муниципального района | B107: =F107+J107+N107+R107 -> 229.5 | C107: =G107+K107+O107+S107 -> 1445.5423 | D107: =H107+L107+P107+T107 -> 1445.5423 | E107: =D107/C107*100 -> 100 | J107: =Субсидии!B100 -> 146.6 | K107: =Субсидии!C100 -> 1362.6423 | L107: =Субсидии!D100 -> 1362.6423 | M107: =L107/K107*100 -> 100 | N107: ='Субвенции '!B107 -> 82.9 | O107: ='Субвенции '!C107 -> 82.9 | P107: ='Субвенции '!D107 -> 82.9 | Q107: =P107/O107*100 -> 100
A108: Царевщинское муниципальное образование Балтайского муниципального района | B108: =F108+J108+N108+R108 -> 2859.5 | C108: =G108+K108+O108+S108 -> 207.3 | D108: =H108+L108+P108+T108 -> 207.3 | E108: =D108/C108*100 -> 100 | J108: =Субсидии!B101 -> 152.2 | K108: =Субсидии!C101 -> 0 | L108: =Субсидии!D101 -> 0 | N108: ='Субвенции '!B108 -> 207.3 | O108: ='Субвенции '!C108 -> 207.3 | P108: ='Субвенции '!D108 -> 207.3 | Q108: =P108/O108*100 -> 100 | R108: =Иные!B67 -> 2500
A109: муниципальное образование г. Вольск Вольского муниципального района | B109: =F109+J109+N109+R109 -> 7917.5 | C109: =G109+K109+O109+S109 -> 164859.5 | D109: =H109+L109+P109+T109 -> 64629.586 | E109: =D109/C109*100 -> 39.202828 | J109: =Субсидии!B102 -> 7917.5 | K109: =Субсидии!C102 -> 67659.5 | L109: =Субсидии!D102 -> 64629.586 | M109: =L109/K109*100 -> 95.52182 | S109: =Иные!C68 -> 97200
A110: Барановское муниципальное образование Вольского муниципального района | B110: =F110+J110+N110+R110 -> 161.4 | C110: =G110+K110+O110+S110 -> 797.032 | D110: =H110+L110+P110+T110 -> 796.96536 | E110: =D110/C110*100 -> 99.991639 | J110: =Субсидии!B103 -> 78.5 | K110: =Субсидии!C103 -> 714.132 | L110: =Субсидии!D103 -> 714.0662 | M110: =L110/K110*100 -> 99.990786 | N110: ='Субвенции '!B109 -> 82.9 | O110: ='Субвенции '!C109 -> 82.9 | P110: ='Субвенции '!D109 -> 82.89916 | Q110: =P110/O110*100 -> 99.998987
A111: Белогорновское муниципальное образование Вольского муниципального района | B111: =F111+J111+N111+R111 -> 300.4 | C111: =G111+K111+O111+S111 -> 300.4 | D111: =H111+L111+P111+T111 -> 220.52225 | E111: =D111/C111*100 -> 73.409537 | J111: =Субсидии!B104 -> 217.5 | K111: =Субсидии!C104 -> 217.5 | L111: =Субсидии!D104 -> 137.6659 | M111: =L111/K111*100 -> 63.294667 | N111: ='Субвенции '!B110 -> 82.9 | O111: ='Субвенции '!C110 -> 82.9 | P111: ='Субвенции '!D110 -> 82.85635 | Q111: =P111/O111*100 -> 99.947346
A112: Верхнечернавское муниципальное образование Вольского муниципального района | B112: =F112+J112+N112+R112 -> 167.1 | C112: =G112+K112+O112+S112 -> 167.1 | D112: =H112+L112+P112+T112 -> 167.1 | E112: =D112/C112*100 -> 100 | J112: =Субсидии!B105 -> 84.2 | K112: =Субсидии!C105 -> 84.2 | L112: =Субсидии!D105 -> 84.2 | M112: =L112/K112*100 -> 100 | N112: ='Субвенции '!B111 -> 82.9 | O112: ='Субвенции '!C111 -> 82.9 | P112: ='Субвенции '!D111 -> 82.9 | Q112: =P112/O112*100 -> 100
A113: Колоярское муниципальное образование Вольского муниципального района | B113: =F113+J113+N113+R113 -> 179.3 | C113: =G113+K113+O113+S113 -> 179.3 | D113: =H113+L113+P113+T113 -> 97.77093 | E113: =D113/C113*100 -> 54.529241 | J113: =Субсидии!B107 -> 96.4 | K113: =Субсидии!C107 -> 96.4 | L113: =Субсидии!D107 -> 14.91605 | M113: =L113/K113*100 -> 15.473081 | N113: ='Субвенции '!B112 -> 82.9 | O113: ='Субвенции '!C112 -> 82.9 | P113: ='Субвенции '!D112 -> 82.85488 | Q113: =P113/O113*100 -> 99.945573
A114: Кряжимское муниципальное образование Вольского муниципального района | B114: =F114+J114+N114+R114 -> 234.3 | C114: =G114+K114+O114+S114 -> 234.3 | D114: =H114+L114+P114+T114 -> 120.96134 | E114: =D114/C114*100 -> 51.626692 | J114: =Субсидии!B106 -> 151.4 | K114: =Субсидии!C106 -> 151.4 | L114: =Субсидии!D106 -> 38.06134 | M114: =L114/K114*100 -> 25.13959 | N114: ='Субвенции '!B113 -> 82.9 | O114: ='Субвенции '!C113 -> 82.9 | P114: ='Субвенции '!D113 -> 82.9 | Q114: =P114/O114*100 -> 100
...

Sheet Дотации
A1: Сведения о предоставлении из бюджета Саратовской области межбюджетных трансфертов местным бюджетам за 2019 год
X3: тыс.рублей
A4: Наименование муниципальных образований | B4: Дотации, всего
F5: бюджетам городских округов области, связанные с особым режимом безопасного функционирования закрытых административно-территориальных образований | J5: в целях обеспечения сбалансированности бюджетов городских округов Шиханы и Михайловский | N5: на выравнивание бюджетной обеспеченности поселений области | R5: на выравнивание бюджетной обеспеченности муниципальных районов (городских округов) области | V5: на поддержку мер по обеспечению сбалансированности бюджетов
B6: первоначаль-ный бюджет* | C6: утвержденные бюджетные назначения 2* | D6: исполнено | E6: % исполнения | F6: первоначаль-ный бюджет* | G6: утвержденные бюджетные назначения 2* | H6: исполнено | I6: % исполнения | J6: первоначаль-ный бюджет* | K6: утвержденные бюджетные назначения 2* | L6: исполнено | M6: % исполнения | N6: первоначаль-ный бюджет* | O6: утвержденные бюджетные назначения 2* | P6: исполнено | Q6: % исполнения | R6: первоначаль-ный бюджет* | S6: утвержденные бюджетные назначения 2* | T6: исполнено | U6: % исполнения | V6: первоначаль-ный бюджет* | W6: утвержденные бюджетные назначения 2* | X6: исполнено | Y6: % исполнения
A7: Муниципальные районы области: | B7: =SUM(B8:B45) -> 3386184.5 | C7: =SUM(C8:C45) -> 4294002.7 | D7: =SUM(D8:D45) -> 4286287.5 | E7: =D7/C7*100 -> 99.820326 | R7: =SUM(R8:R45) -> 3159599.1 | S7: =SUM(S8:S45) -> 3147139.6 | T7: =SUM(T8:T45) -> 3147139.6 | U7: =T7/S7*100 -> 100 | V7: =SUM(V8:V45) -> 226585.4 | W7: =SUM(W8:W45) -> 1146863.1 | X7: =SUM(X8:X45) -> 1139147.9 | Y7: =X7/W7*100 -> 99.327278
A8: Александрово-Гайский | B8: =F8++J8+N8+R8+V8 -> 74007.1 | C8: =G8++K8+O8+S8+W8 -> 91695.8 | D8: =H8+P8+T8+X8 -> 91695.8 | E8: =D8/C8*100 -> 100 | R8: 58579.3 | S8: 58579.3 | T8: 58579.3 | U8: =T8/S8*100 -> 100 | V8: 15427.8 | W8: 33116.5 | X8: 33116.5 | Y8: =X8/W8*100 -> 100
A9: Аркадакский | B9: =F9++J9+N9+R9+V9 -> 83945.8 | C9: =G9++K9+O9+S9+W9 -> 83945.8 | D9: =H9+P9+T9+X9 -> 83945.8 | E9: =D9/C9*100 -> 100 | R9: 83945.8 | S9: 83945.8 | T9: 83945.8 | U9: =T9/S9*100 -> 100
A10: Аткарский | B10: =F10++J10+N10+R10+V10 -> 120799.1 | C10: =G10++K10+O10+S10+W10 -> 120799.1 | D10: =H10+P10+T10+X10 -> 120799.1 | E10: =D10/C10*100 -> 100 | R10: 120799.1 | S10: 120799.1 | T10: 120799.1 | U10: =T10/S10*100 -> 100
A11: Базарно-Карабулакский | B11: =F11++J11+N11+R11+V11 -> 113822 | C11: =G11++K11+O11+S11+W11 -> 218045 | D11: =H11+P11+T11+X11 -> 218045 | E11: =D11/C11*100 -> 100 | R11: 96405.2 | S11: 96405.2 | T11: 96405.2 | U11: =T11/S11*100 -> 100 | V11: 17416.8 | W11: 121639.8 | X11: 121639.8 | Y11: =X11/W11*100 -> 100
A12: Балаковский | B12: =F12++J12+N12+R12+V12 -> 0 | C12: =G12++K12+O12+S12+W12 -> 14960.8 | D12: =H12+P12+T12+X12 -> 14960.8 | E12: =D12/C12*100 -> 100 | W12: 14960.8 | X12: 14960.8 | Y12: =X12/W12*100 -> 100
A13: Балашовский | B13: =F13++J13+N13+R13+V13 -> 170300.6 | C13: =G13++K13+O13+S13+W13 -> 262009.5 | D13: =H13+P13+T13+X13 -> 262009.5 | E13: =D13/C13*100 -> 100 | R13: 170300.6 | S13: 170300.6 | T13: 170300.6 | U13: =T13/S13*100 -> 100 | W13: 91708.9 | X13: 91708.9 | Y13: =X13/W13*100 -> 100
A14: Балтайский | B14: =F14++J14+N14+R14+V14 -> 49008.3 | C14: =G14++K14+O14+S14+W14 -> 63836.2 | D14: =H14+P14+T14+X14 -> 63836.2 | E14: =D14/C14*100 -> 100 | R14: 42061.7 | S14: 42061.7 | T14: 42061.7 | U14: =T14/S14*100 -> 100 | V14: 6946.6 | W14: 21774.5 | X14: 21774.5 | Y14: =X14/W14*100 -> 100
A15: Вольский | B15: =F15++J15+N15+R15+V15 -> 91813.9 | C15: =G15++K15+O15+S15+W15 -> 203921.3 | D15: =H15+P15+T15+X15 -> 203921.3 | E15: =D15/C15*100 -> 100 | R15: 91813.9 | S15: 91813.9 | T15: 91813.9 | U15: =T15/S15*100 -> 100 | W15: 112107.4 | X15: 112107.4 | Y15: =X15/W15*100 -> 100
A16: Воскресенский | B16: =F16++J16+N16+R16+V16 -> 39777.6 | C16: =G16++K16+O16+S16+W16 -> 56679.9 | D16: =H16+P16+T16+X16 -> 56679.9 | E16: =D16/C16*100 -> 100 | R16: 39777.6 | S16: 39379.8 | T16: 39379.8 | U16: =T16/S16*100 -> 100 | W16: 17300.1 | X16: 17300.1 | Y16: =X16/W16*100 -> 100
A17: Дергачевский | B17: =F17++J17+N17+R17+V17 -> 93614.4 | C17: =G17++K17+O17+S17+W17 -> 99860.8 | D17: =H17+P17+T17+X17 -> 99860.8 | E17: =D17/C17*100 -> 100 | R17: 93614.4 | S17: 92678.3 | T17: 92678.3 | U17: =T17/S17*100 -> 100 | W17: 7182.5 | X17: 7182.5 | Y17: =X17/W17*100 -> 100
A18: Духовницкий | B18: =F18++J18+N18+R18+V18 -> 31397.5 | C18: =G18++K18+O18+S18+W18 -> 44695.9 | D18: =H18+P18+T18+X18 -> 44695.9 | E18: =D18/C18*100 -> 100 | R18: 31397.5 | S18: 31083.5 | T18: 31083.5 | U18: =T18/S18*100 -> 100 | W18: 13612.4 | X18: 13612.4 | Y18: =X18/W18*100 -> 100
A19: Екатериновский | B19: =F19++J19+N19+R19+V19 -> 43582.2 | C19: =G19++K19+O19+S19+W19 -> 77246.3 | D19: =H19+P19+T19+X19 -> 77246.3 | E19: =D19/C19*100 -> 100 | R19: 33685.8 | S19: 33685.8 | T19: 33685.8 | U19: =T19/S19*100 -> 100 | V19: 9896.4 | W19: 43560.5 | X19: 43560.5 | Y19: =X19/W19*100 -> 100
A20: Ершовский | B20: =F20++J20+N20+R20+V20 -> 124147.2 | C20: =G20++K20+O20+S20+W20 -> 125096.3 | D20: =H20+P20+T20+X20 -> 125096.3 | E20: =D20/C20*100 -> 100 | R20: 110817.1 | S20: 110817.1 | T20: 110817.1 | U20: =T20/S20*100 -> 100 | V20: 13330.1 | W20: 14279.2 | X20: 14279.2 | Y20: =X20/W20*100 -> 100
A21: Ивантеевский | B21: =F21++J21+N21+R21+V21 -> 65481.4 | C21: =G21++K21+O21+S21+W21 -> 67063.3 | D21: =H21+P21+T21+X21 -> 67063.3 | E21: =D21/C21*100 -> 100 | R21: 11496.1 | S21: 11496.1 | T21: 11496.1 | U21: =T21/S21*100 -> 100 | V21: 53985.3 | W21: 55567.2 | X21: 55567.2 | Y21: =X21/W21*100 -> 100
A22: Калининский | B22: =F22++J22+N22+R22+V22 -> 77843 | C22: =G22++K22+O22+S22+W22 -> 99132.7 | D22: =H22+P22+T22+X22 -> 99132.7 | E22: =D22/C22*100 -> 100 | R22: 73155.5 | S22: 72377 | T22: 72377 | U22: =T22/S22*100 -> 100 | V22: 4687.5 | W22: 26755.7 | X22: 26755.7 | Y22: =X22/W22*100 -> 100
A23: Красноармейский | B23: =F23++J23+N23+R23+V23 -> 153452.6 | C23: =G23++K23+O23+S23+W23 -> 175066.8 | D23: =H23+P23+T23+X23 -> 175066.8 | E23: =D23/C23*100 -> 100 | R23: 153452.6 | S23: 153452.6 | T23: 153452.6 | U23: =T23/S23*100 -> 100 | W23: 21614.2 | X23: 21614.2 | Y23: =X23/W23*100 -> 100
A24: Краснокутский | B24: =F24++J24+N24+R24+V24 -> 96993.2 | C24: =G24++K24+O24+S24+W24 -> 102940.2 | D24: =H24+P24+T24+X24 -> 102940.2 | E24: =D24/C24*100 -> 100 | R24: 96993.2 | S24: 96023.3 | T24: 96023.3 | U24: =T24/S24*100 -> 100 | W24: 6916.9 | X24: 6916.9 | Y24: =X24/W24*100 -> 100
A25: Краснопартизанский | B25: =F25++J25+N25+R25+V25 -> 54276 | C25: =G25++K25+O25+S25+W25 -> 69768.4 | D25: =H25+P25+T25+X25 -> 69768.4 | E25: =D25/C25*100 -> 100 | R25: 54276 | S25: 54276 | T25: 54276 | U25: =T25/S25*100 -> 100 | W25: 15492.4 | X25: 15492.4 | Y25: =X25/W25*100 -> 100
A26: Лысогорский | B26: =F26++J26+N26+R26+V26 -> 74968.8 | C26: =G26++K26+O26+S26+W26 -> 85890.9 | D26: =H26+P26+T26+X26 -> 85890.9 | E26: =D26/C26*100 -> 100 | R26: 73364.6 | S26: 71865.4 | T26: 71865.4 | U26: =T26/S26*100 -> 100 | V26: 1604.2 | W26: 14025.5 | X26: 14025.5 | Y26: =X26/W26*100 -> 100
A27: Марксовский | B27: =F27++J27+N27+R27+V27 -> 204437.4 | C27: =G27++K27+O27+S27+W27 -> 243066 | D27: =H27+P27+T27+X27 -> 243066 | E27: =D27/C27*100 -> 100 | R27: 204437.4 | S27: 204437.4 | T27: 204437.4 | U27: =T27/S27*100 -> 100 | W27: 38628.6 | X27: 38628.6 | Y27: =X27/W27*100 -> 100
A28: Новобурасский | B28: =F28++J28+N28+R28+V28 -> 97899 | C28: =G28++K28+O28+S28+W28 -> 108768.1 | D28: =H28+P28+T28+X28 -> 108768.1 | E28: =D28/C28*100 -> 100 | R28: 71990.6 | S28: 71990.6 | T28: 71990.6 | U28: =T28/S28*100 -> 100 | V28: 25908.4 | W28: 36777.5 | X28: 36777.5 | Y28: =X28/W28*100 -> 100
A29: Новоузенский | B29: =F29++J29+N29+R29+V29 -> 160886 | C29: =G29++K29+O29+S29+W29 -> 208545.1 | D29: =H29+P29+T29+X29 -> 208545.1 | E29: =D29/C29*100 -> 100 | R29: 160886 | S29: 159277.1 | T29: 159277.1 | U29: =T29/S29*100 -> 100 | W29: 49268 | X29: 49268 | Y29: =X29/W29*100 -> 100
A30: Озинский | B30: =F30++J30+N30+R30+V30 -> 96161.9 | C30: =G30++K30+O30+S30+W30 -> 110202.1 | D30: =H30+P30+T30+X30 -> 110202.1 | E30: =D30/C30*100 -> 100 | R30: 96161.9 | S30: 95200.3 | T30: 95200.3 | U30: =T30/S30*100 -> 100 | W30: 15001.8 | X30: 15001.8 | Y30: =X30/W30*100 -> 100
A31: Перелюбский | B31: =F31++J31+N31+R31+V31 -> 42269.3 | C31: =G31++K31+O31+S31+W31 -> 58508.5 | D31: =H31+P31+T31+X31 -> 58508.5 | E31: =D31/C31*100 -> 100 | R31: 40048.3 | S31: 39625.6 | T31: 39625.6 | U31: =T31/S31*100 -> 100 | V31: 2221 | W31: 18882.9 | X31: 18882.9 | Y31: =X31/W31*100 -> 100
A32: Петровский | B32: =F32++J32+N32+R32+V32 -> 167118.3 | C32: =G32++K32+O32+S32+W32 -> 167316.6 | D32: =H32+P32+T32+X32 -> 167316.6 | E32: =D32/C32*100 -> 100 | R32: 150436.9 | S32: 150436.9 | T32: 150436.9 | U32: =T32/S32*100 -> 100 | V32: 16681.4 | W32: 16879.7 | X32: 16879.7 | Y32: =X32/W32*100 -> 100
A33: Питерский | B33: =F33++J33+N33+R33+V33 -> 71067.6 | C33: =G33++K33+O33+S33+W33 -> 73797.3 | D33: =H33+P33+T33+X33 -> 73797.3 | E33: =D33/C33*100 -> 100 | R33: 65849.4 | S33: 64428 | T33: 64428 | U33: =T33/S33*100 -> 100 | V33: 5218.2 | W33: 9369.3 | X33: 9369.3 | Y33: =X33/W33*100 -> 100
A34: Пугачевский | B34: =F34++J34+N34+R34+V34 -> 164638 | C34: =G34++K34+O34+S34+W34 -> 202281.6 | D34: =H34+P34+T34+X34 -> 202281.6 | E34: =D34/C34*100 -> 100 | R34: 164638 | S34: 164638 | T34: 164638 | U34: =T34/S34*100 -> 100 | W34: 37643.6 | X34: 37643.6 | Y34: =X34/W34*100 -> 100
A35: Ровенский | B35: =F35++J35+N35+R35+V35 -> 87115.5 | C35: =G35++K35+O35+S35+W35 -> 87115.5 | D35: =H35+P35+T35+X35 -> 87115.5 | E35: =D35/C35*100 -> 100 | R35: 87115.5 | S35: 87115.5 | T35: 87115.5 | U35: =T35/S35*100 -> 100
A36: Романовский | B36: =F36++J36+N36+R36+V36 -> 55914 | C36: =G36++K36+O36+S36+W36 -> 57082.1 | D36: =H36+P36+T36+X36 -> 57082.1 | E36: =D36/C36*100 -> 100 | R36: 53966.7 | S36: 53407.5 | T36: 53407.5 | U36: =T36/S36*100 -> 100 | V36: 1947.3 | W36: 3674.6 | X36: 3674.6 | Y36: =X36/W36*100 -> 100
A37: Ртищевский | B37: =F37++J37+N37+R37+V37 -> 138865.3 | C37: =G37++K37+O37+S37+W37 -> 139242.3 | D37: =H37+P37+T37+X37 -> 139242.3 | E37: =D37/C37*100 -> 100 | R37: 105262.6 | S37: 105262.6 | T37: 105262.6 | U37: =T37/S37*100 -> 100 | V37: 33602.7 | W37: 33979.7 | X37: 33979.7 | Y37: =X37/W37*100 -> 100
A38: Самойловский | B38: =F38++J38+N38+R38+V38 -> 55338.9 | C38: =G38++K38+O38+S38+W38 -> 54914.6 | D38: =H38+P38+T38+X38 -> 54914.6 | E38: =D38/C38*100 -> 100 | R38: 43838.8 | S38: 43285.4 | T38: 43285.4 | U38: =T38/S38*100 -> 100 | V38: 11500.1 | W38: 11629.2 | X38: 11629.2 | Y38: =X38/W38*100 -> 100
A39: Саратовский | B39: =F39++J39+N39+R39+V39 -> 0 | C39: =G39++K39+O39+S39+W39 -> 7715.2 | D39: =H39+P39+T39+X39 -> 0 | W39: 7715.2 | X39: 0 | Y39: =X39/W39*100 -> 0
A40: Советский | B40: =F40++J40+N40+R40+V40 -> 52361 | C40: =G40++K40+O40+S40+W40 -> 54045.9 | D40: =H40+P40+T40+X40 -> 54045.9 | E40: =D40/C40*100 -> 100 | R40: 52361 | S40: 52361 | T40: 52361 | U40: =T40/S40*100 -> 100 | W40: 1684.9 | X40: 1684.9 | Y40: =X40/W40*100 -> 100
A41: Татищевский | B41: =F41++J41+N41+R41+V41 -> 10141.2 | C41: =G41++K41+O41+S41+W41 -> 41470.9 | D41: =H41+P41+T41+X41 -> 41470.9 | E41: =D41/C41*100 -> 100 | R41: 10141.2 | S41: 10141.2 | T41: 10141.2 | U41: =T41/S41*100 -> 100 | W41: 31329.7 | X41: 31329.7 | Y41: =X41/W41*100 -> 100
A42: Турковский | B42: =F42++J42+N42+R42+V42 -> 61264.2 | C42: =G42++K42+O42+S42+W42 -> 61090.6 | D42: =H42+P42+T42+X42 -> 61090.6 | E42: =D42/C42*100 -> 100 | R42: 55052.6 | S42: 53833.5 | T42: 53833.5 | U42: =T42/S42*100 -> 100 | V42: 6211.6 | W42: 7257.1 | X42: 7257.1 | Y42: =X42/W42*100 -> 100
A43: Федоровский | B43: =F43++J43+N43+R43+V43 -> 76156.5 | C43: =G43++K43+O43+S43+W43 -> 79593.1 | D43: =H43+P43+T43+X43 -> 79593.1 | E43: =D43/C43*100 -> 100 | R43: 76156.5 | S43: 76156.5 | T43: 76156.5 | U43: =T43/S43*100 -> 100 | W43: 3436.6 | X43: 3436.6 | Y43: =X43/W43*100 -> 100
A44: Хвалынский | B44: =F44++J44+N44+R44+V44 -> 81768.4 | C44: =G44++K44+O44+S44+W44 -> 87803.5 | D44: =H44+P44+T44+X44 -> 87803.5 | E44: =D44/C44*100 -> 100 | R44: 81768.4 | S44: 80950.7 | T44: 80950.7 | U44: =T44/S44*100 -> 100 | W44: 6852.8 | X44: 6852.8 | Y44: =X44/W44*100 -> 100
A45: Энгельсский | B45: =F45++J45+N45+R45+V45 -> 203551.3 | C45: =G45++K45+O45+S45+W45 -> 388788.7 | D45: =H45+P45+T45+X45 -> 388788.7 | E45: =D45/C45*100 -> 100 | R45: 203551.3 | S45: 203551.3 | T45: 203551.3 | U45: =T45/S45*100 -> 100 | W45: 185237.4 | X45: 185237.4 | Y45: =X45/W45*100 -> 100
A46: Городские округа области: | B46: =SUM(B47:B50) -> 288106.5 | C46: =SUM(C47:C50) -> 290291.8 | D46: =SUM(D47:D50) -> 290106.5 | E46: =D46/C46*100 -> 99.936168 | F46: =SUM(F47:F50) -> 41021 | G46: =SUM(G47:G50) -> 41021 | H46: =SUM(H47:H50) -> 41021 | I46: =H46/G46*100 -> 100 | J46: =SUM(J47:J50) -> 57696 | K46: =SUM(K47:K50) -> 57696 | L46: =SUM(L47:L50) -> 57696 | M46: =L46/K46*100 -> 100 | N46: =SUM(N47:N50) -> 40443.5 | O46: =SUM(O47:O50) -> 40443.5 | P46: =SUM(P47:P50) -> 40443.5 | Q46: =P46/O46*100 -> 100 | R46: =SUM(R47:R50) -> 130909.3 | S46: =SUM(S47:S50) -> 130909.3 | T46: =SUM(T47:T50) -> 130909.3 | U46: =T46/S46*100 -> 100 | V46: =SUM(V47:V50) -> 18036.7 | W46: =SUM(W47:W50) -> 20222 | X46: =SUM(X47:X50) -> 20036.7 | Y46: =X46/W46*100 -> 99.083671
A47: г. Саратов | B47: =F47+J47+N47+R47+V47 -> 39454.9 | C47: =G47+K47+O47+S47+W47 -> 39640.2 | D47: =H47+L47+P47+T47+X47 -> 39454.9 | E47: =D47/C47*100 -> 99.532545 | N47: 39454.9 | O47: 39454.9 | P47: 39454.9 | Q47: =P47/O47*100 -> 100 | S47: 0 | T47: 0 | W47: 185.3 | X47: 0
A48: п. Михайловский | B48: =F48+J48+N48+R48+V48 -> 48941.2 | C48: =G48+K48+O48+S48+W48 -> 49941.2 | D48: =H48+L48+P48+T48+X48 -> 49941.2 | E48: =D48/C48*100 -> 100 | J48: 24489 | K48: 24489 | L48: 24489 | M48: =L48/K48*100 -> 100 | N48: 123.3 | O48: 123.3 | P48: 123.3 | Q48: =P48/O48*100 -> 100 | R48: 21361.5 | S48: 21361.5 | T48: 21361.5 | U48: =T48/S48*100 -> 100 | V48: 2967.4 | W48: 3967.4 | X48: 3967.4 | Y48: =X48/W48*100 -> 100
A49: ЗАТО Светлый | B49: =F49+J49+N49+R49+V49 -> 123309.1 | C49: =G49+K49+O49+S49+W49 -> 123309.1 | D49: =H49+L49+P49+T49+X49 -> 123309.1 | E49: =D49/C49*100 -> 100 | F49: 41021 | G49: 41021 | H49: 41021 | I49: =H49/G49*100 -> 100 | N49: 598.5 | O49: 598.5 | P49: 598.5 | Q49: =P49/O49*100 -> 100 | R49: 81689.6 | S49: 81689.6 | T49: 81689.6 | U49: =T49/S49*100 -> 100 | W49: 0 | X49: 0
A50: г. Шиханы | B50: =F50+J50+N50+R50+V50 -> 76401.3 | C50: =G50+K50+O50+S50+W50 -> 77401.3 | D50: =H50+L50+P50+T50+X50 -> 77401.3 | E50: =D50/C50*100 -> 100 | J50: 33207 | K50: 33207 | L50: 33207 | M50: =L50/K50*100 -> 100 | N50: 266.8 | O50: 266.8 | P50: 266.8 | Q50: =P50/O50*100 -> 100 | R50: 27858.2 | S50: 27858.2 | T50: 27858.2 | U50: =T50/S50*100 -> 100 | V50: 15069.3 | W50: 16069.3 | X50: 16069.3 | Y50: =X50/W50*100 -> 100
A51: Остаток средств к распределению 3*
A52: ИТОГО | B52: =F52+J52+N52+R52+V52 -> 3674291 | C52: =G52+K52+O52+S52+W52 -> 4584294.5 | D52: =H52+L52+P52+T52+X52 -> 4576394 | E52: =D52/C52*100 -> 99.827662 | F52: =F48+F49+F50 -> 41021 | G52: =G48+G49+G50 -> 41021 | H52: =H48+H49+H50 -> 41021 | I52: =H52/G52*100 -> 100 | J52: =J46 -> 57696 | K52: =K46 -> 57696 | L52: =L46 -> 57696 | M52: =L52/K52*100 -> 100 | N52: =N46 -> 40443.5 | O52: =O46 -> 40443.5 | P52: =P46 -> 40443.5 | Q52: =P52/O52*100 -> 100 | R52: =R46+R7 -> 3290508.4 | S52: =S46+S7 -> 3278048.9 | T52: =T46+T7 -> 3278048.9 | U52: =T52/S52*100 -> 100 | V52: =V46+V7 -> 244622.1 | W52: =W46+W7 -> 1167085.1 | X52: =X46+X7 -> 1159184.6 | Y52: =X52/W52*100 -> 99.323057
A54: * в соответствии с Законом Саратовской области «Об областном бюджете на 2019 год и на плановый период 2020 и 2021 годов» в редакции от 27.12.2018 года
A55: 2* в соответствии с Законом Саратовской области «Об областном бюджете на 2019 год и на плановый период 2020 и 2021 годов» в редакции от 11.12.2019 года
A56: 3* заполняется, если в законе о бюджете утверждена общая сумма межбюджетного трансферта, но отсутствует распределение по муниципальным образованиям
C108: Иные межбюджетные трансферты бюджетам муниципальных районов и городских округов области в целях выполнения работ по разработке проектной документации, проведению строительства, реставрации и капитального ремонта объектов социальной инфраструктуры и городского хозяйства Саратовской области 15*

Sheet Субсидии
AV1: Продолжение таблицы | BT1: Продолжение таблицы | CR1: Продолжение таблицы | DP1: Продолжение таблицы | EN1: Продолжение таблицы | FL1: Продолжение таблицы | GJ1: Продолжение таблицы | HG1: Продолжение таблицы | HX1: Продолжение таблицы
C2: Сведения о предоставлении из бюджета Саратовской области межбюджетных трансфертов местным бюджетам за 2019 год | AA2: Сведения о предоставлении из бюджета Саратовской области межбюджетных трансфертов местным бюджетам за 2019 год | AZ2: Сведения о предоставлении из бюджета Саратовской области межбюджетных трансфертов местным бюджетам за 2019 год | BW2: Сведения о предоставлении из бюджета Саратовской области межбюджетных трансфертов местным бюджетам за 2019 год | CU2: Сведения о предоставлении из бюджета Саратовской области межбюджетных трансфертов местным бюджетам за 2019 год | DS2: Сведения о предоставлении из бюджета Саратовской области межбюджетных трансфертов местным бюджетам за 2019 год | EQ2: Сведения о предоставлении из бюджета Саратовской области межбюджетных трансфертов местным бюджетам за 2019 год | FO2: Сведения о предоставлении из бюджета Саратовской области межбюджетных трансфертов местным бюджетам за 2019 год | GM2: Сведения о предоставлении из бюджета Саратовской области межбюджетных трансфертов местным бюджетам за 2019 год | HK2: Сведения о предоставлении из бюджета Саратовской области межбюджетных трансфертов местным бюджетам за 2019 год
X4: тыс.рублей | AV4: тыс.рублей | BT4: тыс.рублей | CR4: тыс.рублей | DP4: тыс.рублей | EN4: тыс.рублей | FL4: тыс.рублей | GJ4: тыс.рублей | HH4: тыс.рублей | HX4: тыс.рублей
A5: Наименование муниципальных образований | B5: Субсидии, всего | F5: в том числе | Z5: в том числе | AX5: в том числе | BV5: в том числе | CT5: в том числе | DR5: в том числе | EP5: в том числе | FN5: в том числе | GL5: в том числе | HJ5: в том числе
F6: на создание в дошкольных образовательных организациях дополнительного образования детей (в том числе в организациях, осуществляющих образовательную деятельность по адаптированным основным общеобразовательным программам) условий для получения детьми-инвалидами качественного образования | J6: на создание в организациях дополнительного образования детей, организациях дополнительного образования детей (в том числе в организациях, осуществляющих образовательную деятельность по адаптированным основным общеобразовательным программам) условий для получения детьми-инвалидами качественного образования | N6: на создание в общеобразовательных организациях, расположенных в сельской местности, условий для занятий физической культурой и спортом | R6: на создание новых мест в общеобразовательных организациях | V6: на обеспечение жильем молодых семей | Z6: на поддержку творческой деятельности и укрепление материально-технической базы муниципальных театров в населенных пунктах с численностью населения до 300 тысяч человек | AD6: на поддержку отрасли культуры на комплектование книжных фондов муниципальных общедоступных библиотек | AH6: на поддержку отрасли культуры на подключение муниципальных общедоступных библиотек к информационно-телекоммуникационной сети «Интернет» и развитие библиотечного дела с учетом задачи расширения информационных технологий и оцифровки | AL6: на обеспечение развития и укрепления материально-технической базы домов культуры в населенных пунктах с числом жителей до 50 тысяч человек | AP6: на поддержку отрасли культуры на государственную поддержку лучших сельских учреждений культуры | AT6: на поддержку отрасли культуры на государственную поддержку лучших работников сельских учреждений культуры | AX6: на строительство и реконструкцию малобюджетных физкультурно-спортивных объектов шаговой доступности, плоскостных сооружений | BB6: на обеспечение деятельности муниципальных бизнес-инкубаторов | BF6: бюджетам городских округов области на обеспечение капитального ремонта, ремонта и содержания автомобильных дорог общего пользования местного значения за счет средств областного дорожного фонда | BJ6: бюджетам городских округов области на осуществление дорожной деятельности в отношении автомобильных дорог общего пользования местного значения Саратовской агломерации в границах городских округов области в рамках приоритетного проекта «Безопасные и качественные дороги» за счет средств областного дорожного фонда | BN6: на комплексное обустройство населенных пунктов, расположенных в сельской местности, объектами социальной, инженерной инфраструктуры и автомобильными дорогами | BR6: бюджетам поселений области на обеспечение капитального ремонта, ремонта и содержания автомобильных дорог общего пользования местного значения городских поселений области за счет средств областного дорожного фонда | BV6: бюджетам муниципальных районов области на капитальный ремонт, ремонт и содержание автомобильных дорог общего пользования местного значения за счет средств областного дорожного фонда | BZ6: на обеспечение повышения оплаты труда некоторых категорий работников муниципальных учреждений | CD6: на реализацию проектов развития муниципальных образований области, основанных на местных инициативах | CH6: на поддержку муниципальных программ формирования современной городской среды | CL6: на развитие сети плоскостных спортивных сооружений в сельской местности | CP6: на обеспечение сохранения достигнутых показателей повышения оплаты труда отдельных категорий работников бюджетной сферы | CT6: на выполнение расходных обязательств, связанных с погашением просроченной кредиторской задолженности, образовавшейся по состоянию на 1 января 2018 года, по уплате начислений на выплаты по оплате труда, налогов, по оказанию мер социальной поддержки населения, по оплате коммунальных услуг и исполнительных листов | CX6: на оснащение объектов спортивной инфраструктуры спортивно-технологическим оборудованием | DB6: на обновление материально-технической базы для формирования у обучающихся современных технологических и гуманитарных навыков | DF6: на реализацию регионального проекта (программы) в целях выполнения задач федерального проекта «Жилье» (стимулирование программ развития жилищного строительства) | DJ6: бюджетам муниципальных районов области на обеспечение прироста протяженности сети автомобильных дорог общего пользования местного значения, соответствующих нормативным требованиям, за счет средств областного дорожного фонда строительства) | DN6: бюджетам городских округов области на достижение целевых показателей, предусматривающих развитие и увеличение пропускной способности сети автомобильных дорог общего пользования местного значения за счет средств областного дорожного фонда | DR6: бюджетам городских округов области на приобретение дорожно-эксплуатационной техники, необходимой для выполнения комплекса работ по поддержанию надлежащего технического состояния автомобильных дорог общего пользования местного значения, за счет средств областного дорожного фонда | DV6: бюджетам поселений области на развитие материально-технической базы для организации осуществления полномочий органами местного самоуправления | DZ6: бюджетам муниципальных районов и городских округов области на модернизацию инфраструктуры общего образования в отдельных субъектах Российской Федерации | ED6: бюджетам муниципальных районов и городских округов области на создание дополнительных мест для детей в возрасте от 1,5 до 3 лет в образовательных организациях, осуществляющих образовательную деятельность по образовательным программам дошкольного образования | EH6: бюджетам муниципальных районов области на реализацию мероприятий по ремонту домов системы социального обслуживания граждан муниципального специализированного жилищного фонда, предоставляемых для проживания отдельных категорий граждан ,а также благоустройство прилегающих территорий | EL6: на поддержку отрасли культуры на создание и модернизацию учреждений культурно-досугового типа в сельской местности | EP6: на поддержку отрасли культуры на создание многофункциональных мобильных культурных центров | ET6: на обеспечение мероприятий по переселению граждан из аварийного жилищного фонда, в том числе переселению граждан из аварийного жилищного фонда с учетом необходимости развития малоэтажного жилищного строительства | EX6: бюджетам муниципальных районов области на оснащение домов системы социального обслуживания граждан муниципального специализированного жилищного фонда, предоставляемых для проживания отдельных категорий граждан, мебелью и мягким инвентарем | FB6: бюджетам муниципальных районов и городских округов области на обеспечение условий для создания дополнительных мест в образовательных организациях, осуществляющих образовательную деятельность по образовательным программам дошкольного образования | FF6: бюджетам муниципальных районов области на обеспечение условий для создания центров образования цифрового и гуманитарного профилей | FJ6: бюджетам муниципальных районов и городских округов области на проведение капитального и текущего ремонтов муниципальных образовательных организаций | FN6: бюджетам муниципальных районов и городских округов области на реализацию расходных обязательств, возникающих при выполнении полномочий по решению вопросов местного значения | FR6: бюджетам поселений области на приведение в нормативное состояние автомобильных дорог общего пользования местного значения городских поселений области, соединяющих объекты туристской инфраструктуры, расположенные в Саратовской области, с автомобильными дорогами общего пользования федерального и регионального значения, за счет средств областного дорожного фонда | FV6: бюджетам городских округов области на обновление наземного электрического транспорта для обеспечения организации транспортного обслуживания населения | FZ6: бюджетам поселений области на достижение целевых показателей, предусматривающих мероприятия по решению неотложных задач по приведению в нормативное состояние автомобильных дорог местного значения городских поселений области за счет средств областного дорожного фонда | GD6: бюджетам муниципальных районов области на достижение целевых показателей, предусматривающих мероприятия по решению неотложных задач по приведению в нормативное состояние автомобильных дорог местного значения за счет средств областного дорожного фонда | GH6: бюджетам поселений области на обеспечение прироста протяженности сети автомобильных дорог общего пользования местного значения городских поселений области, соответствующих нормативным требованиям, за счет средств областного дорожного фонда | GL6: бюджетам поселений области на мероприятия по вводу в эксплуатацию стадиона «Юность» в г. Ершове Саратовской области и условиях ее расходования | GP6: бюджетам сельских поселений области по грантовой поддержке местных инициатив граждан, проживающих в сельской местности, в рамках реализации муниципальных программ по устойчивому развитию сельских территорий | GT6: бюджетам муниципальных образований области на софинансирование расходных обязательств по реализации мероприятий муниципальных программ развития малого и среднего предпринимательства монопрофильных муниципальных образований | GX6: бюджетам муниципальных районов и городских округов области на обеспечение условий для ввода в эксплуатацию образовательных организаций, осуществляющих образовательную деятельность по образовательным программам дошкольного образования | HB6: бюджетам городских округов области на обеспечение условий для модернизации инфраструктуры общего образования | HF6: бюджетам поселений области на разработку проектно-сметной документации по строительству и (или) реконструкции (модернизации) канализационных очистных сооружений | HJ6: бюджетам поселений области на реализацию мероприятий по строительству и реконструкции (модернизации) объектов питьевого водоснабжения | HN6: бюджетам поселений области на реализацию мероприятий по сокращению доли загрязненных сточных во | HR6: бюджетам муниципальных районов, городских округов и поселений области на обустройство и восстановление воинских захоронений, находящихся в муниципальной собственности | HV6: бюджетам поселений области на обеспечение устойчивого развития сельских территорий в части реализации мероприятий по развитию сети плоскостных спортивных сооружений в сельской местности
B7: первоначаль-ный бюджет* | C7: утвержденные бюджетные назначения | D7: исполнено | E7: % исполнения | F7: первоначаль-ный бюджет* | G7: утвержденные бюджетные назначения 2* | H7: исполнено | I7: % исполнения | J7: первоначаль-ный бюджет* | K7: утвержденные бюджетные назначения 2* | L7: исполнено | M7: % исполнения | N7: первоначаль-ный бюджет* | O7: утвержденные бюджетные назначения 2* | P7: исполнено | Q7: % исполнения | R7: первоначаль-ный бюджет* | S7: утвержденные бюджетные назначения 2* | T7: исполнено | U7: % исполнения | V7: первоначаль-ный бюджет* | W7: утвержденные бюджетные назначения 2* | X7: исполнено | Y7: % исполнения | Z7: первоначаль-ный бюджет* | AA7: утвержденные бюджетные назначения 8* | AB7: исполнено | AC7: % исполнения | AD7: первоначаль-ный бюджет* | AE7: утвержденные бюджетные назначения 8* | AF7: исполнено | AG7: % исполнения | AH7: первоначаль-ный бюджет* | AI7: утвержденные бюджетные назначения 8* | AJ7: исполнено | AK7: % исполнения | AL7: первоначаль-ный бюджет* | AM7: утвержденные бюджетные назначения 8* | AN7: исполнено | AO7: % исполнения | AP7: первоначаль-ный бюджет* | AQ7: утвержденные бюджетные назначения 8* | AR7: исполнено | AS7: % исполнения | AT7: первоначаль-ный бюджет* | AU7: утвержденные бюджетные назначения 8* | AV7: исполнено | AW7: % исполнения | AX7: первоначаль-ный бюджет* | AY7: утвержденные бюджетные назначения 2* | AZ7: исполнено | BA7: % исполнения | BB7: первоначаль-ный бюджет* | BC7: утвержденные бюджетные назначения 2* | BD7: исполнено | BE7: % исполнения | BF7: первоначаль-ный бюджет* | BG7: утвержденные бюджетные назначения 2* | BH7: исполнено | BI7: % исполнения | BJ7: первоначаль-ный бюджет* | BK7: утвержденные бюджетные назначения 2* | BL7: исполнено | BM7: % исполнения | BN7: первоначаль-ный бюджет* | BO7: утвержденные бюджетные назначения 6* | BP7: исполнено | BQ7: % исполнения | BR7: первоначаль-ный бюджет* | BS7: утвержденные бюджетные назначения 2* | BT7: исполнено | BU7: % исполнения | BV7: первоначаль-ный бюджет* | BW7: утвержденные бюджетные назначения 2* | BX7: исполнено | BY7: % исполнения | BZ7: первоначаль-ный бюджет* | CA7: утвержденные бюджетные назначения 2* | CB7: исполнено | CC7: % исполнения | CD7: первоначаль-ный бюджет* | CE7: утвержденные бюджетные назначения 9* | CF7: исполнено | CG7: % исполнения | CH7: первоначаль-ный бюджет* | CI7: утвержденные бюджетные назначения 5* | CJ7: исполнено | CK7: % исполнения | CL7: первоначаль-ный бюджет* | CM7: утвержденные бюджетные назначения 7* | CN7: исполнено | CO7: % исполнения | CP7: первоначаль-ный бюджет* | CQ7: утвержденные бюджетные назначения 2* | CR7: исполнено | CS7: % исполнения | CT7: первоначаль-ный бюджет* | CU7: утвержденные бюджетные назначения 2* | CV7: исполнено | CW7: % исполнения | CX7: первоначаль-ный бюджет* | CY7: утвержденные бюджетные назначения 2* | CZ7: исполнено | DA7: % исполнения | DB7: первоначаль-ный бюджет* | DC7: утвержденные бюджетные назначения 2* | DD7: исполнено | DE7: % исполнения | DF7: первоначаль-ный бюджет* | DG7: утвержденные бюджетные назначения 2* | DH7: исполнено | DI7: % исполнения | DJ7: первоначаль-ный бюджет* | DK7: утвержденные бюджетные назначения 2* | DL7: исполнено | DM7: % исполнения | DN7: первоначаль-ный бюджет* | DO7: утвержденные бюджетные назначения 2* | DP7: исполнено | DQ7: % исполнения | DR7: первоначаль-ный бюджет* | DS7: утвержденные бюджетные назначения 2* | DT7: исполнено | DU7: % исполнения | DV7: первоначаль-ный бюджет* | DW7: утвержденные бюджетные назначения 2* | DX7: исполнено | DY7: % исполнения | DZ7: первоначаль-ный бюджет* | EA7: утвержденные бюджетные назначения 3* | EB7: исполнено | EC7: % исполнения | ED7: первоначаль-ный бюджет* | EE7: утвержденные бюджетные назначения 3* | EF7: исполнено | EG7: % исполнения | EH7: первоначаль-ный бюджет* | EI7: утвержденные бюджетные назначения 4* | EJ7: исполнено | EK7: % исполнения | EL7: первоначаль-ный бюджет* | EM7: утвержденные бюджетные назначения 8* | EN7: исполнено | EO7: % исполнения | EP7: первоначаль-ный бюджет* | EQ7: утвержденные бюджетные назначения 8* | ER7: исполнено | ES7: % исполнения | ET7: первоначаль-ный бюджет* | EU7: утвержденные бюджетные назначения 10* | EV7: исполнено | EW7: % исполнения | EX7: первоначаль-ный бюджет* | EY7: утвержденные бюджетные назначения 2* | EZ7: исполнено | FA7: % исполнения | FB7: первоначаль-ный бюджет* | FC7: утвержденные бюджетные назначения 2* | FD7: исполнено | FE7: % исполнения | FF7: первоначаль-ный бюджет* | FG7: утвержденные бюджетные назначения 2* | FH7: исполнено | FI7: % исполнения | FJ7: первоначаль-ный бюджет* | FK7: утвержденные бюджетные назначения 2* | FL7: исполнено | FM7: % исполнения | FN7: первоначаль-ный бюджет* | FO7: утвержденные бюджетные назначения 2* | FP7: исполнено | FQ7: % исполнения | FR7: первоначаль-ный бюджет* | FS7: утвержденные бюджетные назначения 2* | FT7: исполнено | FU7: % исполнения | FV7: первоначаль-ный бюджет* | FW7: утвержденные бюджетные назначения 2* | FX7: исполнено | FY7: % исполнения | FZ7: первоначаль-ный бюджет* | GA7: утвержденные бюджетные назначения 2* | GB7: исполнено | GC7: % исполнения | GD7: первоначаль-ный бюджет* | GE7: утвержденные бюджетные назначения 2* | GF7: исполнено | GG7: % исполнения | GH7: первоначаль-ный бюджет* | GI7: утвержденные бюджетные назначения 2* | GJ7: исполнено | GK7: % исполнения | GL7: первоначаль-ный бюджет* | GM7: утвержденные бюджетные назначения 11* | GN7: исполнено | GO7: % исполнения | GP7: первоначаль-ный бюджет* | GQ7: утвержденные бюджетные назначения 12* | GR7: исполнено | GS7: % исполнения | GT7: первоначаль-ный бюджет* | GU7: утвержденные бюджетные назначения 2* | GV7: исполнено | GW7: % исполнения | GX7: первоначаль-ный бюджет* | GY7: утвержденные бюджетные назначения 2* | GZ7: исполнено | HA7: % исполнения | HB7: первоначаль-ный бюджет* | HC7: утвержденные бюджетные назначения 2* | HD7: исполнено | HE7: % исполнения | HF7: первоначаль-ный бюджет* | HG7: утвержденные бюджетные назначения 2* | HH7: исполнено | HI7: % исполнения | HJ7: первоначаль-ный бюджет* | HK7: утвержденные бюджетные назначения 13* | HL7: исполнено | HM7: % исполнения | HN7: первоначаль-ный бюджет* | HO7: утвержденные бюджетные назначения 14* | HP7: исполнено | HQ7: % исполнения | HR7: первоначаль-ный бюджет* | HS7: утвержденные бюджетные назначения 15* | HT7: исполнено | HU7: % исполнения | HV7: первоначаль-ный бюджет* | HW7: утвержденные бюджетные назначения 16* | HX7: исполнено | HY7: % исполнения
A8: Муниципальные районы области: | B8: =SUM(B9:B46) -> 1827142.7 | C8: =SUM(C9:C46) -> 4367912.8 | D8: =SUM(D9:D46) -> 4249137.9 | E8: =D8/C8*100 -> 97.28074 | G8: =SUM(G9:G46) -> 1573 | H8: =SUM(H9:H46) -> 1573 | I8: =H8/G8*100 -> 100 | K8: =SUM(K9:K46) -> 1573.1 | L8: =SUM(L9:L46) -> 1573.1 | M8: =L8/K8*100 -> 100 | O8: =SUM(O9:O46) -> 18906.9 | P8: =SUM(P9:P46) -> 18906.896 | Q8: =P8/O8*100 -> 99.999977 | R8: =SUM(R9:R46) -> 229617 | S8: =SUM(S9:S46) -> 309650 | T8: =SUM(T9:T46) -> 309650 | U8: =T8/S8*100 -> 100 | W8: =SUM(W9:W46) -> 66271.8 | X8: =SUM(X9:X46) -> 65011.535 | Y8: =X8/W8*100 -> 98.098339 | AA8: =SUM(AA9:AA46) -> 5658.4 | AB8: =SUM(AB9:AB46) -> 5658.427 | AC8: =AB8/AA8*100 -> 100.00048 | AE8: =SUM(AE9:AE46) -> 830.82686 | AF8: =SUM(AF9:AF46) -> 830.82686 | AG8: =AF8/AE8*100 -> 100 | AI8: =SUM(AI9:AI46) -> 4766.4045 | AJ8: =SUM(AJ9:AJ46) -> 4766.4045 | AK8: =AJ8/AI8*100 -> 100 | AM8: =SUM(AM9:AM46) -> 37845.664 | AN8: =SUM(AN9:AN46) -> 37845.664 | AO8: =AN8/AM8*100 -> 100 | AQ8: =SUM(AQ9:AQ46) -> 2300 | AR8: =SUM(AR9:AR46) -> 2300 | AS8: =AR8/AQ8*100 -> 100 | AU8: =SUM(AU9:AU46) -> 1000 | AV8: =SUM(AV9:AV46) -> 1000 | AW8: =AV8/AU8*100 -> 100 | AY8: =SUM(AY9:AY46) -> 0 | AZ8: =SUM(AZ9:AZ46) -> 0 | BB8: =SUM(BB9:BB46) -> 5100 | BC8: =SUM(BC9:BC46) -> 5100 | BD8: =SUM(BD9:BD46) -> 5100 | BE8: =BD8/BC8*100 -> 100 | BG8: =SUM(BG9:BG46) -> 0 | BH8: =SUM(BH9:BH46) -> 0 | BK8: =SUM(BK9:BK46) -> 0 | BL8: =SUM(BL9:BL46) -> 0 | BO8: =SUM(BO9:BO46) -> 6705.6 | BP8: =SUM(BP9:BP46) -> 6705.621 | BQ8: =BP8/BO8*100 -> 100.00031 | BS8: =SUM(BS9:BS46) -> 0 | BT8: =SUM(BT9:BT46) -> 0 | BV8: =SUM(BV9:BV46) -> 300000 | BW8: =SUM(BW9:BW46) -> 300000 | BX8: =SUM(BX9:BX46) -> 293793.67 | BY8: =BX8/BW8*100 -> 97.931224 | BZ8: =SUM(BZ9:BZ46) -> 358828.7 | CA8: =SUM(CA9:CA46) -> 357836.6 | CB8: =SUM(CB9:CB46) -> 306330.4 | CC8: =CB8/CA8*100 -> 85.606223 | CE8: =SUM(CE9:CE46) -> 0 | CF8: =SUM(CF9:CF46) -> 0 | CI8: =SUM(CI9:CI46) -> 0 | CJ8: =SUM(CJ9:CJ46) -> 0 | CM8: =SUM(CM9:CM46) -> 0 | CN8: =SUM(CN9:CN46) -> 0 | CP8: =SUM(CP9:CP46) -> 483980 | CQ8: =SUM(CQ9:CQ46) -> 563763.5 | CR8: =SUM(CR9:CR46) -> 540241.93 | CS8: =CR8/CQ8*100 -> 95.82776 | CT8: =SUM(CT9:CT46) -> 424106.8 | CU8: =SUM(CU9:CU46) -> 354942.9 | CV8: =SUM(CV9:CV46) -> 350988.56 | CW8: =CV8/CU8*100 -> 98.885921 | CX8: =SUM(CX9:CX46) -> 25510.2 | CY8: =SUM(CY9:CY46) -> 25510.2 | CZ8: =SUM(CZ9:CZ46) -> 25510.205 | DA8: =CZ8/CY8*100 -> 100.00002 | DC8: =SUM(DC9:DC46) -> 103486.2 | DD8: =SUM(DD9:DD46) -> 103486.22 | DE8: =DD8/DC8*100 -> 100.00002 | DG8: =SUM(DG9:DG46) -> 0 | DH8: =SUM(DH9:DH46) -> 0 | DK8: =SUM(DK9:DK46) -> 35000 | DL8: =SUM(DL9:DL46) -> 34772.597 | DM8: =DL8/DK8*100 -> 99.350277 | DO8: =SUM(DO9:DO46) -> 0 | DP8: =SUM(DP9:DP46) -> 0 | DS8: =SUM(DS9:DS46) -> 0 | DT8: =SUM(DT9:DT46) -> 0 | DW8: =SUM(DW9:DW46) -> 0 | DX8: =SUM(DX9:DX46) -> 0 | EA8: =SUM(EA9:EA46) -> 215200 | EB8: =SUM(EB9:EB46) -> 215200 | EC8: =EB8/EA8*100 -> 100 | EE8: =SUM(EE9:EE46) -> 972064.3 | EF8: =SUM(EF9:EF46) -> 967855.59 | EG8: =EF8/EE8*100 -> 99.567034 | EI8: =SUM(EI9:EI46) -> 43762.7 | EJ8: =SUM(EJ9:EJ46) -> 43762.7 | EK8: =EJ8/EI8*100 -> 100 | EM8: =SUM(EM9:EM46) -> 55805.281 | EN8: =SUM(EN9:EN46) -> 55805.281 | EO8: =EN8/EM8*100 -> 100 | EQ8: =SUM(EQ9:EQ46) -> 19035.816 | ER8: =SUM(ER9:ER46) -> 19035.816 | ES8: =ER8/EQ8*100 -> 100 | EU8: =SUM(EU9:EU46) -> 30698.88 | EV8: =SUM(EV9:EV46) -> 26094.84 | EW8: =EV8/EU8*100 -> 85.00258 | EY8: =SUM(EY9:EY46) -> 4900 | EZ8: =SUM(EZ9:EZ46) -> 4825.8112 | FA8: =EZ8/EY8*100 -> 98.485943 | FC8: =SUM(FC9:FC46) -> 9900 | FD8: =SUM(FD9:FD46) -> 3906.25 | FG8: =SUM(FG9:FG46) -> 95656.6 | FH8: =SUM(FH9:FH46) -> 85994.602 | FI8: =FH8/FG8*100 -> 89.899288 | FK8: =SUM(FK9:FK46) -> 185780.2 | FL8: =SUM(FL9:FL46) -> 185780.19 | FM8: =FL8/FK8*100 -> 99.999997 | FO8: =SUM(FO9:FO46) -> 390863.9 | FP8: =SUM(FP9:FP46) -> 390863.9 | FQ8: =FP8/FO8*100 -> 100 | FS8: =SUM(FS9:FS46) -> 0 | FT8: =SUM(FT9:FT46) -> 0 | FW8: =SUM(FW9:FW46) -> 0 | FX8: =SUM(FX9:FX46) -> 0 | GA8: =SUM(GA9:GA46) -> 0 | GB8: =SUM(GB9:GB46) -> 0 | GE8: =SUM(GE9:GE46) -> 3000 | GF8: =SUM(GF9:GF46) -> 3000 | GG8: =GF8/GE8*100 -> 100 | GI8: =SUM(GI9:GI46) -> 0 | GJ8: =SUM(GJ9:GJ46) -> 0 | GM8: =SUM(GM9:GM46) -> 0 | GN8: =SUM(GN9:GN46) -> 0 | GQ8: =SUM(GQ9:GQ46) -> 0 | GR8: =SUM(GR9:GR46) -> 0 | GU8: =SUM(GU9:GU46) -> 0 | GV8: =SUM(GV9:GV46) -> 0 | GY8: =SUM(GY9:GY46) -> 138376.4 | GZ8: =SUM(GZ9:GZ46) -> 130820.23 | HA8: =GZ8/GY8*100 -> 94.539407 | HC8: =SUM(HC9:HC46) -> 0 | HD8: =SUM(HD9:HD46) -> 0 | HG8: =SUM(HG9:HG46) -> 0 | HH8: =SUM(HH9:HH46) -> 0 | HK8: =SUM(HK9:HK46) -> 0 | HL8: =SUM(HL9:HL46) -> 0 | HO8: =SUM(HO9:HO46) -> 0 | HP8: =SUM(HP9:HP46) -> 0 | HS8: =SUM(HS9:HS46) -> 147.6 | HT8: =SUM(HT9:HT46) -> 147.6 | HU8: =HT8/HS8*100 -> 100 | HW8: =SUM(HW9:HW46) -> 0 | HX8: =SUM(HX9:HX46) -> 0
A9: Александрово-Гайский | B9: =F9+J9+N9+R9+V9+Z9+AD9+AH9+AL9+AP9+AT9+AX9+BB9+BF9+BJ9+BN9+BR9+BV9+BZ9+CD9+CH9+CL9+CP9+CT9+CX9+DB9+DF9+DJ9+DN9+DR9+DV9+DZ9+ED9+EH9+EL9+EP9+ET9++EX9+FB9+FF9+FJ9+FN9+FR9+FV9+FZ9+GD9+GH9+GL9+GP9+GT9+GX9+HB9+HF9+HJ9+HN9+HR9+HV9 -> 35130.5 | C9: =G9+K9+O9+S9+W9+AA9+AE9+AI9+AM9+AQ9+AU9+AY9+BC9+BG9+BK9+BO9+BS9+BW9+CA9+CE9+CI9+CM9+CQ9+CU9+CY9+DC9+DG9+DK9+DO9+DS9+DW9+EA9+EE9+EI9+EM9+EQ9+EU9++EY9+FC9+FG9+FK9+FO9+FS9+FW9+GA9+GE9+GI9+GM9+GQ9+GU9+GY9+HC9+HG9+HK9+HO9+HS9+HW9 -> 81471.459 | D9: =H9+L9+P9+T9+X9+AB9+AF9+AJ9+AN9+AR9+AV9+AZ9+BD9+BH9+BL9+BP9+BT9+BX9+CB9+CF9+CJ9+CN9+CR9+CV9+CZ9+DD9+DH9+DL9+DP9+DT9+DX9+EB9+EF9+EJ9+EN9+ER9+EV9++EZ9+FD9+FH9+FL9+FP9+FT9+FX9+GB9+GF9+GJ9+GN9+GR9+GV9+GZ9+HD9+HH9+HL9+HP9+HT9+HX9 -> 74882.922 | E9: =D9/C9*100 -> 91.913073 | K9: 0 | L9: 0 | O9: 1400 | P9: 1400 | Q9: =P9/O9*100 -> 100 | W9: 0 | X9: 0 | AA9: 0 | AB9: 0 | AE9: 7.97733 | AF9: 7.97733 | AG9: =AF9/AE9*100 -> 100 | AI9: 95.328 | AJ9: 95.328 | AK9: =AJ9/AI9*100 -> 100 | AQ9: 100 | AR9: 100 | AS9: =AR9/AQ9*100 -> 100 | BS9: 0 | BT9: 0 | BV9: 9289.9 | BW9: 9289.9 | BX9: 9289.943 | BY9: =BX9/BW9*100 -> 100.00046 | BZ9: 11952.7 | CA9: 11952.7 | CB9: 5364.1229 | CC9: =CB9/CA9*100 -> 44.877918 | CI9: 0 | CM9: 0 | CN9: 0 | CP9: 8106 | CQ9: 9543.8 | CR9: 9543.8 | CS9: =CR9/CQ9*100 -> 100 | CT9: 5781.9 | CU9: 1577 | CV9: 1577 | CW9: =CV9/CU9*100 -> 100 | DC9: 3184.2 | DD9: 3184.2 | DE9: =DD9/DC9*100 -> 100 | DK9: 4999.7 | DL9: 4999.697 | DM9: =DL9/DK9*100 -> 99.99994 | EQ9: 4758.9541 | ER9: 4758.9541 | ES9: =ER9/EQ9*100 -> 100 | FG9: 3005.7 | FH9: 3005.7 | FI9: =FH9/FG9*100 -> 100 | FK9: 4835 | FL9: 4835 | FM9: =FL9/FK9*100 -> 100 | FO9: 26721.2 | FP9: 26721.2 | FQ9: =FP9/FO9*100 -> 100
A10: Аркадакский | B10: =F10+J10+N10+R10+V10+Z10+AD10+AH10+AL10+AP10+AT10+AX10+BB10+BF10+BJ10+BN10+BR10+BV10+BZ10+CD10+CH10+CL10+CP10+CT10+CX10+DB10+DF10+DJ10+DN10+DR10+DV10+DZ10+ED10+EH10+EL10+EP10+ET10++EX10+FB10+FF10+FJ10+FN10+FR10+FV10+FZ10+GD10+GH10+GL10+GP10+GT10+GX10+HB10+HF10+HJ10+HN10+HR10+HV10 -> 22567.9 | C10: =G10+K10+O10+S10+W10+AA10+AE10+AI10+AM10+AQ10+AU10+AY10+BC10+BG10+BK10+BO10+BS10+BW10+CA10+CE10+CI10+CM10+CQ10+CU10+CY10+DC10+DG10+DK10+DO10+DS10+DW10+EA10+EE10+EI10+EM10+EQ10+EU10++EY10+FC10+FG10+FK10+FO10+FS10+FW10+GA10+GE10+GI10+GM10+GQ10+GU10+GY10+HC10+HG10+HK10+HO10+HS10+HW10 -> 31884.322 | D10: =H10+L10+P10+T10+X10+AB10+AF10+AJ10+AN10+AR10+AV10+AZ10+BD10+BH10+BL10+BP10+BT10+BX10+CB10+CF10+CJ10+CN10+CR10+CV10+CZ10+DD10+DH10+DL10+DP10+DT10+DX10+EB10+EF10+EJ10+EN10+ER10+EV10++EZ10+FD10+FH10+FL10+FP10+FT10+FX10+GB10+GF10+GJ10+GN10+GR10+GV10+GZ10+HD10+HH10+HL10+HP10+HT10+HX10 -> 29119.545 | E10: =D10/C10*100 -> 91.328726 | K10: 0 | L10: 0 | O10: 0 | P10: 0 | W10: 271.7 | X10: 271.7 | Y10: =X10/W10*100 -> 100 | AA10: 0 | AB10: 0 | AE10: 11.40155 | AF10: 11.40155 | AG10: =AF10/AE10*100 -> 100 | AI10: 190.656 | AJ10: 190.656 | AK10: =AJ10/AI10*100 -> 100 | AM10: 2670.364 | AN10: 2670.364 | AO10: =AN10/AM10*100 -> 100 | AQ10: 100 | AR10: 100 | AS10: =AR10/AQ10*100 -> 100 | AU10: 50 | AV10: 50 | AW10: =AV10/AU10*100 -> 100 | BO10: 0 | BP10: 0 | BS10: 0 | BT10: 0 | BV10: 7386.8 | BW10: 7386.8 | BX10: 7312.964 | BY10: =BX10/BW10*100 -> 99.000433 | BZ10: 6964.7 | CA10: 6964.7 | CB10: 4765.3241 | CC10: =CB10/CA10*100 -> 68.421097 | CI10: 0 | CM10: 0 | CN10: 0 | CP10: 8191 | CQ10: 9486.4 | CR10: 9426.0351 | CS10: =CR10/CQ10*100 -> 99.363669 | CT10: 25.4 | CU10: 0 | CV10: 0 | DC10: 1592.1 | DD10: 1592.1 | DE10: =DD10/DC10*100 -> 100 | FG10: 1174.6 | FH10: 743.4 | FI10: =FH10/FG10*100 -> 63.289631 | FK10: 1985.6 | FL10: 1985.6 | FM10: =FL10/FK10*100 -> 100
A11: Аткарский | B11: =F11+J11+N11+R11+V11+Z11+AD11+AH11+AL11+AP11+AT11+AX11+BB11+BF11+BJ11+BN11+BR11+BV11+BZ11+CD11+CH11+CL11+CP11+CT11+CX11+DB11+DF11+DJ11+DN11+DR11+DV11+DZ11+ED11+EH11+EL11+EP11+ET11++EX11+FB11+FF11+FJ11+FN11+FR11+FV11+FZ11+GD11+GH11+GL11+GP11+GT11+GX11+HB11+HF11+HJ11+HN11+HR11+HV11 -> 45505.1 | C11: =G11+K11+O11+S11+W11+AA11+AE11+AI11+AM11+AQ11+AU11+AY11+BC11+BG11+BK11+BO11+BS11+BW11+CA11+CE11+CI11+CM11+CQ11+CU11+CY11+DC11+DG11+DK11+DO11+DS11+DW11+EA11+EE11+EI11+EM11+EQ11+EU11++EY11+FC11+FG11+FK11+FO11+FS11+FW11+GA11+GE11+GI11+GM11+GQ11+GU11+GY11+HC11+HG11+HK11+HO11+HS11+HW11 -> 64103.726 | D11: =H11+L11+P11+T11+X11+AB11+AF11+AJ11+AN11+AR11+AV11+AZ11+BD11+BH11+BL11+BP11+BT11+BX11+CB11+CF11+CJ11+CN11+CR11+CV11+CZ11+DD11+DH11+DL11+DP11+DT11+DX11+EB11+EF11+EJ11+EN11+ER11+EV11++EZ11+FD11+FH11+FL11+FP11+FT11+FX11+GB11+GF11+GJ11+GN11+GR11+GV11+GZ11+HD11+HH11+HL11+HP11+HT11+HX11 -> 55312.851 | E11: =D11/C11*100 -> 86.286484 | K11: 0 | L11: 0 | O11: 0 | P11: 0 | W11: 330.2 | X11: 330.2 | Y11: =X11/W11*100 -> 100 | AA11: 0 | AB11: 0 | AE11: 20.56958 | AF11: 20.56958 | AG11: =AF11/AE11*100 -> 100 | AI11: 190.656 | AJ11: 190.656 | AK11: =AJ11/AI11*100 -> 100 | BO11: 0 | BP11: 0 | BS11: 0 | BT11: 0 | BV11: 10975.8 | BW11: 10975.8 | BX11: 10975.834 | BY11: =BX11/BW11*100 -> 100.00031 | BZ11: 21075.8 | CA11: 21075.8 | CB11: 12666.875 | CC11: =CB11/CA11*100 -> 60.101515 | CI11: 0 | CM11: 0 | CN11: 0 | CP11: 12550 | CQ11: 14377.5 | CR11: 13995.496 | CS11: =CR11/CQ11*100 -> 97.343044 | CT11: 903.5 | CU11: 0 | CV11: 0 | DC11: 4776.2 | DD11: 4776.22 | DE11: =DD11/DC11*100 -> 100.00042 | FG11: 4723.8 | FH11: 4723.8 | FI11: =FH11/FG11*100 -> 100 | FK11: 7485.6 | FL11: 7485.6 | FM11: =FL11/FK11*100 -> 100 | HS11: 147.6 | HT11: 147.6 | HU11: =HT11/HS11*100 -> 100
A12: Базарно-Карабулакский | B12: =F12+J12+N12+R12+V12+Z12+AD12+AH12+AL12+AP12+AT12+AX12+BB12+BF12+BJ12+BN12+BR12+BV12+BZ12+CD12+CH12+CL12+CP12+CT12+CX12+DB12+DF12+DJ12+DN12+DR12+DV12+DZ12+ED12+EH12+EL12+EP12+ET12++EX12+FB12+FF12+FJ12+FN12+FR12+FV12+FZ12+GD12+GH12+GL12+GP12+GT12+GX12+HB12+HF12+HJ12+HN12+HR12+HV12 -> 37584.7 | C12: =G12+K12+O12+S12+W12+AA12+AE12+AI12+AM12+AQ12+AU12+AY12+BC12+BG12+BK12+BO12+BS12+BW12+CA12+CE12+CI12+CM12+CQ12+CU12+CY12+DC12+DG12+DK12+DO12+DS12+DW12+EA12+EE12+EI12+EM12+EQ12+EU12++EY12+FC12+FG12+FK12+FO12+FS12+FW12+GA12+GE12+GI12+GM12+GQ12+GU12+GY12+HC12+HG12+HK12+HO12+HS12+HW12 -> 75156.738 | D12: =H12+L12+P12+T12+X12+AB12+AF12+AJ12+AN12+AR12+AV12+AZ12+BD12+BH12+BL12+BP12+BT12+BX12+CB12+CF12+CJ12+CN12+CR12+CV12+CZ12+DD12+DH12+DL12+DP12+DT12+DX12+EB12+EF12+EJ12+EN12+ER12+EV12++EZ12+FD12+FH12+FL12+FP12+FT12+FX12+GB12+GF12+GJ12+GN12+GR12+GV12+GZ12+HD12+HH12+HL12+HP12+HT12+HX12 -> 71191.158 | E12: =D12/C12*100 -> 94.723587 | K12: 0 | L12: 0 | O12: 1200 | P12: 1200 | Q12: =P12/O12*100 -> 100 | W12: 386.4 | X12: 386.4 | Y12: =X12/W12*100 -> 100 | AA12: 0 | AB12: 0 | AE12: 14.58156 | AF12: 14.58156 | AG12: =AF12/AE12*100 -> 100 | AI12: 190.656 | AJ12: 190.656 | AK12: =AJ12/AI12*100 -> 100 | BO12: 0 | BP12: 0 | BS12: 0 | BT12: 0 | BV12: 6798.7 | BW12: 6798.7 | BX12: 6798.7 | BY12: =BX12/BW12*100 -> 100 | BZ12: 1376.9 | CA12: 1376.9 | CB12: 995.85179 | CC12: =CB12/CA12*100 -> 72.325644 | CI12: 0 | CM12: 0 | CN12: 0 | CP12: 9246 | CQ12: 10549.3 | CR12: 7412.108 | CS12: =CR12/CQ12*100 -> 70.26161 | CT12: 20163.1 | CU12: 6729.6 | CV12: 6282.2607 | CW12: =CV12/CU12*100 -> 93.352662 | DC12: 3184.2 | DD12: 3184.2 | DE12: =DD12/DC12*100 -> 100 | FG12: 2349.1 | FH12: 2349.1 | FI12: =FH12/FG12*100 -> 100 | FK12: 5995.5 | FL12: 5995.5 | FM12: =FL12/FK12*100 -> 100 | FO12: 36381.8 | FP12: 36381.8 | FQ12: =FP12/FO12*100 -> 100
A13: Балаковский | B13: =F13+J13+N13+R13+V13+Z13+AD13+AH13+AL13+AP13+AT13+AX13+BB13+BF13+BJ13+BN13+BR13+BV13+BZ13+CD13+CH13+CL13+CP13+CT13+CX13+DB13+DF13+DJ13+DN13+DR13+DV13+DZ13+ED13+EH13+EL13+EP13+ET13++EX13+FB13+FF13+FJ13+FN13+FR13+FV13+FZ13+GD13+GH13+GL13+GP13+GT13+GX13+HB13+HF13+HJ13+HN13+HR13+HV13 -> 78327.2 | C13: =G13+K13+O13+S13+W13+AA13+AE13+AI13+AM13+AQ13+AU13+AY13+BC13+BG13+BK13+BO13+BS13+BW13+CA13+CE13+CI13+CM13+CQ13+CU13+CY13+DC13+DG13+DK13+DO13+DS13+DW13+EA13+EE13+EI13+EM13+EQ13+EU13++EY13+FC13+FG13+FK13+FO13+FS13+FW13+GA13+GE13+GI13+GM13+GQ13+GU13+GY13+HC13+HG13+HK13+HO13+HS13+HW13 -> 381988.85 | D13: =H13+L13+P13+T13+X13+AB13+AF13+AJ13+AN13+AR13+AV13+AZ13+BD13+BH13+BL13+BP13+BT13+BX13+CB13+CF13+CJ13+CN13+CR13+CV13+CZ13+DD13+DH13+DL13+DP13+DT13+DX13+EB13+EF13+EJ13+EN13+ER13+EV13++EZ13+FD13+FH13+FL13+FP13+FT13+FX13+GB13+GF13+GJ13+GN13+GR13+GV13+GZ13+HD13+HH13+HL13+HP13+HT13+HX13 -> 374390.43 | E13: =D13/C13*100 -> 98.010826 | K13: 0 | L13: 0 | W13: 7669 | X13: 7453.2128 | Y13: =X13/W13*100 -> 97.186241 | AA13: 0 | AB13: 0 | AE13: 107.99607 | AF13: 107.99607 | AG13: =AF13/AE13*100 -> 100 | AI13: 190.656 | AJ13: 190.656 | AK13: =AJ13/AI13*100 -> 100 | BB13: 5100 | BC13: 5100 | BD13: 5100 | BE13: =BD13/BC13*100 -> 100 | BO13: 0 | BP13: 0 | BS13: 0 | BT13: 0 | BV13: 13632.5 | BW13: 13632.5 | BX13: 13630.245 | BY13: =BX13/BW13*100 -> 99.983459 | BZ13: 18376 | CA13: 17383.9 | CB13: 13961.1 | CC13: =CB13/CA13*100 -> 80.310517 | CI13: 0 | CM13: 0 | CN13: 0 | CP13: 39689 | CQ13: 45912.8 | CR13: 41955.2 | CS13: =CR13/CQ13*100 -> 91.380182 | CT13: 1529.7 | CU13: 0 | CV13: 0 | DC13: 4776.2 | DD13: 4776.22 | DE13: =DD13/DC13*100 -> 100.00042 | EE13: 225023.9 | EF13: 225023.9 | EG13: =EF13/EE13*100 -> 100 | EU13: 25268.7 | EV13: 25268.7 | EW13: =EV13/EU13*100 -> 100 | FG13: 3703.8 | FH13: 3703.8 | FI13: =FH13/FG13*100 -> 100 | FK13: 5233.3 | FL13: 5233.3 | FM13: =FL13/FK13*100 -> 100 | GY13: 27986.1 | GZ13: 27986.1 | HA13: =GZ13/GY13*100 -> 100
A14: Балашовский | B14: =F14+J14+N14+R14+V14+Z14+AD14+AH14+AL14+AP14+AT14+AX14+BB14+BF14+BJ14+BN14+BR14+BV14+BZ14+CD14+CH14+CL14+CP14+CT14+CX14+DB14+DF14+DJ14+DN14+DR14+DV14+DZ14+ED14+EH14+EL14+EP14+ET14++EX14+FB14+FF14+FJ14+FN14+FR14+FV14+FZ14+GD14+GH14+GL14+GP14+GT14+GX14+HB14+HF14+HJ14+HN14+HR14+HV14 -> 141131.8 | C14: =G14+K14+O14+S14+W14+AA14+AE14+AI14+AM14+AQ14+AU14+AY14+BC14+BG14+BK14+BO14+BS14+BW14+CA14+CE14+CI14+CM14+CQ14+CU14+CY14+DC14+DG14+DK14+DO14+DS14+DW14+EA14+EE14+EI14+EM14+EQ14+EU14++EY14+FC14+FG14+FK14+FO14+FS14+FW14+GA14+GE14+GI14+GM14+GQ14+GU14+GY14+HC14+HG14+HK14+HO14+HS14+HW14 -> 224394.43 | D14: =H14+L14+P14+T14+X14+AB14+AF14+AJ14+AN14+AR14+AV14+AZ14+BD14+BH14+BL14+BP14+BT14+BX14+CB14+CF14+CJ14+CN14+CR14+CV14+CZ14+DD14+DH14+DL14+DP14+DT14+DX14+EB14+EF14+EJ14+EN14+ER14+EV14++EZ14+FD14+FH14+FL14+FP14+FT14+FX14+GB14+GF14+GJ14+GN14+GR14+GV14+GZ14+HD14+HH14+HL14+HP14+HT14+HX14 -> 218974.04 | E14: =D14/C14*100 -> 97.584437 | K14: 0 | L14: 0 | W14: 5484.3 | X14: 5286.629 | Y14: =X14/W14*100 -> 96.395693 | AA14: 5658.4 | AB14: 5658.427 | AC14: =AB14/AA14*100 -> 100.00048 | AE14: 54.66964 | AF14: 54.66964 | AG14: =AF14/AE14*100 -> 100 | AI14: 190.656 | AJ14: 190.656 | AK14: =AJ14/AI14*100 -> 100 | AQ14: 100 | AR14: 100 | AS14: =AR14/AQ14*100 -> 100 | AU14: 50 | AV14: 50 | AW14: =AV14/AU14*100 -> 100 | BO14: 0 | BP14: 0 | BS14: 0 | BT14: 0 | BV14: 12705.2 | BW14: 12705.2 | BX14: 12705.167 | BY14: =BX14/BW14*100 -> 99.99974 | BZ14: 21821 | CA14: 21821 | CB14: 18890.641 | CC14: =CB14/CA14*100 -> 86.570921 | CI14: 0 | CM14: 0 | CN14: 0 | CP14: 32421 | CQ14: 38243.3 | CR14: 38243.3 | CS14: =CR14/CQ14*100 -> 100 | CT14: 74184.6 | CU14: 113195.2 | CV14: 110902.85 | CW14: =CV14/CU14*100 -> 97.974869 | DC14: 3184.2 | DD14: 3184.2 | DE14: =DD14/DC14*100 -> 100 | EM14: 4099.1011 | EN14: 4099.1011 | EO14: =EN14/EM14*100 -> 100 | FG14: 2499.1 | FH14: 2499.1 | FI14: =FH14/FG14*100 -> 100 | FK14: 3604 | FL14: 3604 | FM14: =FL14/FK14*100 -> 100 | FO14: 13505.3 | FP14: 13505.3 | FQ14: =FP14/FO14*100 -> 100
A15: Балтайский | B15: =F15+J15+N15+R15+V15+Z15+AD15+AH15+AL15+AP15+AT15+AX15+BB15+BF15+BJ15+BN15+BR15+BV15+BZ15+CD15+CH15+CL15+CP15+CT15+CX15+DB15+DF15+DJ15+DN15+DR15+DV15+DZ15+ED15+EH15+EL15+EP15+ET15++EX15+FB15+FF15+FJ15+FN15+FR15+FV15+FZ15+GD15+GH15+GL15+GP15+GT15+GX15+HB15+HF15+HJ15+HN15+HR15+HV15 -> 21569.3 | C15: =G15+K15+O15+S15+W15+AA15+AE15+AI15+AM15+AQ15+AU15+AY15+BC15+BG15+BK15+BO15+BS15+BW15+CA15+CE15+CI15+CM15+CQ15+CU15+CY15+DC15+DG15+DK15+DO15+DS15+DW15+EA15+EE15+EI15+EM15+EQ15+EU15++EY15+FC15+FG15+FK15+FO15+FS15+FW15+GA15+GE15+GI15+GM15+GQ15+GU15+GY15+HC15+HG15+HK15+HO15+HS15+HW15 -> 48343.68 | D15: =H15+L15+P15+T15+X15+AB15+AF15+AJ15+AN15+AR15+AV15+AZ15+BD15+BH15+BL15+BP15+BT15+BX15+CB15+CF15+CJ15+CN15+CR15+CV15+CZ15+DD15+DH15+DL15+DP15+DT15+DX15+EB15+EF15+EJ15+EN15+ER15+EV15++EZ15+FD15+FH15+FL15+FP15+FT15+FX15+GB15+GF15+GJ15+GN15+GR15+GV15+GZ15+HD15+HH15+HL15+HP15+HT15+HX15 -> 48075.775 | E15: =D15/C15*100 -> 99.445833 | K15: 0 | L15: 0 | AA15: 0 | AB15: 0 | AE15: 5.75153 | AF15: 5.75153 | AG15: =AF15/AE15*100 -> 100 | AI15: 95.328 | AJ15: 95.328 | AK15: =AJ15/AI15*100 -> 100 | AM15: 3100 | AN15: 3100 | AO15: =AN15/AM15*100 -> 100 | AQ15: 100 | AR15: 100 | AS15: =AR15/AQ15*100 -> 100 | AU15: 50 | AV15: 50 | AW15: =AV15/AU15*100 -> 100 | BO15: 0 | BP15: 0 | BS15: 0 | BT15: 0 | BV15: 2798.7 | BW15: 2798.7 | BX15: 2798.679 | BY15: =BX15/BW15*100 -> 99.99925 | BZ15: 4099.4 | CA15: 4099.4 | CB15: 4099.4 | CC15: =CB15/CA15*100 -> 100 | CI15: 0 | CM15: 0 | CN15: 0 | CP15: 5800 | CQ15: 6594.8 | CR15: 6341.9172 | CS15: =CR15/CQ15*100 -> 96.165422 | CT15: 8871.2 | CU15: 4771.5 | CV15: 4756.4992 | CW15: =CV15/CU15*100 -> 99.685616 | DC15: 1592.1 | DD15: 1592.1 | DE15: =DD15/DC15*100 -> 100 | FG15: 2069.5 | FH15: 2069.5 | FI15: =FH15/FG15*100 -> 100 | FK15: 3991.7 | FL15: 3991.7 | FM15: =FL15/FK15*100 -> 100 | FO15: 19074.9 | FP15: 19074.9 | FQ15: =FP15/FO15*100 -> 100
A16: Вольский | B16: =F16+J16+N16+R16+V16+Z16+AD16+AH16+AL16+AP16+AT16+AX16+BB16+BF16+BJ16+BN16+BR16+BV16+BZ16+CD16+CH16+CL16+CP16+CT16+CX16+DB16+DF16+DJ16+DN16+DR16+DV16+DZ16+ED16+EH16+EL16+EP16+ET16++EX16+FB16+FF16+FJ16+FN16+FR16+FV16+FZ16+GD16+GH16+GL16+GP16+GT16+GX16+HB16+HF16+HJ16+HN16+HR16+HV16 -> 80168 | C16: =G16+K16+O16+S16+W16+AA16+AE16+AI16+AM16+AQ16+AU16+AY16+BC16+BG16+BK16+BO16+BS16+BW16+CA16+CE16+CI16+CM16+CQ16+CU16+CY16+DC16+DG16+DK16+DO16+DS16+DW16+EA16+EE16+EI16+EM16+EQ16+EU16++EY16+FC16+FG16+FK16+FO16+FS16+FW16+GA16+GE16+GI16+GM16+GQ16+GU16+GY16+HC16+HG16+HK16+HO16+HS16+HW16 -> 231685.37 | D16: =H16+L16+P16+T16+X16+AB16+AF16+AJ16+AN16+AR16+AV16+AZ16+BD16+BH16+BL16+BP16+BT16+BX16+CB16+CF16+CJ16+CN16+CR16+CV16+CZ16+DD16+DH16+DL16+DP16+DT16+DX16+EB16+EF16+EJ16+EN16+ER16+EV16++EZ16+FD16+FH16+FL16+FP16+FT16+FX16+GB16+GF16+GJ16+GN16+GR16+GV16+GZ16+HD16+HH16+HL16+HP16+HT16+HX16 -> 229470.38 | E16: =D16/C16*100 -> 99.043969 | K16: 0 | L16: 0 | W16: 4599.7 | X16: 4599.5711 | Y16: =X16/W16*100 -> 99.997198 | AA16: 0 | AB16: 0 | AE16: 45.56138 | AF16: 45.56138 | AG16: =AF16/AE16*100 -> 100 | AI16: 190.656 | AJ16: 190.656 | AK16: =AJ16/AI16*100 -> 100 | AM16: 2561.65 | AN16: 2561.65 | AO16: =AN16/AM16*100 -> 100 | AQ16: 100 | AR16: 100 | AS16: =AR16/AQ16*100 -> 100 | BO16: 0 | BP16: 0 | BS16: 0 | BT16: 0 | BV16: 11679.3 | BW16: 11679.3 | BX16: 11679.263 | BY16: =BX16/BW16*100 -> 99.999683 | BZ16: 30198.2 | CA16: 30198.2 | CB16: 28541.706 | CC16: =CB16/CA16*100 -> 94.514592 | CI16: 0 | CM16: 0 | CN16: 0 | CP16: 20588 | CQ16: 24149.1 | CR16: 24117.88 | CS16: =CR16/CQ16*100 -> 99.87072 | CT16: 17702.5 | CU16: 343.3 | CV16: 343.3 | CW16: =CV16/CU16*100 -> 100 | DC16: 3184.2 | DD16: 3184.2 | DE16: =DD16/DC16*100 -> 100 | EE16: 97081.4 | EF16: 97081.4 | EG16: =EF16/EE16*100 -> 100 | FG16: 2549.1 | FH16: 2021.9954 | FI16: =FH16/FG16*100 -> 79.321933 | FK16: 10575.6 | FL16: 10575.6 | FM16: =FL16/FK16*100 -> 100 | FO16: 44427.6 | FP16: 44427.6 | FQ16: =FP16/FO16*100 -> 100
A17: Воскресенский | B17: =F17+J17+N17+R17+V17+Z17+AD17+AH17+AL17+AP17+AT17+AX17+BB17+BF17+BJ17+BN17+BR17+BV17+BZ17+CD17+CH17+CL17+CP17+CT17+CX17+DB17+DF17+DJ17+DN17+DR17+DV17+DZ17+ED17+EH17+EL17+EP17+ET17++EX17+FB17+FF17+FJ17+FN17+FR17+FV17+FZ17+GD17+GH17+GL17+GP17+GT17+GX17+HB17+HF17+HJ17+HN17+HR17+HV17 -> 17058.6 | C17: =G17+K17+O17+S17+W17+AA17+AE17+AI17+AM17+AQ17+AU17+AY17+BC17+BG17+BK17+BO17+BS17+BW17+CA17+CE17+CI17+CM17+CQ17+CU17+CY17+DC17+DG17+DK17+DO17+DS17+DW17+EA17+EE17+EI17+EM17+EQ17+EU17++EY17+FC17+FG17+FK17+FO17+FS17+FW17+GA17+GE17+GI17+GM17+GQ17+GU17+GY17+HC17+HG17+HK17+HO17+HS17+HW17 -> 41111.354 | D17: =H17+L17+P17+T17+X17+AB17+AF17+AJ17+AN17+AR17+AV17+AZ17+BD17+BH17+BL17+BP17+BT17+BX17+CB17+CF17+CJ17+CN17+CR17+CV17+CZ17+DD17+DH17+DL17+DP17+DT17+DX17+EB17+EF17+EJ17+EN17+ER17+EV17++EZ17+FD17+FH17+FL17+FP17+FT17+FX17+GB17+GF17+GJ17+GN17+GR17+GV17+GZ17+HD17+HH17+HL17+HP17+HT17+HX17 -> 39603.544 | E17: =D17/C17*100 -> 96.332376 | K17: 0 | L17: 0 | AA17: 0 | AB17: 0 | AE17: 6.12558 | AF17: 6.12558 | AG17: =AF17/AE17*100 -> 100 | AI17: 95.328 | AJ17: 95.328 | AK17: =AJ17/AI17*100 -> 100 | BO17: 0 | BP17: 0 | BS17: 0 | BT17: 0 | BV17: 2940.7 | BW17: 2940.7 | BX17: 2940.7 | BY17: =BX17/BW17*100 -> 100 | BZ17: 5609.8 | CA17: 5609.8 | CB17: 4353.4903 | CC17: =CB17/CA17*100 -> 77.605089 | CI17: 0 | CM17: 0 | CN17: 0 | CP17: 4805 | CQ17: 5661.1 | CR17: 5661.1 | CS17: =CR17/CQ17*100 -> 100 | CT17: 3703.1 | CU17: 3591.8 | CV17: 3591.8 | CW17: =CV17/CU17*100 -> 100 | DC17: 1592.1 | DD17: 1592.1 | DE17: =DD17/DC17*100 -> 100 | FG17: 1374.6 | FH17: 1123.1 | FI17: =FH17/FG17*100 -> 81.703768 | FK17: 17792.7 | FL17: 17792.7 | FM17: =FL17/FK17*100 -> 100 | FO17: 2447.1 | FP17: 2447.1 | FQ17: =FP17/FO17*100 -> 100
A18: Дергачевский | B18: =F18+J18+N18+R18+V18+Z18+AD18+AH18+AL18+AP18+AT18+AX18+BB18+BF18+BJ18+BN18+BR18+BV18+BZ18+CD18+CH18+CL18+CP18+CT18+CX18+DB18+DF18+DJ18+DN18+DR18+DV18+DZ18+ED18+EH18+EL18+EP18+ET18++EX18+FB18+FF18+FJ18+FN18+FR18+FV18+FZ18+GD18+GH18+GL18+GP18+GT18+GX18+HB18+HF18+HJ18+HN18+HR18+HV18 -> 23312.9 | C18: =G18+K18+O18+S18+W18+AA18+AE18+AI18+AM18+AQ18+AU18+AY18+BC18+BG18+BK18+BO18+BS18+BW18+CA18+CE18+CI18+CM18+CQ18+CU18+CY18+DC18+DG18+DK18+DO18+DS18+DW18+EA18+EE18+EI18+EM18+EQ18+EU18++EY18+FC18+FG18+FK18+FO18+FS18+FW18+GA18+GE18+GI18+GM18+GQ18+GU18+GY18+HC18+HG18+HK18+HO18+HS18+HW18 -> 33061.061 | D18: =H18+L18+P18+T18+X18+AB18+AF18+AJ18+AN18+AR18+AV18+AZ18+BD18+BH18+BL18+BP18+BT18+BX18+CB18+CF18+CJ18+CN18+CR18+CV18+CZ18+DD18+DH18+DL18+DP18+DT18+DX18+EB18+EF18+EJ18+EN18+ER18+EV18++EZ18+FD18+FH18+FL18+FP18+FT18+FX18+GB18+GF18+GJ18+GN18+GR18+GV18+GZ18+HD18+HH18+HL18+HP18+HT18+HX18 -> 33051.791 | E18: =D18/C18*100 -> 99.971961 | K18: 0 | L18: 0 | W18: 1355.7 | X18: 1346.43 | Y18: =X18/W18*100 -> 99.316219 | AA18: 0 | AB18: 0 | AE18: 9.43285 | AF18: 9.43285 | AG18: =AF18/AE18*100 -> 100 | AI18: 95.328 | AJ18: 95.328 | AK18: =AJ18/AI18*100 -> 100 | AM18: 2700 | AN18: 2700 | AO18: =AN18/AM18*100 -> 100 | BO18: 0 | BP18: 0 | BS18: 0 | BT18: 0 | BV18: 6162.1 | BW18: 6162.1 | BX18: 6162.1 | BY18: =BX18/BW18*100 -> 100 | BZ18: 5610.2 | CA18: 5610.2 | CB18: 5610.2 | CC18: =CB18/CA18*100 -> 100 | CI18: 0 | CM18: 0 | CN18: 0 | CP18: 6658 | CQ18: 8000.8 | CR18: 8000.8 | CS18: =CR18/CQ18*100 -> 100 | CT18: 4882.6 | CU18: 1339.6 | CV18: 1339.6 | CW18: =CV18/CU18*100 -> 100 | DC18: 1592.1 | DD18: 1592.1 | DE18: =DD18/DC18*100 -> 100 | FG18: 1474.6 | FH18: 1474.6 | FI18: =FH18/FG18*100 -> 100 | FK18: 979.1 | FL18: 979.1 | FM18: =FL18/FK18*100 -> 100 | FO18: 3742.1 | FP18: 3742.1 | FQ18: =FP18/FO18*100 -> 100
A19: Духовницкий | B19: =F19+J19+N19+R19+V19+Z19+AD19+AH19+AL19+AP19+AT19+AX19+BB19+BF19+BJ19+BN19+BR19+BV19+BZ19+CD19+CH19+CL19+CP19+CT19+CX19+DB19+DF19+DJ19+DN19+DR19+DV19+DZ19+ED19+EH19+EL19+EP19+ET19++EX19+FB19+FF19+FJ19+FN19+FR19+FV19+FZ19+GD19+GH19+GL19+GP19+GT19+GX19+HB19+HF19+HJ19+HN19+HR19+HV19 -> 16867.8 | C19: =G19+K19+O19+S19+W19+AA19+AE19+AI19+AM19+AQ19+AU19+AY19+BC19+BG19+BK19+BO19+BS19+BW19+CA19+CE19+CI19+CM19+CQ19+CU19+CY19+DC19+DG19+DK19+DO19+DS19+DW19+EA19+EE19+EI19+EM19+EQ19+EU19++EY19+FC19+FG19+FK19+FO19+FS19+FW19+GA19+GE19+GI19+GM19+GQ19+GU19+GY19+HC19+HG19+HK19+HO19+HS19+HW19 -> 36905.206 | D19: =H19+L19+P19+T19+X19+AB19+AF19+AJ19+AN19+AR19+AV19+AZ19+BD19+BH19+BL19+BP19+BT19+BX19+CB19+CF19+CJ19+CN19+CR19+CV19+CZ19+DD19+DH19+DL19+DP19+DT19+DX19+EB19+EF19+EJ19+EN19+ER19+EV19++EZ19+FD19+FH19+FL19+FP19+FT19+FX19+GB19+GF19+GJ19+GN19+GR19+GV19+GZ19+HD19+HH19+HL19+HP19+HT19+HX19 -> 34950.065 | E19: =D19/C19*100 -> 94.702262 | K19: 0 | L19: 0 | W19: 274 | X19: 274.0273 | Y19: =X19/W19*100 -> 100.00996 | AA19: 0 | AB19: 0 | AE19: 5.97823 | AF19: 5.97823 | AG19: =AF19/AE19*100 -> 100 | AI19: 95.328 | AJ19: 95.328 | AK19: =AJ19/AI19*100 -> 100 | AQ19: 100 | AR19: 100 | AS19: =AR19/AQ19*100 -> 100 | BO19: 0 | BP19: 0 | BS19: 0 | BT19: 0 | BV19: 3634.1 | BW19: 3634.1 | BX19: 3634.105 | BY19: =BX19/BW19*100 -> 100.00014 | BZ19: 4963.1 | CA19: 4963.1 | CB19: 3310.169 | CC19: =CB19/CA19*100 -> 66.695592 | CI19: 0 | CM19: 0 | CN19: 0 | CP19: 5865 | CQ19: 6704.7 | CR19: 6642.9576 | CS19: =CR19/CQ19*100 -> 99.079118 | CT19: 2405.6 | CU19: 0 | CV19: 0 | DC19: 1592.1 | DD19: 1592.1 | DE19: =DD19/DC19*100 -> 100 | FG19: 2474.6 | FH19: 2234.1 | FI19: =FH19/FG19*100 -> 90.281258 | FK19: 2075.7 | FL19: 2075.7 | FM19: =FL19/FK19*100 -> 100 | FO19: 14985.6 | FP19: 14985.6 | FQ19: =FP19/FO19*100 -> 100
A20: Екатериновский | B20: =F20+J20+N20+R20+V20+Z20+AD20+AH20+AL20+AP20+AT20+AX20+BB20+BF20+BJ20+BN20+BR20+BV20+BZ20+CD20+CH20+CL20+CP20+CT20+CX20+DB20+DF20+DJ20+DN20+DR20+DV20+DZ20+ED20+EH20+EL20+EP20+ET20++EX20+FB20+FF20+FJ20+FN20+FR20+FV20+FZ20+GD20+GH20+GL20+GP20+GT20+GX20+HB20+HF20+HJ20+HN20+HR20+HV20 -> 29018.4 | C20: =G20+K20+O20+S20+W20+AA20+AE20+AI20+AM20+AQ20+AU20+AY20+BC20+BG20+BK20+BO20+BS20+BW20+CA20+CE20+CI20+CM20+CQ20+CU20+CY20+DC20+DG20+DK20+DO20+DS20+DW20+EA20+EE20+EI20+EM20+EQ20+EU20++EY20+FC20+FG20+FK20+FO20+FS20+FW20+GA20+GE20+GI20+GM20+GQ20+GU20+GY20+HC20+HG20+HK20+HO20+HS20+HW20 -> 72843.278 | D20: =H20+L20+P20+T20+X20+AB20+AF20+AJ20+AN20+AR20+AV20+AZ20+BD20+BH20+BL20+BP20+BT20+BX20+CB20+CF20+CJ20+CN20+CR20+CV20+CZ20+DD20+DH20+DL20+DP20+DT20+DX20+EB20+EF20+EJ20+EN20+ER20+EV20++EZ20+FD20+FH20+FL20+FP20+FT20+FX20+GB20+GF20+GJ20+GN20+GR20+GV20+GZ20+HD20+HH20+HL20+HP20+HT20+HX20 -> 67212.98 | E20: =D20/C20*100 -> 92.270669 | K20: 0 | L20: 0 | W20: 186 | X20: 186 | Y20: =X20/W20*100 -> 100 | AA20: 0 | AB20: 0 | AE20: 9.45037 | AF20: 9.45037 | AG20: =AF20/AE20*100 -> 100 | AI20: 95.328 | AJ20: 95.328 | AK20: =AJ20/AI20*100 -> 100 | AU20: 50 | AV20: 50 | AW20: =AV20/AU20*100 -> 100 | BO20: 0 | BP20: 0 | BS20: 0 | BT20: 0 | BV20: 4939 | BW20: 4939 | BX20: 4247.642 | BY20: =BX20/BW20*100 -> 86.002065 | BZ20: 5358 | CA20: 5358 | CB20: 3070.2592 | CC20: =CB20/CA20*100 -> 57.302337 | CI20: 0 | CM20: 0 | CN20: 0 | CP20: 9976 | CQ20: 11566.1 | CR20: 9417.7004 | CS20: =CR20/CQ20*100 -> 81.42503 | CT20: 8745.4 | CU20: 8684.1 | CV20: 8684.1 | CW20: =CV20/CU20*100 -> 100 | DC20: 3184.2 | DD20: 3184.2 | DE20: =DD20/DC20*100 -> 100 | FG20: 2049.1 | FH20: 1546.3 | FI20: =FH20/FG20*100 -> 75.462398 | FK20: 2300 | FL20: 2300 | FM20: =FL20/FK20*100 -> 100 | FO20: 34422 | FP20: 34422 | FQ20: =FP20/FO20*100 -> 100
A21: Ершовский | B21: =F21+J21+N21+R21+V21+Z21+AD21+AH21+AL21+AP21+AT21+AX21+BB21+BF21+BJ21+BN21+BR21+BV21+BZ21+CD21+CH21+CL21+CP21+CT21+CX21+DB21+DF21+DJ21+DN21+DR21+DV21+DZ21+ED21+EH21+EL21+EP21+ET21++EX21+FB21+FF21+FJ21+FN21+FR21+FV21+FZ21+GD21+GH21+GL21+GP21+GT21+GX21+HB21+HF21+HJ21+HN21+HR21+HV21 -> 46809.3 | C21: =G21+K21+O21+S21+W21+AA21+AE21+AI21+AM21+AQ21+AU21+AY21+BC21+BG21+BK21+BO21+BS21+BW21+CA21+CE21+CI21+CM21+CQ21+CU21+CY21+DC21+DG21+DK21+DO21+DS21+DW21+EA21+EE21+EI21+EM21+EQ21+EU21++EY21+FC21+FG21+FK21+FO21+FS21+FW21+GA21+GE21+GI21+GM21+GQ21+GU21+GY21+HC21+HG21+HK21+HO21+HS21+HW21 -> 59682.75 | D21: =H21+L21+P21+T21+X21+AB21+AF21+AJ21+AN21+AR21+AV21+AZ21+BD21+BH21+BL21+BP21+BT21+BX21+CB21+CF21+CJ21+CN21+CR21+CV21+CZ21+DD21+DH21+DL21+DP21+DT21+DX21+EB21+EF21+EJ21+EN21+ER21+EV21++EZ21+FD21+FH21+FL21+FP21+FT21+FX21+GB21+GF21+GJ21+GN21+GR21+GV21+GZ21+HD21+HH21+HL21+HP21+HT21+HX21 -> 51418.114 | E21: =D21/C21*100 -> 86.152388 | K21: 0 | L21: 0 | W21: 690.9 | X21: 690.88 | Y21: =X21/W21*100 -> 99.997105 | AA21: 0 | AB21: 0 | AE21: 18.79357 | AF21: 18.79357 | AG21: =AF21/AE21*100 -> 100 | AI21: 190.656 | AJ21: 190.656 | AK21: =AJ21/AI21*100 -> 100 | AU21: 50 | AV21: 50 | AW21: =AV21/AU21*100 -> 100 | BO21: 0 | BP21: 0 | BS21: 0 | BT21: 0 | BV21: 9000.9 | BW21: 9000.9 | BX21: 9000.886 | BY21: =BX21/BW21*100 -> 99.999844 | BZ21: 16431.8 | CA21: 16431.8 | CB21: 8931.7703 | CC21: =CB21/CA21*100 -> 54.356615 | CI21: 0 | CM21: 0 | CN21: 0 | CP21: 11239 | CQ21: 13170.4 | CR21: 12935.776 | CS21: =CR21/CQ21*100 -> 98.21855 | CT21: 10137.6 | CU21: 12709.4 | CV21: 12709.4 | CW21: =CV21/CU21*100 -> 100 | DC21: 3184.2 | DD21: 3184.2 | DE21: =DD21/DC21*100 -> 100 | FG21: 2680.7 | FH21: 2150.7575 | FI21: =FH21/FG21*100 -> 80.231188 | FK21: 1555 | FL21: 1554.995 | FM21: =FL21/FK21*100 -> 99.999678
A22: Ивантеевский | B22: =F22+J22+N22+R22+V22+Z22+AD22+AH22+AL22+AP22+AT22+AX22+BB22+BF22+BJ22+BN22+BR22+BV22+BZ22+CD22+CH22+CL22+CP22+CT22+CX22+DB22+DF22+DJ22+DN22+DR22+DV22+DZ22+ED22+EH22+EL22+EP22+ET22++EX22+FB22+FF22+FJ22+FN22+FR22+FV22+FZ22+GD22+GH22+GL22+GP22+GT22+GX22+HB22+HF22+HJ22+HN22+HR22+HV22 -> 19837.6 | C22: =G22+K22+O22+S22+W22+AA22+AE22+AI22+AM22+AQ22+AU22+AY22+BC22+BG22+BK22+BO22+BS22+BW22+CA22+CE22+CI22+CM22+CQ22+CU22+CY22+DC22+DG22+DK22+DO22+DS22+DW22+EA22+EE22+EI22+EM22+EQ22+EU22++EY22+FC22+FG22+FK22+FO22+FS22+FW22+GA22+GE22+GI22+GM22+GQ22+GU22+GY22+HC22+HG22+HK22+HO22+HS22+HW22 -> 48324.776 | D22: =H22+L22+P22+T22+X22+AB22+AF22+AJ22+AN22+AR22+AV22+AZ22+BD22+BH22+BL22+BP22+BT22+BX22+CB22+CF22+CJ22+CN22+CR22+CV22+CZ22+DD22+DH22+DL22+DP22+DT22+DX22+EB22+EF22+EJ22+EN22+ER22+EV22++EZ22+FD22+FH22+FL22+FP22+FT22+FX22+GB22+GF22+GJ22+GN22+GR22+GV22+GZ22+HD22+HH22+HL22+HP22+HT22+HX22 -> 48324.779 | E22: =D22/C22*100 -> 100.00001 | K22: 0 | L22: 0 | O22: 1506 | P22: 1506 | Q22: =P22/O22*100 -> 100 | AA22: 0 | AB22: 0 | AE22: 7.07103 | AF22: 7.07103 | AG22: =AF22/AE22*100 -> 100 | AI22: 95.328 | AJ22: 95.328 | AK22: =AJ22/AI22*100 -> 100 | AM22: 2530.423 | AN22: 2530.423 | AO22: =AN22/AM22*100 -> 100 | AQ22: 100 | AR22: 100 | AS22: =AR22/AQ22*100 -> 100 | AU22: 50 | AV22: 50 | AW22: =AV22/AU22*100 -> 100 | BO22: 0 | BP22: 0 | BS22: 0 | BT22: 0 | BV22: 5176.3 | BW22: 5176.3 | BX22: 5176.303 | BY22: =BX22/BW22*100 -> 100.00006 | BZ22: 5008.1 | CA22: 5008.1 | CB22: 5008.1 | CC22: =CB22/CA22*100 -> 100 | CI22: 0 | CM22: 0 | CN22: 0 | CP22: 8148 | CQ22: 9554 | CR22: 9554 | CS22: =CR22/CQ22*100 -> 100 | CT22: 1505.2 | CU22: 0 | CV22: 0 | DC22: 3184.2 | DD22: 3184.2 | DE22: =DD22/DC22*100 -> 100 | DK22: 5000.2 | DL22: 5000.2 | DM22: =DL22/DK22*100 -> 100 | EQ22: 4758.9541 | ER22: 4758.9541 | ES22: =ER22/EQ22*100 -> 100 | FG22: 2930 | FH22: 2930 | FI22: =FH22/FG22*100 -> 100 | FK22: 8424.2 | FL22: 8424.2 | FM22: =FL22/FK22*100 -> 100
A23: Калининский | B23: =F23+J23+N23+R23+V23+Z23+AD23+AH23+AL23+AP23+AT23+AX23+BB23+BF23+BJ23+BN23+BR23+BV23+BZ23+CD23+CH23+CL23+CP23+CT23+CX23+DB23+DF23+DJ23+DN23+DR23+DV23+DZ23+ED23+EH23+EL23+EP23+ET23++EX23+FB23+FF23+FJ23+FN23+FR23+FV23+FZ23+GD23+GH23+GL23+GP23+GT23+GX23+HB23+HF23+HJ23+HN23+HR23+HV23 -> 52666.2 | C23: =G23+K23+O23+S23+W23+AA23+AE23+AI23+AM23+AQ23+AU23+AY23+BC23+BG23+BK23+BO23+BS23+BW23+CA23+CE23+CI23+CM23+CQ23+CU23+CY23+DC23+DG23+DK23+DO23+DS23+DW23+EA23+EE23+EI23+EM23+EQ23+EU23++EY23+FC23+FG23+FK23+FO23+FS23+FW23+GA23+GE23+GI23+GM23+GQ23+GU23+GY23+HC23+HG23+HK23+HO23+HS23+HW23 -> 76357.272 | D23: =H23+L23+P23+T23+X23+AB23+AF23+AJ23+AN23+AR23+AV23+AZ23+BD23+BH23+BL23+BP23+BT23+BX23+CB23+CF23+CJ23+CN23+CR23+CV23+CZ23+DD23+DH23+DL23+DP23+DT23+DX23+EB23+EF23+EJ23+EN23+ER23+EV23++EZ23+FD23+FH23+FL23+FP23+FT23+FX23+GB23+GF23+GJ23+GN23+GR23+GV23+GZ23+HD23+HH23+HL23+HP23+HT23+HX23 -> 76009.323 | E23: =D23/C23*100 -> 99.544315 | K23: 0 | L23: 0 | W23: 576.8 | X23: 576.75 | Y23: =X23/W23*100 -> 99.991331 | AA23: 0 | AB23: 0 | AE23: 15.71558 | AF23: 15.71558 | AG23: =AF23/AE23*100 -> 100 | AI23: 190.656 | AJ23: 190.656 | AK23: =AJ23/AI23*100 -> 100 | AM23: 2600 | AN23: 2600 | AO23: =AN23/AM23*100 -> 100 | AQ23: 100 | AR23: 100 | AS23: =AR23/AQ23*100 -> 100 | AU23: 50 | AV23: 50 | AW23: =AV23/AU23*100 -> 100 | BO23: 0 | BP23: 0 | BS23: 0 | BT23: 0 | BV23: 8013.4 | BW23: 8013.4 | BX23: 8013.4 | BY23: =BX23/BW23*100 -> 100 | BZ23: 5065.9 | CA23: 5065.9 | CB23: 4875.2964 | CC23: =CB23/CA23*100 -> 96.237517 | CI23: 0 | CM23: 0 | CN23: 0 | CP23: 8253 | CQ23: 10187.5 | CR23: 10187.5 | CS23: =CR23/CQ23*100 -> 100 | CT23: 5823.7 | CU23: 801.6 | CV23: 801.6 | CW23: =CV23/CU23*100 -> 100 | CX23: 25510.2 | CY23: 25510.2 | CZ23: 25510.205 | DA23: =CZ23/CY23*100 -> 100.00002 | DC23: 3184.2 | DD23: 3184.2 | DE23: =DD23/DC23*100 -> 100 | FG23: 2063.1 | FH23: 1905.8 | FI23: =FH23/FG23*100 -> 92.375551 | FK23: 11659.5 | FL23: 11659.5 | FM23: =FL23/FK23*100 -> 100 | FO23: 6338.7 | FP23: 6338.7 | FQ23: =FP23/FO23*100 -> 100
A24: Красноармейский | B24: =F24+J24+N24+R24+V24+Z24+AD24+AH24+AL24+AP24+AT24+AX24+BB24+BF24+BJ24+BN24+BR24+BV24+BZ24+CD24+CH24+CL24+CP24+CT24+CX24+DB24+DF24+DJ24+DN24+DR24+DV24+DZ24+ED24+EH24+EL24+EP24+ET24++EX24+FB24+FF24+FJ24+FN24+FR24+FV24+FZ24+GD24+GH24+GL24+GP24+GT24+GX24+HB24+HF24+HJ24+HN24+HR24+HV24 -> 49128.9 | C24: =G24+K24+O24+S24+W24+AA24+AE24+AI24+AM24+AQ24+AU24+AY24+BC24+BG24+BK24+BO24+BS24+BW24+CA24+CE24+CI24+CM24+CQ24+CU24+CY24+DC24+DG24+DK24+DO24+DS24+DW24+EA24+EE24+EI24+EM24+EQ24+EU24++EY24+FC24+FG24+FK24+FO24+FS24+FW24+GA24+GE24+GI24+GM24+GQ24+GU24+GY24+HC24+HG24+HK24+HO24+HS24+HW24 -> 50407.501 | D24: =H24+L24+P24+T24+X24+AB24+AF24+AJ24+AN24+AR24+AV24+AZ24+BD24+BH24+BL24+BP24+BT24+BX24+CB24+CF24+CJ24+CN24+CR24+CV24+CZ24+DD24+DH24+DL24+DP24+DT24+DX24+EB24+EF24+EJ24+EN24+ER24+EV24++EZ24+FD24+FH24+FL24+FP24+FT24+FX24+GB24+GF24+GJ24+GN24+GR24+GV24+GZ24+HD24+HH24+HL24+HP24+HT24+HX24 -> 48694.04 | E24: =D24/C24*100 -> 96.600781 | G24: 1573 | H24: 1573 | I24: =H24/G24*100 -> 100 | K24: 0 | L24: 0 | O24: 1000 | P24: 1000 | Q24: =P24/O24*100 -> 100 | W24: 740.9 | X24: 740.94 | Y24: =X24/W24*100 -> 100.0054 | AA24: 0 | AB24: 0 | AE24: 23.54504 | AF24: 23.54504 | AG24: =AF24/AE24*100 -> 100 | AI24: 190.656 | AJ24: 190.656 | AK24: =AJ24/AI24*100 -> 100 | AU24: 50 | AV24: 50 | AW24: =AV24/AU24*100 -> 100 | BO24: 3378.9 | BP24: 3378.9 | BQ24: =BP24/BO24*100 -> 100 | BS24: 0 | BT24: 0 | BV24: 11772.8 | BW24: 11772.8 | BX24: 11772.831 | BY24: =BX24/BW24*100 -> 100.00026 | BZ24: 10700.4 | CA24: 10700.4 | CB24: 9285.2786 | CC24: =CB24/CA24*100 -> 86.775061 | CI24: 0 | CM24: 0 | CN24: 0 | CP24: 11555 | CQ24: 13554 | CR24: 13255.59 | CS24: =CR24/CQ24*100 -> 97.798359 | CT24: 15100.7 | CU24: 779.7 | CV24: 779.7 | CW24: =CV24/CU24*100 -> 100 | DC24: 1592.1 | DD24: 1592.1 | DE24: =DD24/DC24*100 -> 100 | FG24: 974.6 | FH24: 974.6 | FI24: =FH24/FG24*100 -> 100 | FK24: 3292 | FL24: 3292 | FM24: =FL24/FK24*100 -> 100 | FO24: 784.9 | FP24: 784.9 | FQ24: =FP24/FO24*100 -> 100
A25: Краснокутский | B25: =F25+J25+N25+R25+V25+Z25+AD25+AH25+AL25+AP25+AT25+AX25+BB25+BF25+BJ25+BN25+BR25+BV25+BZ25+CD25+CH25+CL25+CP25+CT25+CX25+DB25+DF25+DJ25+DN25+DR25+DV25+DZ25+ED25+EH25+EL25+EP25+ET25++EX25+FB25+FF25+FJ25+FN25+FR25+FV25+FZ25+GD25+GH25+GL25+GP25+GT25+GX25+HB25+HF25+HJ25+HN25+HR25+HV25 -> 26137.6 | C25: =G25+K25+O25+S25+W25+AA25+AE25+AI25+AM25+AQ25+AU25+AY25+BC25+BG25+BK25+BO25+BS25+BW25+CA25+CE25+CI25+CM25+CQ25+CU25+CY25+DC25+DG25+DK25+DO25+DS25+DW25+EA25+EE25+EI25+EM25+EQ25+EU25++EY25+FC25+FG25+FK25+FO25+FS25+FW25+GA25+GE25+GI25+GM25+GQ25+GU25+GY25+HC25+HG25+HK25+HO25+HS25+HW25 -> 87365.6 | D25: =H25+L25+P25+T25+X25+AB25+AF25+AJ25+AN25+AR25+AV25+AZ25+BD25+BH25+BL25+BP25+BT25+BX25+CB25+CF25+CJ25+CN25+CR25+CV25+CZ25+DD25+DH25+DL25+DP25+DT25+DX25+EB25+EF25+EJ25+EN25+ER25+EV25++EZ25+FD25+FH25+FL25+FP25+FT25+FX25+GB25+GF25+GJ25+GN25+GR25+GV25+GZ25+HD25+HH25+HL25+HP25+HT25+HX25 -> 86961.74 | E25: =D25/C25*100 -> 99.537735 | K25: 0 | L25: 0 | O25: 1500 | P25: 1500 | Q25: =P25/O25*100 -> 100 | W25: 481 | X25: 481.0285 | Y25: =X25/W25*100 -> 100.00593 | AA25: 0 | AB25: 0 | AE25: 17.23397 | AF25: 17.23397 | AG25: =AF25/AE25*100 -> 100 | AI25: 95.328 | AJ25: 95.328 | AK25: =AJ25/AI25*100 -> 100 | AU25: 100 | AV25: 100 | AW25: =AV25/AU25*100 -> 100 | BO25: 0 | BP25: 0 | BS25: 0 | BT25: 0 | BV25: 6619.9 | BW25: 6619.9 | BX25: 6619.92 | BY25: =BX25/BW25*100 -> 100.0003 | BZ25: 8688.4 | CA25: 8688.4 | CB25: 8644.191 | CC25: =CB25/CA25*100 -> 99.491172 | CI25: 0 | CM25: 0 | CN25: 0 | CP25: 10827 | CQ25: 12400.6 | CR25: 12400.6 | CS25: =CR25/CQ25*100 -> 100 | CT25: 2.3 | CU25: 0 | CV25: 0 | DC25: 3184.2 | DD25: 3184.2 | DE25: =DD25/DC25*100 -> 100 | EM25: 47209.438 | EN25: 47209.438 | EO25: =EN25/EM25*100 -> 100 | FG25: 4042.8 | FH25: 3683.1 | FI25: =FH25/FG25*100 -> 91.102701 | FK25: 3026.7 | FL25: 3026.7 | FM25: =FL25/FK25*100 -> 100
A26: Краснопартизанский | B26: =F26+J26+N26+R26+V26+Z26+AD26+AH26+AL26+AP26+AT26+AX26+BB26+BF26+BJ26+BN26+BR26+BV26+BZ26+CD26+CH26+CL26+CP26+CT26+CX26+DB26+DF26+DJ26+DN26+DR26+DV26+DZ26+ED26+EH26+EL26+EP26+ET26++EX26+FB26+FF26+FJ26+FN26+FR26+FV26+FZ26+GD26+GH26+GL26+GP26+GT26+GX26+HB26+HF26+HJ26+HN26+HR26+HV26 -> 23698.2 | C26: =G26+K26+O26+S26+W26+AA26+AE26+AI26+AM26+AQ26+AU26+AY26+BC26+BG26+BK26+BO26+BS26+BW26+CA26+CE26+CI26+CM26+CQ26+CU26+CY26+DC26+DG26+DK26+DO26+DS26+DW26+EA26+EE26+EI26+EM26+EQ26+EU26++EY26+FC26+FG26+FK26+FO26+FS26+FW26+GA26+GE26+GI26+GM26+GQ26+GU26+GY26+HC26+HG26+HK26+HO26+HS26+HW26 -> 41308.284 | D26: =H26+L26+P26+T26+X26+AB26+AF26+AJ26+AN26+AR26+AV26+AZ26+BD26+BH26+BL26+BP26+BT26+BX26+CB26+CF26+CJ26+CN26+CR26+CV26+CZ26+DD26+DH26+DL26+DP26+DT26+DX26+EB26+EF26+EJ26+EN26+ER26+EV26++EZ26+FD26+FH26+FL26+FP26+FT26+FX26+GB26+GF26+GJ26+GN26+GR26+GV26+GZ26+HD26+HH26+HL26+HP26+HT26+HX26 -> 40993.657 | E26: =D26/C26*100 -> 99.238344 | K26: 0 | L26: 0 | AA26: 0 | AB26: 0 | AE26: 6.85567 | AF26: 6.85567 | AG26: =AF26/AE26*100 -> 100 | AI26: 95.328 | AJ26: 95.328 | AK26: =AJ26/AI26*100 -> 100 | AU26: 50 | AV26: 50 | AW26: =AV26/AU26*100 -> 100 | BO26: 0 | BP26: 0 | BS26: 0 | BT26: 0 | BV26: 6135.4 | BW26: 6135.4 | BX26: 6135.373 | BY26: =BX26/BW26*100 -> 99.99956 | BZ26: 5461.4 | CA26: 5461.4 | CB26: 5146.8 | CC26: =CB26/CA26*100 -> 94.239572 | CI26: 0 | CM26: 0 | CN26: 0 | CP26: 8554 | CQ26: 9562.8 | CR26: 9562.8 | CS26: =CR26/CQ26*100 -> 100 | CT26: 3547.4 | CU26: 0 | CV26: 0 | DC26: 1592.1 | DD26: 1592.1 | DE26: =DD26/DC26*100 -> 100 | FG26: 1374.6 | FH26: 1374.6 | FI26: =FH26/FG26*100 -> 100 | FK26: 12608.4 | FL26: 12608.4 | FM26: =FL26/FK26*100 -> 100 | FO26: 4421.4 | FP26: 4421.4 | FQ26: =FP26/FO26*100 -> 100
A27: Лысогорский | B27: =F27+J27+N27+R27+V27+Z27+AD27+AH27+AL27+AP27+AT27+AX27+BB27+BF27+BJ27+BN27+BR27+BV27+BZ27+CD27+CH27+CL27+CP27+CT27+CX27+DB27+DF27+DJ27+DN27+DR27+DV27+DZ27+ED27+EH27+EL27+EP27+ET27++EX27+FB27+FF27+FJ27+FN27+FR27+FV27+FZ27+GD27+GH27+GL27+GP27+GT27+GX27+HB27+HF27+HJ27+HN27+HR27+HV27 -> 21903.7 | C27: =G27+K27+O27+S27+W27+AA27+AE27+AI27+AM27+AQ27+AU27+AY27+BC27+BG27+BK27+BO27+BS27+BW27+CA27+CE27+CI27+CM27+CQ27+CU27+CY27+DC27+DG27+DK27+DO27+DS27+DW27+EA27+EE27+EI27+EM27+EQ27+EU27++EY27+FC27+FG27+FK27+FO27+FS27+FW27+GA27+GE27+GI27+GM27+GQ27+GU27+GY27+HC27+HG27+HK27+HO27+HS27+HW27 -> 44219.334 | D27: =H27+L27+P27+T27+X27+AB27+AF27+AJ27+AN27+AR27+AV27+AZ27+BD27+BH27+BL27+BP27+BT27+BX27+CB27+CF27+CJ27+CN27+CR27+CV27+CZ27+DD27+DH27+DL27+DP27+DT27+DX27+EB27+EF27+EJ27+EN27+ER27+EV27++EZ27+FD27+FH27+FL27+FP27+FT27+FX27+GB27+GF27+GJ27+GN27+GR27+GV27+GZ27+HD27+HH27+HL27+HP27+HT27+HX27 -> 44019.3 | E27: =D27/C27*100 -> 99.547632 | K27: 0 | L27: 0 | O27: 1200 | P27: 1200 | Q27: =P27/O27*100 -> 100 | W27: 401.3 | X27: 401.31 | Y27: =X27/W27*100 -> 100.00249 | AA27: 0 | AB27: 0 | AE27: 9.92954 | AF27: 9.92954 | AG27: =AF27/AE27*100 -> 100 | AI27: 95.328 | AJ27: 95.328 | AK27: =AJ27/AI27*100 -> 100 | AM27: 3105.576 | AN27: 3105.576 | AO27: =AN27/AM27*100 -> 100 | AQ27: 100 | AR27: 100 | AS27: =AR27/AQ27*100 -> 100 | BO27: 0 | BP27: 0 | BS27: 0 | BT27: 0 | BV27: 5064.4 | BW27: 5064.4 | BX27: 5064.356 | BY27: =BX27/BW27*100 -> 99.999131 | BZ27: 3202.8 | CA27: 3202.8 | CB27: 3202.8 | CC27: =CB27/CA27*100 -> 100 | CI27: 0 | CM27: 0 | CN27: 0 | CP27: 6710 | CQ27: 7693.7 | CR27: 7693.7 | CS27: =CR27/CQ27*100 -> 100 | CT27: 6926.5 | CU27: 5820.4 | CV27: 5820.4 | CW27: =CV27/CU27*100 -> 100 | DC27: 3184.2 | DD27: 3184.2 | DE27: =DD27/DC27*100 -> 100 | FG27: 3771.1 | FH27: 3571.1 | FI27: =FH27/FG27*100 -> 94.696508 | FK27: 2047.6 | FL27: 2047.6 | FM27: =FL27/FK27*100 -> 100 | FO27: 8523 | FP27: 8523 | FQ27: =FP27/FO27*100 -> 100
A28: Марксовский | B28: =F28+J28+N28+R28+V28+Z28+AD28+AH28+AL28+AP28+AT28+AX28+BB28+BF28+BJ28+BN28+BR28+BV28+BZ28+CD28+CH28+CL28+CP28+CT28+CX28+DB28+DF28+DJ28+DN28+DR28+DV28+DZ28+ED28+EH28+EL28+EP28+ET28++EX28+FB28+FF28+FJ28+FN28+FR28+FV28+FZ28+GD28+GH28+GL28+GP28+GT28+GX28+HB28+HF28+HJ28+HN28+HR28+HV28 -> 44614.2 | C28: =G28+K28+O28+S28+W28+AA28+AE28+AI28+AM28+AQ28+AU28+AY28+BC28+BG28+BK28+BO28+BS28+BW28+CA28+CE28+CI28+CM28+CQ28+CU28+CY28+DC28+DG28+DK28+DO28+DS28+DW28+EA28+EE28+EI28+EM28+EQ28+EU28++EY28+FC28+FG28+FK28+FO28+FS28+FW28+GA28+GE28+GI28+GM28+GQ28+GU28+GY28+HC28+HG28+HK28+HO28+HS28+HW28 -> 60474.013 | D28: =H28+L28+P28+T28+X28+AB28+AF28+AJ28+AN28+AR28+AV28+AZ28+BD28+BH28+BL28+BP28+BT28+BX28+CB28+CF28+CJ28+CN28+CR28+CV28+CZ28+DD28+DH28+DL28+DP28+DT28+DX28+EB28+EF28+EJ28+EN28+ER28+EV28++EZ28+FD28+FH28+FL28+FP28+FT28+FX28+GB28+GF28+GJ28+GN28+GR28+GV28+GZ28+HD28+HH28+HL28+HP28+HT28+HX28 -> 59733.682 | E28: =D28/C28*100 -> 98.775786 | K28: 0 | L28: 0 | W28: 3566.2 | X28: 3566.2 | Y28: =X28/W28*100 -> 100 | AA28: 0 | AB28: 0 | AE28: 32.45699 | AF28: 32.45699 | AG28: =AF28/AE28*100 -> 100 | AI28: 190.656 | AJ28: 190.656 | AK28: =AJ28/AI28*100 -> 100 | AQ28: 100 | AR28: 100 | AS28: =AR28/AQ28*100 -> 100 | BO28: 0 | BP28: 0 | BS28: 0 | BT28: 0 | BV28: 12855.5 | BW28: 12855.5 | BX28: 12855.544 | BY28: =BX28/BW28*100 -> 100.00034 | BZ28: 11006.6 | CA28: 11006.6 | CB28: 10266.205 | CC28: =CB28/CA28*100 -> 93.273169 | CI28: 0 | CM28: 0 | CN28: 0 | CP28: 16735 | CQ28: 19990.2 | CR28: 19990.2 | CS28: =CR28/CQ28*100 -> 100 | CT28: 4017.1 | CU28: 1155.6 | CV28: 1155.6 | CW28: =CV28/CU28*100 -> 100 | DC28: 4776.2 | DD28: 4776.22 | DE28: =DD28/DC28*100 -> 100.00042 | FG28: 4855.8 | FH28: 4855.8 | FI28: =FH28/FG28*100 -> 100 | FK28: 1000 | FL28: 1000 | FM28: =FL28/FK28*100 -> 100 | FO28: 944.8 | FP28: 944.8 | FQ28: =FP28/FO28*100 -> 100
A29: Новобурасский | B29: =F29+J29+N29+R29+V29+Z29+AD29+AH29+AL29+AP29+AT29+AX29+BB29+BF29+BJ29+BN29+BR29+BV29+BZ29+CD29+CH29+CL29+CP29+CT29+CX29+DB29+DF29+DJ29+DN29+DR29+DV29+DZ29+ED29+EH29+EL29+EP29+ET29++EX29+FB29+FF29+FJ29+FN29+FR29+FV29+FZ29+GD29+GH29+GL29+GP29+GT29+GX29+HB29+HF29+HJ29+HN29+HR29+HV29 -> 24019.4 | C29: =G29+K29+O29+S29+W29+AA29+AE29+AI29+AM29+AQ29+AU29+AY29+BC29+BG29+BK29+BO29+BS29+BW29+CA29+CE29+CI29+CM29+CQ29+CU29+CY29+DC29+DG29+DK29+DO29+DS29+DW29+EA29+EE29+EI29+EM29+EQ29+EU29++EY29+FC29+FG29+FK29+FO29+FS29+FW29+GA29+GE29+GI29+GM29+GQ29+GU29+GY29+HC29+HG29+HK29+HO29+HS29+HW29 -> 55330.786 | D29: =H29+L29+P29+T29+X29+AB29+AF29+AJ29+AN29+AR29+AV29+AZ29+BD29+BH29+BL29+BP29+BT29+BX29+CB29+CF29+CJ29+CN29+CR29+CV29+CZ29+DD29+DH29+DL29+DP29+DT29+DX29+EB29+EF29+EJ29+EN29+ER29+EV29++EZ29+FD29+FH29+FL29+FP29+FT29+FX29+GB29+GF29+GJ29+GN29+GR29+GV29+GZ29+HD29+HH29+HL29+HP29+HT29+HX29 -> 55330.755 | E29: =D29/C29*100 -> 99.999944 | K29: 0 | L29: 0 | AA29: 0 | AB29: 0 | AE29: 8.25761 | AF29: 8.25761 | AG29: =AF29/AE29*100 -> 100 | AI29: 95.328 | AJ29: 95.328 | AK29: =AJ29/AI29*100 -> 100 | BO29: 0 | BP29: 0 | BS29: 0 | BT29: 0 | BV29: 6227.3 | BW29: 6227.3 | BX29: 6227.269 | BY29: =BX29/BW29*100 -> 99.999502 | BZ29: 5616.2 | CA29: 5616.2 | CB29: 5616.2 | CC29: =CB29/CA29*100 -> 100 | CI29: 0 | CM29: 0 | CN29: 0 | CP29: 8259 | CQ29: 9605.7 | CR29: 9605.7 | CS29: =CR29/CQ29*100 -> 100 | CT29: 3916.9 | CU29: 0 | CV29: 0 | DC29: 1592.1 | DD29: 1592.1 | DE29: =DD29/DC29*100 -> 100 | FG29: 1554.6 | FH29: 1554.6 | FI29: =FH29/FG29*100 -> 100 | FK29: 5423.5 | FL29: 5423.5 | FM29: =FL29/FK29*100 -> 100 | FO29: 25207.8 | FP29: 25207.8 | FQ29: =FP29/FO29*100 -> 100
A30: Новоузенский | B30: =F30+J30+N30+R30+V30+Z30+AD30+AH30+AL30+AP30+AT30+AX30+BB30+BF30+BJ30+BN30+BR30+BV30+BZ30+CD30+CH30+CL30+CP30+CT30+CX30+DB30+DF30+DJ30+DN30+DR30+DV30+DZ30+ED30+EH30+EL30+EP30+ET30++EX30+FB30+FF30+FJ30+FN30+FR30+FV30+FZ30+GD30+GH30+GL30+GP30+GT30+GX30+HB30+HF30+HJ30+HN30+HR30+HV30 -> 68470.3 | C30: =G30+K30+O30+S30+W30+AA30+AE30+AI30+AM30+AQ30+AU30+AY30+BC30+BG30+BK30+BO30+BS30+BW30+CA30+CE30+CI30+CM30+CQ30+CU30+CY30+DC30+DG30+DK30+DO30+DS30+DW30+EA30+EE30+EI30+EM30+EQ30+EU30++EY30+FC30+FG30+FK30+FO30+FS30+FW30+GA30+GE30+GI30+GM30+GQ30+GU30+GY30+HC30+HG30+HK30+HO30+HS30+HW30 -> 81261.44 | D30: =H30+L30+P30+T30+X30+AB30+AF30+AJ30+AN30+AR30+AV30+AZ30+BD30+BH30+BL30+BP30+BT30+BX30+CB30+CF30+CJ30+CN30+CR30+CV30+CZ30+DD30+DH30+DL30+DP30+DT30+DX30+EB30+EF30+EJ30+EN30+ER30+EV30++EZ30+FD30+FH30+FL30+FP30+FT30+FX30+GB30+GF30+GJ30+GN30+GR30+GV30+GZ30+HD30+HH30+HL30+HP30+HT30+HX30 -> 77990.271 | E30: =D30/C30*100 -> 95.974513 | K30: 0 | L30: 0 | W30: 191.1 | X30: 191.1369 | Y30: =X30/W30*100 -> 100.01931 | AA30: 0 | AB30: 0 | AE30: 15.11225 | AF30: 15.11225 | AG30: =AF30/AE30*100 -> 100 | AI30: 95.328 | AJ30: 95.328 | AK30: =AJ30/AI30*100 -> 100 | AQ30: 100 | AR30: 100 | AS30: =AR30/AQ30*100 -> 100 | AU30: 50 | AV30: 50 | AW30: =AV30/AU30*100 -> 100 | BO30: 0 | BP30: 0 | BS30: 0 | BT30: 0 | BV30: 10098.6 | BW30: 10098.6 | BX30: 10082.254 | BY30: =BX30/BW30*100 -> 99.838135 | BZ30: 17237.2 | CA30: 17237.2 | CB30: 16501.833 | CC30: =CB30/CA30*100 -> 95.733837 | CI30: 0 | CM30: 0 | CN30: 0 | CP30: 15132 | CQ30: 16921.7 | CR30: 14402.207 | CS30: =CR30/CQ30*100 -> 85.110878 | CT30: 26002.5 | CU30: 23925.2 | CV30: 23925.2 | CW30: =CV30/CU30*100 -> 100 | DC30: 1592.1 | DD30: 1592.1 | DE30: =DD30/DC30*100 -> 100 | FG30: 1152.6 | FH30: 1152.6 | FI30: =FH30/FG30*100 -> 100 | FK30: 1736.9 | FL30: 1736.9 | FM30: =FL30/FK30*100 -> 100 | FO30: 8145.6 | FP30: 8145.6 | FQ30: =FP30/FO30*100 -> 100
A31: Озинский | B31: =F31+J31+N31+R31+V31+Z31+AD31+AH31+AL31+AP31+AT31+AX31+BB31+BF31+BJ31+BN31+BR31+BV31+BZ31+CD31+CH31+CL31+CP31+CT31+CX31+DB31+DF31+DJ31+DN31+DR31+DV31+DZ31+ED31+EH31+EL31+EP31+ET31++EX31+FB31+FF31+FJ31+FN31+FR31+FV31+FZ31+GD31+GH31+GL31+GP31+GT31+GX31+HB31+HF31+HJ31+HN31+HR31+HV31 -> 24628.8 | C31: =G31+K31+O31+S31+W31+AA31+AE31+AI31+AM31+AQ31+AU31+AY31+BC31+BG31+BK31+BO31+BS31+BW31+CA31+CE31+CI31+CM31+CQ31+CU31+CY31+DC31+DG31+DK31+DO31+DS31+DW31+EA31+EE31+EI31+EM31+EQ31+EU31++EY31+FC31+FG31+FK31+FO31+FS31+FW31+GA31+GE31+GI31+GM31+GQ31+GU31+GY31+HC31+HG31+HK31+HO31+HS31+HW31 -> 89004.675 | D31: =H31+L31+P31+T31+X31+AB31+AF31+AJ31+AN31+AR31+AV31+AZ31+BD31+BH31+BL31+BP31+BT31+BX31+CB31+CF31+CJ31+CN31+CR31+CV31+CZ31+DD31+DH31+DL31+DP31+DT31+DX31+EB31+EF31+EJ31+EN31+ER31+EV31++EZ31+FD31+FH31+FL31+FP31+FT31+FX31+GB31+GF31+GJ31+GN31+GR31+GV31+GZ31+HD31+HH31+HL31+HP31+HT31+HX31 -> 88930.484 | E31: =D31/C31*100 -> 99.916644 | K31: 0 | L31: 0 | O31: 1000 | P31: 1000 | Q31: =P31/O31*100 -> 100 | W31: 474.9 | X31: 474.94 | Y31: =X31/W31*100 -> 100.00842 | AA31: 0 | AB31: 0 | AE31: 8.74657 | AF31: 8.74657 | AG31: =AF31/AE31*100 -> 100 | AI31: 95.328 | AJ31: 95.328 | AK31: =AJ31/AI31*100 -> 100 | BO31: 0 | BP31: 0 | BS31: 0 | BT31: 0 | BV31: 4892.3 | BW31: 4892.3 | BX31: 4892.258 | BY31: =BX31/BW31*100 -> 99.999142 | BZ31: 8114.6 | CA31: 8114.6 | CB31: 8114.6 | CC31: =CB31/CA31*100 -> 100 | CI31: 0 | CM31: 0 | CN31: 0 | CP31: 11091 | CQ31: 12454.7 | CR31: 12454.7 | CS31: =CR31/CQ31*100 -> 100 | CT31: 530.9 | CU31: 0 | CV31: 0 | DC31: 1592.1 | DD31: 1592.1 | DE31: =DD31/DC31*100 -> 100 | DK31: 4999.6 | DL31: 4999.6 | DM31: =DL31/DK31*100 -> 100 | EI31: 43762.7 | EJ31: 43762.7 | EK31: =EJ31/EI31*100 -> 100 | EY31: 4900 | EZ31: 4825.8112 | FA31: =EZ31/EY31*100 -> 98.485943 | FG31: 1209.7 | FH31: 1209.7 | FI31: =FH31/FG31*100 -> 100 | FK31: 2500 | FL31: 2500 | FM31: =FL31/FK31*100 -> 100 | GE31: 3000 | GF31: 3000 | GG31: =GF31/GE31*100 -> 100
A32: Перелюбский | B32: =F32+J32+N32+R32+V32+Z32+AD32+AH32+AL32+AP32+AT32+AX32+BB32+BF32+BJ32+BN32+BR32+BV32+BZ32+CD32+CH32+CL32+CP32+CT32+CX32+DB32+DF32+DJ32+DN32+DR32+DV32+DZ32+ED32+EH32+EL32+EP32+ET32++EX32+FB32+FF32+FJ32+FN32+FR32+FV32+FZ32+GD32+GH32+GL32+GP32+GT32+GX32+HB32+HF32+HJ32+HN32+HR32+HV32 -> 26967.7 | C32: =G32+K32+O32+S32+W32+AA32+AE32+AI32+AM32+AQ32+AU32+AY32+BC32+BG32+BK32+BO32+BS32+BW32+CA32+CE32+CI32+CM32+CQ32+CU32+CY32+DC32+DG32+DK32+DO32+DS32+DW32+EA32+EE32+EI32+EM32+EQ32+EU32++EY32+FC32+FG32+FK32+FO32+FS32+FW32+GA32+GE32+GI32+GM32+GQ32+GU32+GY32+HC32+HG32+HK32+HO32+HS32+HW32 -> 66557.996 | D32: =H32+L32+P32+T32+X32+AB32+AF32+AJ32+AN32+AR32+AV32+AZ32+BD32+BH32+BL32+BP32+BT32+BX32+CB32+CF32+CJ32+CN32+CR32+CV32+CZ32+DD32+DH32+DL32+DP32+DT32+DX32+EB32+EF32+EJ32+EN32+ER32+EV32++EZ32+FD32+FH32+FL32+FP32+FT32+FX32+GB32+GF32+GJ32+GN32+GR32+GV32+GZ32+HD32+HH32+HL32+HP32+HT32+HX32 -> 65088.145 | E32: =D32/C32*100 -> 97.791623 | K32: 0 | L32: 0 | O32: 1400 | P32: 1400 | Q32: =P32/O32*100 -> 100 | AA32: 0 | AB32: 0 | AE32: 6.80878 | AF32: 6.80878 | AG32: =AF32/AE32*100 -> 100 | AI32: 95.328 | AJ32: 95.328 | AK32: =AJ32/AI32*100 -> 100 | AM32: 3091.459 | AN32: 3091.459 | AO32: =AN32/AM32*100 -> 100 | BO32: 0 | BP32: 0 | BS32: 0 | BT32: 0 | BV32: 6710.2 | BW32: 6710.2 | BX32: 6710.146 | BY32: =BX32/BW32*100 -> 99.999195 | BZ32: 5743.8 | CA32: 5743.8 | CB32: 5294.2828 | CC32: =CB32/CA32*100 -> 92.17387 | CI32: 0 | CM32: 0 | CN32: 0 | CP32: 7458 | CQ32: 8505.1 | CR32: 8505.1 | CS32: =CR32/CQ32*100 -> 100 | CT32: 7055.7 | CU32: 6821.9 | CV32: 6821.9 | CW32: =CV32/CU32*100 -> 100 | DC32: 1592.1 | DD32: 1592.1 | DE32: =DD32/DC32*100 -> 100 | DK32: 5000.2 | DL32: 5000.2 | DM32: =DL32/DK32*100 -> 100 | FG32: 1710.1 | FH32: 689.82 | FI32: =FH32/FG32*100 -> 40.337992 | FK32: 700 | FL32: 700 | FM32: =FL32/FK32*100 -> 100 | FO32: 25181 | FP32: 25181 | FQ32: =FP32/FO32*100 -> 100
A33: Петровский | B33: =F33+J33+N33+R33+V33+Z33+AD33+AH33+AL33+AP33+AT33+AX33+BB33+BF33+BJ33+BN33+BR33+BV33+BZ33+CD33+CH33+CL33+CP33+CT33+CX33+DB33+DF33+DJ33+DN33+DR33+DV33+DZ33+ED33+EH33+EL33+EP33+ET33++EX33+FB33+FF33+FJ33+FN33+FR33+FV33+FZ33+GD33+GH33+GL33+GP33+GT33+GX33+HB33+HF33+HJ33+HN33+HR33+HV33 -> 39325.2 | C33: =G33+K33+O33+S33+W33+AA33+AE33+AI33+AM33+AQ33+AU33+AY33+BC33+BG33+BK33+BO33+BS33+BW33+CA33+CE33+CI33+CM33+CQ33+CU33+CY33+DC33+DG33+DK33+DO33+DS33+DW33+EA33+EE33+EI33+EM33+EQ33+EU33++EY33+FC33+FG33+FK33+FO33+FS33+FW33+GA33+GE33+GI33+GM33+GQ33+GU33+GY33+HC33+HG33+HK33+HO33+HS33+HW33 -> 56875.573 | D33: =H33+L33+P33+T33+X33+AB33+AF33+AJ33+AN33+AR33+AV33+AZ33+BD33+BH33+BL33+BP33+BT33+BX33+CB33+CF33+CJ33+CN33+CR33+CV33+CZ33+DD33+DH33+DL33+DP33+DT33+DX33+EB33+EF33+EJ33+EN33+ER33+EV33++EZ33+FD33+FH33+FL33+FP33+FT33+FX33+GB33+GF33+GJ33+GN33+GR33+GV33+GZ33+HD33+HH33+HL33+HP33+HT33+HX33 -> 55134.103 | E33: =D33/C33*100 -> 96.938105 | K33: 0 | L33: 0 | O33: 1400 | P33: 1399.9956 | Q33: =P33/O33*100 -> 99.999687 | W33: 6714.7 | X33: 6669.3503 | Y33: =X33/W33*100 -> 99.32462 | AA33: 0 | AB33: 0 | AE33: 21.44547 | AF33: 21.44547 | AG33: =AF33/AE33*100 -> 100 | AI33: 95.328 | AJ33: 95.328 | AK33: =AJ33/AI33*100 -> 100 | AQ33: 100 | AR33: 100 | AS33: =AR33/AQ33*100 -> 100 | BO33: 0 | BP33: 0 | BS33: 0 | BT33: 0 | BV33: 9986.7 | BW33: 9986.7 | BX33: 9986.689 | BY33: =BX33/BW33*100 -> 99.99989 | BZ33: 5164.8 | CA33: 5164.8 | CB33: 5032.4248 | CC33: =CB33/CA33*100 -> 97.436972 | CI33: 0 | CN33: 0 | CP33: 12112 | CQ33: 14379.1 | CR33: 12815.37 | CS33: =CR33/CQ33*100 -> 89.124979 | CT33: 12061.7 | CU33: 4292.9 | CV33: 4292.9 | CW33: =CV33/CU33*100 -> 100 | DC33: 1592.1 | DD33: 1592.1 | DE33: =DD33/DC33*100 -> 100 | FG33: 874.6 | FH33: 874.6 | FI33: =FH33/FG33*100 -> 100 | FK33: 7124.3 | FL33: 7124.3 | FM33: =FL33/FK33*100 -> 100 | FO33: 5129.6 | FP33: 5129.6 | FQ33: =FP33/FO33*100 -> 100
A34: Питерский | B34: =F34+J34+N34+R34+V34+Z34+AD34+AH34+AL34+AP34+AT34+AX34+BB34+BF34+BJ34+BN34+BR34+BV34+BZ34+CD34+CH34+CL34+CP34+CT34+CX34+DB34+DF34+DJ34+DN34+DR34+DV34+DZ34+ED34+EH34+EL34+EP34+ET34++EX34+FB34+FF34+FJ34+FN34+FR34+FV34+FZ34+GD34+GH34+GL34+GP34+GT34+GX34+HB34+HF34+HJ34+HN34+HR34+HV34 -> 22821 | C34: =G34+K34+O34+S34+W34+AA34+AE34+AI34+AM34+AQ34+AU34+AY34+BC34+BG34+BK34+BO34+BS34+BW34+CA34+CE34+CI34+CM34+CQ34+CU34+CY34+DC34+DG34+DK34+DO34+DS34+DW34+EA34+EE34+EI34+EM34+EQ34+EU34++EY34+FC34+FG34+FK34+FO34+FS34+FW34+GA34+GE34+GI34+GM34+GQ34+GU34+GY34+HC34+HG34+HK34+HO34+HS34+HW34 -> 52451.925 | D34: =H34+L34+P34+T34+X34+AB34+AF34+AJ34+AN34+AR34+AV34+AZ34+BD34+BH34+BL34+BP34+BT34+BX34+CB34+CF34+CJ34+CN34+CR34+CV34+CZ34+DD34+DH34+DL34+DP34+DT34+DX34+EB34+EF34+EJ34+EN34+ER34+EV34++EZ34+FD34+FH34+FL34+FP34+FT34+FX34+GB34+GF34+GJ34+GN34+GR34+GV34+GZ34+HD34+HH34+HL34+HP34+HT34+HX34 -> 51260.225 | E34: =D34/C34*100 -> 97.728015 | K34: 0 | L34: 0 | W34: 210.5 | X34: 210.5 | Y34: =X34/W34*100 -> 100 | AA34: 0 | AB34: 0 | AE34: 8.32974 | AF34: 8.32974 | AG34: =AF34/AE34*100 -> 100 | AI34: 95.328 | AJ34: 95.328 | AK34: =AJ34/AI34*100 -> 100 | AM34: 2679.713 | AN34: 2679.713 | AO34: =AN34/AM34*100 -> 100 | AQ34: 100 | AR34: 100 | AS34: =AR34/AQ34*100 -> 100 | BO34: 0 | BP34: 0 | BS34: 0 | BT34: 0 | BV34: 4021.7 | BW34: 4021.7 | BX34: 2830 | BY34: =BX34/BW34*100 -> 70.368252 | BZ34: 4239.8 | CA34: 4239.8 | CB34: 4239.8 | CC34: =CB34/CA34*100 -> 100 | CI34: 0 | CM34: 0 | CN34: 0 | CP34: 8224 | CQ34: 9529.2 | CR34: 9529.2 | CS34: =CR34/CQ34*100 -> 100 | CT34: 6335.5 | CU34: 5819.6 | CV34: 5819.6 | CW34: =CV34/CU34*100 -> 100 | DC34: 1592.1 | DD34: 1592.1 | DE34: =DD34/DC34*100 -> 100 | EQ34: 4758.9541 | ER34: 4758.9541 | ES34: =ER34/EQ34*100 -> 100 | FG34: 1224.6 | FH34: 1224.6 | FI34: =FH34/FG34*100 -> 100 | FK34: 3671.7 | FL34: 3671.7 | FM34: =FL34/FK34*100 -> 100 | FO34: 14500.4 | FP34: 14500.4 | FQ34: =FP34/FO34*100 -> 100
A35: Пугачевский | B35: =F35+J35+N35+R35+V35+Z35+AD35+AH35+AL35+AP35+AT35+AX35+BB35+BF35+BJ35+BN35+BR35+BV35+BZ35+CD35+CH35+CL35+CP35+CT35+CX35+DB35+DF35+DJ35+DN35+DR35+DV35+DZ35+ED35+EH35+EL35+EP35+ET35++EX35+FB35+FF35+FJ35+FN35+FR35+FV35+FZ35+GD35+GH35+GL35+GP35+GT35+GX35+HB35+HF35+HJ35+HN35+HR35+HV35 -> 109753.6 | C35: =G35+K35+O35+S35+W35+AA35+AE35+AI35+AM35+AQ35+AU35+AY35+BC35+BG35+BK35+BO35+BS35+BW35+CA35+CE35+CI35+CM35+CQ35+CU35+CY35+DC35+DG35+DK35+DO35+DS35+DW35+EA35+EE35+EI35+EM35+EQ35+EU35++EY35+FC35+FG35+FK35+FO35+FS35+FW35+GA35+GE35+GI35+GM35+GQ35+GU35+GY35+HC35+HG35+HK35+HO35+HS35+HW35 -> 144613.55 | D35: =H35+L35+P35+T35+X35+AB35+AF35+AJ35+AN35+AR35+AV35+AZ35+BD35+BH35+BL35+BP35+BT35+BX35+CB35+CF35+CJ35+CN35+CR35+CV35+CZ35+DD35+DH35+DL35+DP35+DT35+DX35+EB35+EF35+EJ35+EN35+ER35+EV35++EZ35+FD35+FH35+FL35+FP35+FT35+FX35+GB35+GF35+GJ35+GN35+GR35+GV35+GZ35+HD35+HH35+HL35+HP35+HT35+HX35 -> 142604.03 | E35: =D35/C35*100 -> 98.610416 | K35: 0 | L35: 0 | W35: 7164.1 | X35: 6977.2105 | Y35: =X35/W35*100 -> 97.391305 | AA35: 0 | AB35: 0 | AE35: 29.99831 | AF35: 29.99831 | AG35: =AF35/AE35*100 -> 100 | AI35: 190.656 | AJ35: 190.656 | AK35: =AJ35/AI35*100 -> 100 | AM35: 2500 | AN35: 2500 | AO35: =AN35/AM35*100 -> 100 | AQ35: 100 | AR35: 100 | AS35: =AR35/AQ35*100 -> 100 | AU35: 50 | AV35: 50 | AW35: =AV35/AU35*100 -> 100 | BO35: 0 | BP35: 0 | BS35: 0 | BT35: 0 | BV35: 13594.1 | BW35: 13594.1 | BX35: 13594.061 | BY35: =BX35/BW35*100 -> 99.999713 | BZ35: 14537.8 | CA35: 14537.8 | CB35: 13168.927 | CC35: =CB35/CA35*100 -> 90.584041 | CI35: 0 | CM35: 0 | CN35: 0 | CP35: 22268 | CQ35: 24966.5 | CR35: 24966.5 | CS35: =CR35/CQ35*100 -> 100 | CT35: 59353.7 | CU35: 53304.1 | CV35: 53304.1 | CW35: =CV35/CU35*100 -> 100 | DC35: 4776.3 | DD35: 4776.26 | DE35: =DD35/DC35*100 -> 99.999163 | FG35: 3620.8 | FH35: 3167.1143 | FI35: =FH35/FG35*100 -> 87.470014 | FK35: 2070 | FL35: 2070 | FM35: =FL35/FK35*100 -> 100 | FO35: 17709.2 | FP35: 17709.2 | FQ35: =FP35/FO35*100 -> 100
A36: Ровенский | B36: =F36+J36+N36+R36+V36+Z36+AD36+AH36+AL36+AP36+AT36+AX36+BB36+BF36+BJ36+BN36+BR36+BV36+BZ36+CD36+CH36+CL36+CP36+CT36+CX36+DB36+DF36+DJ36+DN36+DR36+DV36+DZ36+ED36+EH36+EL36+EP36+ET36++EX36+FB36+FF36+FJ36+FN36+FR36+FV36+FZ36+GD36+GH36+GL36+GP36+GT36+GX36+HB36+HF36+HJ36+HN36+HR36+HV36 -> 16804.9 | C36: =G36+K36+O36+S36+W36+AA36+AE36+AI36+AM36+AQ36+AU36+AY36+BC36+BG36+BK36+BO36+BS36+BW36+CA36+CE36+CI36+CM36+CQ36+CU36+CY36+DC36+DG36+DK36+DO36+DS36+DW36+EA36+EE36+EI36+EM36+EQ36+EU36++EY36+FC36+FG36+FK36+FO36+FS36+FW36+GA36+GE36+GI36+GM36+GQ36+GU36+GY36+HC36+HG36+HK36+HO36+HS36+HW36 -> 32459.912 | D36: =H36+L36+P36+T36+X36+AB36+AF36+AJ36+AN36+AR36+AV36+AZ36+BD36+BH36+BL36+BP36+BT36+BX36+CB36+CF36+CJ36+CN36+CR36+CV36+CZ36+DD36+DH36+DL36+DP36+DT36+DX36+EB36+EF36+EJ36+EN36+ER36+EV36++EZ36+FD36+FH36+FL36+FP36+FT36+FX36+GB36+GF36+GJ36+GN36+GR36+GV36+GZ36+HD36+HH36+HL36+HP36+HT36+HX36 -> 32459.652 | E36: =D36/C36*100 -> 99.999199 | K36: 0 | L36: 0 | O36: 1200 | P36: 1200 | Q36: =P36/O36*100 -> 100 | W36: 414.4 | X36: 414.4376 | Y36: =X36/W36*100 -> 100.00907 | AA36: 0 | AB36: 0 | AE36: 8.88362 | AF36: 8.88362 | AG36: =AF36/AE36*100 -> 100 | AI36: 95.328 | AJ36: 95.328 | AK36: =AJ36/AI36*100 -> 100 | AQ36: 100 | AR36: 100 | AS36: =AR36/AQ36*100 -> 100 | BO36: 0 | BP36: 0 | BS36: 0 | BT36: 0 | BV36: 4003.4 | BW36: 4003.4 | BX36: 4003.1025 | BY36: =BX36/BW36*100 -> 99.992569 | BZ36: 4705.8 | CA36: 4705.8 | CB36: 4705.8 | CC36: =CB36/CA36*100 -> 100 | CI36: 0 | CM36: 0 | CN36: 0 | CP36: 6342 | CQ36: 7257.4 | CR36: 7257.4 | CS36: =CR36/CQ36*100 -> 100 | CT36: 1753.7 | CU36: 0 | CV36: 0 | DC36: 1592.1 | DD36: 1592.1 | DE36: =DD36/DC36*100 -> 100 | FG36: 2724.6 | FH36: 2724.6 | FI36: =FH36/FG36*100 -> 100 | FK36: 10358 | FL36: 10358 | FM36: =FL36/FK36*100 -> 100
A37: Романовский | B37: =F37+J37+N37+R37+V37+Z37+AD37+AH37+AL37+AP37+AT37+AX37+BB37+BF37+BJ37+BN37+BR37+BV37+BZ37+CD37+CH37+CL37+CP37+CT37+CX37+DB37+DF37+DJ37+DN37+DR37+DV37+DZ37+ED37+EH37+EL37+EP37+ET37++EX37+FB37+FF37+FJ37+FN37+FR37+FV37+FZ37+GD37+GH37+GL37+GP37+GT37+GX37+HB37+HF37+HJ37+HN37+HR37+HV37 -> 14948.1 | C37: =G37+K37+O37+S37+W37+AA37+AE37+AI37+AM37+AQ37+AU37+AY37+BC37+BG37+BK37+BO37+BS37+BW37+CA37+CE37+CI37+CM37+CQ37+CU37+CY37+DC37+DG37+DK37+DO37+DS37+DW37+EA37+EE37+EI37+EM37+EQ37+EU37++EY37+FC37+FG37+FK37+FO37+FS37+FW37+GA37+GE37+GI37+GM37+GQ37+GU37+GY37+HC37+HG37+HK37+HO37+HS37+HW37 -> 30565.565 | D37: =H37+L37+P37+T37+X37+AB37+AF37+AJ37+AN37+AR37+AV37+AZ37+BD37+BH37+BL37+BP37+BT37+BX37+CB37+CF37+CJ37+CN37+CR37+CV37+CZ37+DD37+DH37+DL37+DP37+DT37+DX37+EB37+EF37+EJ37+EN37+ER37+EV37++EZ37+FD37+FH37+FL37+FP37+FT37+FX37+GB37+GF37+GJ37+GN37+GR37+GV37+GZ37+HD37+HH37+HL37+HP37+HT37+HX37 -> 29385.292 | E37: =D37/C37*100 -> 96.138555 | K37: 0 | L37: 0 | O37: 1000 | P37: 1000 | Q37: =P37/O37*100 -> 100 | W37: 1565.8 | X37: 1422.3074 | Y37: =X37/W37*100 -> 90.83583 | AA37: 0 | AB37: 0 | AE37: 7.22303 | AF37: 7.22303 | AG37: =AF37/AE37*100 -> 100 | AQ37: 100 | AR37: 100 | AS37: =AR37/AQ37*100 -> 100 | AU37: 50 | AV37: 50 | AW37: =AV37/AU37*100 -> 100 | BO37: 0 | BP37: 0 | BS37: 0 | BT37: 0 | BV37: 4995.9 | BW37: 4995.9 | BX37: 4995.851 | BY37: =BX37/BW37*100 -> 99.999019 | BZ37: 2962.3 | CA37: 2962.3 | CB37: 2023.9821 | CC37: =CB37/CA37*100 -> 68.324683 | CI37: 0 | CM37: 0 | CN37: 0 | CP37: 5349 | CQ37: 6242.1 | CR37: 6217.5177 | CS37: =CR37/CQ37*100 -> 99.606186 | CT37: 1640.9 | CU37: 0 | CV37: 0 | DC37: 1592.1 | DD37: 1592.1 | DE37: =DD37/DC37*100 -> 100 | DK37: 5000.2 | DL37: 5000.2 | DM37: =DL37/DK37*100 -> 100 | EM37: 4496.7416 | EN37: 4496.7416 | EO37: =EN37/EM37*100 -> 100 | FG37: 1414.6 | FH37: 1340.7694 | FI37: =FH37/FG37*100 -> 94.780814 | FK37: 1138.6 | FL37: 1138.6 | FM37: =FL37/FK37*100 -> 100
A38: Ртищевский | B38: =F38+J38+N38+R38+V38+Z38+AD38+AH38+AL38+AP38+AT38+AX38+BB38+BF38+BJ38+BN38+BR38+BV38+BZ38+CD38+CH38+CL38+CP38+CT38+CX38+DB38+DF38+DJ38+DN38+DR38+DV38+DZ38+ED38+EH38+EL38+EP38+ET38++EX38+FB38+FF38+FJ38+FN38+FR38+FV38+FZ38+GD38+GH38+GL38+GP38+GT38+GX38+HB38+HF38+HJ38+HN38+HR38+HV38 -> 50790.1 | C38: =G38+K38+O38+S38+W38+AA38+AE38+AI38+AM38+AQ38+AU38+AY38+BC38+BG38+BK38+BO38+BS38+BW38+CA38+CE38+CI38+CM38+CQ38+CU38+CY38+DC38+DG38+DK38+DO38+DS38+DW38+EA38+EE38+EI38+EM38+EQ38+EU38++EY38+FC38+FG38+FK38+FO38+FS38+FW38+GA38+GE38+GI38+GM38+GQ38+GU38+GY38+HC38+HG38+HK38+HO38+HS38+HW38 -> 81347.289 | D38: =H38+L38+P38+T38+X38+AB38+AF38+AJ38+AN38+AR38+AV38+AZ38+BD38+BH38+BL38+BP38+BT38+BX38+CB38+CF38+CJ38+CN38+CR38+CV38+CZ38+DD38+DH38+DL38+DP38+DT38+DX38+EB38+EF38+EJ38+EN38+ER38+EV38++EZ38+FD38+FH38+FL38+FP38+FT38+FX38+GB38+GF38+GJ38+GN38+GR38+GV38+GZ38+HD38+HH38+HL38+HP38+HT38+HX38 -> 77190.296 | E38: =D38/C38*100 -> 94.88982 | K38: 0 | L38: 0 | W38: 844.7 | X38: 676.95901 | Y38: =X38/W38*100 -> 80.141945 | AA38: 0 | AB38: 0 | AE38: 27.93275 | AF38: 27.93275 | AG38: =AF38/AE38*100 -> 100 | AI38: 190.656 | AJ38: 190.656 | AK38: =AJ38/AI38*100 -> 100 | AQ38: 100 | AR38: 100 | AS38: =AR38/AQ38*100 -> 100 | BO38: 0 | BP38: 0 | BS38: 0 | BT38: 0 | BV38: 10571.5 | BW38: 10571.5 | BX38: 10466.028 | BY38: =BX38/BW38*100 -> 99.002303 | BZ38: 14227.6 | CA38: 14227.6 | CB38: 11392.787 | CC38: =CB38/CA38*100 -> 80.075255 | CI38: 0 | CM38: 0 | CN38: 0 | CP38: 14195 | CQ38: 17075.7 | CR38: 17037.066 | CS38: =CR38/CQ38*100 -> 99.773747 | CT38: 11796 | CU38: 18686.8 | CV38: 18683.851 | CW38: =CV38/CU38*100 -> 99.984219 | DC38: 6368.4 | DD38: 6368.4 | DE38: =DD38/DC38*100 -> 100 | FG38: 4260.5 | FH38: 3253.116 | FI38: =FH38/FG38*100 -> 76.355263 | FK38: 8993.5 | FL38: 8993.5 | FM38: =FL38/FK38*100 -> 100
A39: Самойловский | B39: =F39+J39+N39+R39+V39+Z39+AD39+AH39+AL39+AP39+AT39+AX39+BB39+BF39+BJ39+BN39+BR39+BV39+BZ39+CD39+CH39+CL39+CP39+CT39+CX39+DB39+DF39+DJ39+DN39+DR39+DV39+DZ39+ED39+EH39+EL39+EP39+ET39++EX39+FB39+FF39+FJ39+FN39+FR39+FV39+FZ39+GD39+GH39+GL39+GP39+GT39+GX39+HB39+HF39+HJ39+HN39+HR39+HV39 -> 21072.7 | C39: =G39+K39+O39+S39+W39+AA39+AE39+AI39+AM39+AQ39+AU39+AY39+BC39+BG39+BK39+BO39+BS39+BW39+CA39+CE39+CI39+CM39+CQ39+CU39+CY39+DC39+DG39+DK39+DO39+DS39+DW39+EA39+EE39+EI39+EM39+EQ39+EU39++EY39+FC39+FG39+FK39+FO39+FS39+FW39+GA39+GE39+GI39+GM39+GQ39+GU39+GY39+HC39+HG39+HK39+HO39+HS39+HW39 -> 251418 | D39: =H39+L39+P39+T39+X39+AB39+AF39+AJ39+AN39+AR39+AV39+AZ39+BD39+BH39+BL39+BP39+BT39+BX39+CB39+CF39+CJ39+CN39+CR39+CV39+CZ39+DD39+DH39+DL39+DP39+DT39+DX39+EB39+EF39+EJ39+EN39+ER39+EV39++EZ39+FD39+FH39+FL39+FP39+FT39+FX39+GB39+GF39+GJ39+GN39+GR39+GV39+GZ39+HD39+HH39+HL39+HP39+HT39+HX39 -> 247495.68 | E39: =D39/C39*100 -> 98.439919 | K39: 0 | L39: 0 | O39: 1400 | P39: 1400 | Q39: =P39/O39*100 -> 100 | W39: 224.5 | Y39: =X39/W39*100 -> 0 | AA39: 0 | AB39: 0 | AE39: 9.31486 | AF39: 9.31486 | AG39: =AF39/AE39*100 -> 100 | AI39: 95.328 | AJ39: 95.328 | AK39: =AJ39/AI39*100 -> 100 | AM39: 2274.462 | AN39: 2274.462 | AO39: =AN39/AM39*100 -> 100 | AQ39: 100 | AR39: 100 | AS39: =AR39/AQ39*100 -> 100 | AU39: 50 | AV39: 50 | AW39: =AV39/AU39*100 -> 100 | BO39: 0 | BP39: 0 | BS39: 0 | BT39: 0 | BV39: 9921.5 | BW39: 9921.5 | BX39: 6936.526 | BY39: =BX39/BW39*100 -> 69.914086 | BZ39: 6003.3 | CA39: 6003.3 | CB39: 5948.3474 | CC39: =CB39/CA39*100 -> 99.084627 | CI39: 0 | CM39: 0 | CN39: 0 | CP39: 5072 | CQ39: 6043 | CR39: 6043 | CS39: =CR39/CQ39*100 -> 100 | CT39: 75.9 | CU39: 0 | CV39: 0 | DC39: 1592.1 | DD39: 1592.1 | DE39: =DD39/DC39*100 -> 100 | DK39: 4999.9 | DL39: 4999.9 | DM39: =DL39/DK39*100 -> 100 | EA39: 215200 | EB39: 215200 | EC39: =EB39/EA39*100 -> 100 | FG39: 1504.6 | FH39: 846.70205 | FI39: =FH39/FG39*100 -> 56.274229 | FK39: 2000 | FL39: 2000 | FM39: =FL39/FK39*100 -> 100
A40: Саратовский | B40: =F40+J40+N40+R40+V40+Z40+AD40+AH40+AL40+AP40+AT40+AX40+BB40+BF40+BJ40+BN40+BR40+BV40+BZ40+CD40+CH40+CL40+CP40+CT40+CX40+DB40+DF40+DJ40+DN40+DR40+DV40+DZ40+ED40+EH40+EL40+EP40+ET40++EX40+FB40+FF40+FJ40+FN40+FR40+FV40+FZ40+GD40+GH40+GL40+GP40+GT40+GX40+HB40+HF40+HJ40+HN40+HR40+HV40 -> 46772.7 | C40: =G40+K40+O40+S40+W40+AA40+AE40+AI40+AM40+AQ40+AU40+AY40+BC40+BG40+BK40+BO40+BS40+BW40+CA40+CE40+CI40+CM40+CQ40+CU40+CY40+DC40+DG40+DK40+DO40+DS40+DW40+EA40+EE40+EI40+EM40+EQ40+EU40++EY40+FC40+FG40+FK40+FO40+FS40+FW40+GA40+GE40+GI40+GM40+GQ40+GU40+GY40+HC40+HG40+HK40+HO40+HS40+HW40 -> 145032.03 | D40: =H40+L40+P40+T40+X40+AB40+AF40+AJ40+AN40+AR40+AV40+AZ40+BD40+BH40+BL40+BP40+BT40+BX40+CB40+CF40+CJ40+CN40+CR40+CV40+CZ40+DD40+DH40+DL40+DP40+DT40+DX40+EB40+EF40+EJ40+EN40+ER40+EV40++EZ40+FD40+FH40+FL40+FP40+FT40+FX40+GB40+GF40+GJ40+GN40+GR40+GV40+GZ40+HD40+HH40+HL40+HP40+HT40+HX40 -> 136826.65 | E40: =D40/C40*100 -> 94.342363 | K40: 0 | L40: 0 | S40: 80033 | T40: 80033 | U40: =T40/S40*100 -> 100 | W40: 350.6 | X40: 350.5875 | Y40: =X40/W40*100 -> 99.996435 | AA40: 0 | AB40: 0 | AE40: 25.92592 | AF40: 25.92592 | AG40: =AF40/AE40*100 -> 100 | AI40: 95.328 | AJ40: 95.328 | AK40: =AJ40/AI40*100 -> 100 | AQ40: 100 | AR40: 100 | AS40: =AR40/AQ40*100 -> 100 | BO40: 1133.8 | BP40: 1133.821 | BQ40: =BP40/BO40*100 -> 100.00185 | BS40: 0 | BT40: 0 | BV40: 9530.5 | BW40: 9530.5 | BX40: 9441.7066 | BY40: =BX40/BW40*100 -> 99.068324 | BZ40: 7853 | CA40: 7853 | CB40: 4340.4391 | CC40: =CB40/CA40*100 -> 55.271095 | CI40: 0 | CM40: 0 | CN40: 0 | CP40: 10497 | CQ40: 12583.8 | CR40: 12583.8 | CS40: =CR40/CQ40*100 -> 100 | CT40: 18892.2 | CU40: 16453 | CV40: 16453 | CW40: =CV40/CU40*100 -> 100 | DC40: 1592.1 | DD40: 1592.1 | DE40: =DD40/DC40*100 -> 100 | EU40: 5430.18 | EV40: 826.14 | EW40: =EV40/EU40*100 -> 15.21386 | FG40: 1254.6 | FH40: 1254.6 | FI40: =FH40/FG40*100 -> 100 | FK40: 6018.7 | FL40: 6018.7 | FM40: =FL40/FK40*100 -> 100 | FO40: 2577.5 | FP40: 2577.5 | FQ40: =FP40/FO40*100 -> 100
A41: Советский | B41: =F41+J41+N41+R41+V41+Z41+AD41+AH41+AL41+AP41+AT41+AX41+BB41+BF41+BJ41+BN41+BR41+BV41+BZ41+CD41+CH41+CL41+CP41+CT41+CX41+DB41+DF41+DJ41+DN41+DR41+DV41+DZ41+ED41+EH41+EL41+EP41+ET41++EX41+FB41+FF41+FJ41+FN41+FR41+FV41+FZ41+GD41+GH41+GL41+GP41+GT41+GX41+HB41+HF41+HJ41+HN41+HR41+HV41 -> 26498.5 | C41: =G41+K41+O41+S41+W41+AA41+AE41+AI41+AM41+AQ41+AU41+AY41+BC41+BG41+BK41+BO41+BS41+BW41+CA41+CE41+CI41+CM41+CQ41+CU41+CY41+DC41+DG41+DK41+DO41+DS41+DW41+EA41+EE41+EI41+EM41+EQ41+EU41++EY41+FC41+FG41+FK41+FO41+FS41+FW41+GA41+GE41+GI41+GM41+GQ41+GU41+GY41+HC41+HG41+HK41+HO41+HS41+HW41 -> 40421.552 | D41: =H41+L41+P41+T41+X41+AB41+AF41+AJ41+AN41+AR41+AV41+AZ41+BD41+BH41+BL41+BP41+BT41+BX41+CB41+CF41+CJ41+CN41+CR41+CV41+CZ41+DD41+DH41+DL41+DP41+DT41+DX41+EB41+EF41+EJ41+EN41+ER41+EV41++EZ41+FD41+FH41+FL41+FP41+FT41+FX41+GB41+GF41+GJ41+GN41+GR41+GV41+GZ41+HD41+HH41+HL41+HP41+HT41+HX41 -> 38283.536 | E41: =D41/C41*100 -> 94.710704 | K41: 0 | L41: 0 | W41: 1482 | X41: 1454.0377 | Y41: =X41/W41*100 -> 98.113208 | AA41: 0 | AB41: 0 | AE41: 13.52379 | AF41: 13.52379 | AG41: =AF41/AE41*100 -> 100 | AI41: 95.328 | AJ41: 95.328 | AK41: =AJ41/AI41*100 -> 100 | AM41: 3100 | AN41: 3100 | AO41: =AN41/AM41*100 -> 100 | AU41: 50 | AV41: 50 | AW41: =AV41/AU41*100 -> 100 | BO41: 0 | BP41: 0 | BS41: 0 | BT41: 0 | BV41: 4257.3 | BW41: 4257.3 | BX41: 4257.3332 | BY41: =BX41/BW41*100 -> 100.00078 | BZ41: 5418.5 | CA41: 5418.5 | CB41: 5418.5 | CC41: =CB41/CA41*100 -> 100 | CI41: 0 | CM41: 0 | CN41: 0 | CP41: 6139 | CQ41: 7174.3 | CR41: 5567.0135 | CS41: =CR41/CQ41*100 -> 77.596609 | CT41: 10683.7 | CU41: 0 | CV41: 0 | DC41: 3184.2 | DD41: 3184.2 | DE41: =DD41/DC41*100 -> 100 | FG41: 5399.1 | FH41: 4896.3 | FI41: =FH41/FG41*100 -> 90.687337 | FK41: 3515 | FL41: 3515 | FM41: =FL41/FK41*100 -> 100 | FO41: 6732.3 | FP41: 6732.3 | FQ41: =FP41/FO41*100 -> 100
A42: Татищевский | B42: =F42+J42+N42+R42+V42+Z42+AD42+AH42+AL42+AP42+AT42+AX42+BB42+BF42+BJ42+BN42+BR42+BV42+BZ42+CD42+CH42+CL42+CP42+CT42+CX42+DB42+DF42+DJ42+DN42+DR42+DV42+DZ42+ED42+EH42+EL42+EP42+ET42++EX42+FB42+FF42+FJ42+FN42+FR42+FV42+FZ42+GD42+GH42+GL42+GP42+GT42+GX42+HB42+HF42+HJ42+HN42+HR42+HV42 -> 35232 | C42: =G42+K42+O42+S42+W42+AA42+AE42+AI42+AM42+AQ42+AU42+AY42+BC42+BG42+BK42+BO42+BS42+BW42+CA42+CE42+CI42+CM42+CQ42+CU42+CY42+DC42+DG42+DK42+DO42+DS42+DW42+EA42+EE42+EI42+EM42+EQ42+EU42++EY42+FC42+FG42+FK42+FO42+FS42+FW42+GA42+GE42+GI42+GM42+GQ42+GU42+GY42+HC42+HG42+HK42+HO42+HS42+HW42 -> 89999.354 | D42: =H42+L42+P42+T42+X42+AB42+AF42+AJ42+AN42+AR42+AV42+AZ42+BD42+BH42+BL42+BP42+BT42+BX42+CB42+CF42+CJ42+CN42+CR42+CV42+CZ42+DD42+DH42+DL42+DP42+DT42+DX42+EB42+EF42+EJ42+EN42+ER42+EV42++EZ42+FD42+FH42+FL42+FP42+FT42+FX42+GB42+GF42+GJ42+GN42+GR42+GV42+GZ42+HD42+HH42+HL42+HP42+HT42+HX42 -> 85465.273 | E42: =D42/C42*100 -> 94.962096 | K42: 0 | L42: 0 | W42: 935 | X42: 935 | Y42: =X42/W42*100 -> 100 | AA42: 0 | AB42: 0 | AE42: 21.74894 | AF42: 21.74894 | AG42: =AF42/AE42*100 -> 100 | AI42: 95.328 | AJ42: 95.328 | AK42: =AJ42/AI42*100 -> 100 | AM42: 2561.377 | AN42: 2561.377 | AO42: =AN42/AM42*100 -> 100 | AQ42: 100 | AR42: 100 | AS42: =AR42/AQ42*100 -> 100 | BO42: 0 | BP42: 0 | BS42: 0 | BT42: 0 | BV42: 13158 | BW42: 13158 | BX42: 13157.113 | BY42: =BX42/BW42*100 -> 99.993259 | BZ42: 4275.8 | CA42: 4275.8 | CB42: 3807.7544 | CC42: =CB42/CA42*100 -> 89.053612 | CI42: 0 | CM42: 0 | CN42: 0 | CP42: 11839 | CQ42: 13459.3 | CR42: 10938.761 | CS42: =CR42/CQ42*100 -> 81.27288 | CT42: 5959.2 | CU42: 0 | CV42: 0 | DC42: 3184.2 | DD42: 3184.2 | DE42: =DD42/DC42*100 -> 100 | FG42: 4187.1 | FH42: 3686.4887 | FI42: =FH42/FG42*100 -> 88.04396 | FK42: 1233.4 | FL42: 1233.4 | FM42: =FL42/FK42*100 -> 100 | FO42: 27733.9 | FP42: 27733.9 | FQ42: =FP42/FO42*100 -> 100 | GY42: 19054.2 | GZ42: 18010.202 | HA42: =GY42/GZ42*100 -> 105.7967
A43: Турковский | B43: =F43+J43+N43+R43+V43+Z43+AD43+AH43+AL43+AP43+AT43+AX43+BB43+BF43+BJ43+BN43+BR43+BV43+BZ43+CD43+CH43+CL43+CP43+CT43+CX43+DB43+DF43+DJ43+DN43+DR43+DV43+DZ43+ED43+EH43+EL43+EP43+ET43++EX43+FB43+FF43+FJ43+FN43+FR43+FV43+FZ43+GD43+GH43+GL43+GP43+GT43+GX43+HB43+HF43+HJ43+HN43+HR43+HV43 -> 13845.5 | C43: =G43+K43+O43+S43+W43+AA43+AE43+AI43+AM43+AQ43+AU43+AY43+BC43+BG43+BK43+BO43+BS43+BW43+CA43+CE43+CI43+CM43+CQ43+CU43+CY43+DC43+DG43+DK43+DO43+DS43+DW43+EA43+EE43+EI43+EM43+EQ43+EU43++EY43+FC43+FG43+FK43+FO43+FS43+FW43+GA43+GE43+GI43+GM43+GQ43+GU43+GY43+HC43+HG43+HK43+HO43+HS43+HW43 -> 36569.367 | D43: =H43+L43+P43+T43+X43+AB43+AF43+AJ43+AN43+AR43+AV43+AZ43+BD43+BH43+BL43+BP43+BT43+BX43+CB43+CF43+CJ43+CN43+CR43+CV43+CZ43+DD43+DH43+DL43+DP43+DT43+DX43+EB43+EF43+EJ43+EN43+ER43+EV43++EZ43+FD43+FH43+FL43+FP43+FT43+FX43+GB43+GF43+GJ43+GN43+GR43+GV43+GZ43+HD43+HH43+HL43+HP43+HT43+HX43 -> 36234.396 | E43: =D43/C43*100 -> 99.084012 | K43: 0 | L43: 0 | O43: 1200 | P43: 1200 | Q43: =P43/O43*100 -> 100 | AA43: 0 | AB43: 0 | AE43: 5.58511 | AF43: 5.58511 | AG43: =AF43/AE43*100 -> 100 | AI43: 95.328 | AJ43: 95.328 | AK43: =AJ43/AI43*100 -> 100 | AQ43: 100 | AR43: 100 | AS43: =AR43/AQ43*100 -> 100 | BO43: 0 | BP43: 0 | BS43: 0 | BT43: 0 | BV43: 4558.1 | BW43: 4558.1 | BX43: 4558.087 | BY43: =BX43/BW43*100 -> 99.999715 | BZ43: 3742.4 | CA43: 3742.4 | CB43: 3742.4 | CC43: =CB43/CA43*100 -> 100 | CI43: 0 | CM43: 0 | CN43: 0 | CP43: 4864 | CQ43: 5711.3 | CR43: 5711.3 | CS43: =CR43/CQ43*100 -> 100 | CT43: 681 | CU43: 919.5 | CV43: 919.5 | CW43: =CV43/CU43*100 -> 100 | DC43: 1592.1 | DD43: 1592.1 | DE43: =DD43/DC43*100 -> 100 | DK43: 5000.2 | DL43: 4772.8 | DM43: =DL43/DK43*100 -> 95.452182 | EQ43: 4758.9541 | ER43: 4758.9541 | ES43: =ER43/EQ43*100 -> 100 | FG43: 1524.6 | FH43: 1417.0419 | FI43: =FH43/FG43*100 -> 92.945156 | FK43: 7361.3 | FL43: 7361.3 | FM43: =FL43/FK43*100 -> 100
A44: Федоровский | B44: =F44+J44+N44+R44+V44+Z44+AD44+AH44+AL44+AP44+AT44+AX44+BB44+BF44+BJ44+BN44+BR44+BV44+BZ44+CD44+CH44+CL44+CP44+CT44+CX44+DB44+DF44+DJ44+DN44+DR44+DV44+DZ44+ED44+EH44+EL44+EP44+ET44++EX44+FB44+FF44+FJ44+FN44+FR44+FV44+FZ44+GD44+GH44+GL44+GP44+GT44+GX44+HB44+HF44+HJ44+HN44+HR44+HV44 -> 22193.4 | C44: =G44+K44+O44+S44+W44+AA44+AE44+AI44+AM44+AQ44+AU44+AY44+BC44+BG44+BK44+BO44+BS44+BW44+CA44+CE44+CI44+CM44+CQ44+CU44+CY44+DC44+DG44+DK44+DO44+DS44+DW44+EA44+EE44+EI44+EM44+EQ44+EU44++EY44+FC44+FG44+FK44+FO44+FS44+FW44+GA44+GE44+GI44+GM44+GQ44+GU44+GY44+HC44+HG44+HK44+HO44+HS44+HW44 -> 28013.602 | D44: =H44+L44+P44+T44+X44+AB44+AF44+AJ44+AN44+AR44+AV44+AZ44+BD44+BH44+BL44+BP44+BT44+BX44+CB44+CF44+CJ44+CN44+CR44+CV44+CZ44+DD44+DH44+DL44+DP44+DT44+DX44+EB44+EF44+EJ44+EN44+ER44+EV44++EZ44+FD44+FH44+FL44+FP44+FT44+FX44+GB44+GF44+GJ44+GN44+GR44+GV44+GZ44+HD44+HH44+HL44+HP44+HT44+HX44 -> 23929.043 | E44: =D44/C44*100 -> 85.419372 | K44: 0 | L44: 0 | O44: 1000 | P44: 1000 | Q44: =P44/O44*100 -> 100 | W44: 367.2 | X44: 367.1495 | Y44: =X44/W44*100 -> 99.986247 | AA44: 0 | AB44: 0 | AE44: 9.77445 | AF44: 9.77445 | AG44: =AF44/AE44*100 -> 100 | AI44: 95.328 | AJ44: 95.328 | AK44: =AJ44/AI44*100 -> 100 | AQ44: 100 | AR44: 100 | AS44: =AR44/AQ44*100 -> 100 | AU44: 50 | AV44: 50 | AW44: =AV44/AU44*100 -> 100 | BO44: 0 | BP44: 0 | BS44: 0 | BT44: 0 | BV44: 5664.2 | BW44: 5664.2 | BX44: 4613.9758 | BY44: =BX44/BW44*100 -> 81.458561 | BZ44: 3685 | CA44: 3685 | CB44: 3681.1308 | CC44: =CB44/CA44*100 -> 99.895002 | CI44: 0 | CM44: 0 | CN44: 0 | CP44: 7135 | CQ44: 8213.3 | CR44: 6379.5874 | CS44: =CR44/CQ44*100 -> 77.673863 | CT44: 5709.2 | CU44: 3141.2 | CV44: 1944.4974 | CW44: =CV44/CU44*100 -> 61.903012 | DC44: 1592.1 | DD44: 1592.1 | DE44: =DD44/DC44*100 -> 100 | FG44: 1774.6 | FH44: 1774.6 | FI44: =FH44/FG44*100 -> 100 | FK44: 2320.9 | FL44: 2320.9 | FM44: =FL44/FK44*100 -> 100
A45: Хвалынский | B45: =F45+J45+N45+R45+V45+Z45+AD45+AH45+AL45+AP45+AT45+AX45+BB45+BF45+BJ45+BN45+BR45+BV45+BZ45+CD45+CH45+CL45+CP45+CT45+CX45+DB45+DF45+DJ45+DN45+DR45+DV45+DZ45+ED45+EH45+EL45+EP45+ET45++EX45+FB45+FF45+FJ45+FN45+FR45+FV45+FZ45+GD45+GH45+GL45+GP45+GT45+GX45+HB45+HF45+HJ45+HN45+HR45+HV45 -> 18057.3 | C45: =G45+K45+O45+S45+W45+AA45+AE45+AI45+AM45+AQ45+AU45+AY45+BC45+BG45+BK45+BO45+BS45+BW45+CA45+CE45+CI45+CM45+CQ45+CU45+CY45+DC45+DG45+DK45+DO45+DS45+DW45+EA45+EE45+EI45+EM45+EQ45+EU45++EY45+FC45+FG45+FK45+FO45+FS45+FW45+GA45+GE45+GI45+GM45+GQ45+GU45+GY45+HC45+HG45+HK45+HO45+HS45+HW45 -> 31937.557 | D45: =H45+L45+P45+T45+X45+AB45+AF45+AJ45+AN45+AR45+AV45+AZ45+BD45+BH45+BL45+BP45+BT45+BX45+CB45+CF45+CJ45+CN45+CR45+CV45+CZ45+DD45+DH45+DL45+DP45+DT45+DX45+EB45+EF45+EJ45+EN45+ER45+EV45++EZ45+FD45+FH45+FL45+FP45+FT45+FX45+GB45+GF45+GJ45+GN45+GR45+GV45+GZ45+HD45+HH45+HL45+HP45+HT45+HX45 -> 31712.232 | E45: =D45/C45*100 -> 99.294482 | K45: 0 | L45: 0 | W45: 794.8 | X45: 794.83 | Y45: =X45/W45*100 -> 100.00377 | AA45: 0 | AB45: 0 | AE45: 11.42886 | AF45: 11.42886 | AG45: =AF45/AE45*100 -> 100 | AI45: 95.328 | AJ45: 95.328 | AK45: =AJ45/AI45*100 -> 100 | AU45: 50 | AV45: 50 | AW45: =AV45/AU45*100 -> 100 | BO45: 0 | BP45: 0 | BS45: 0 | BT45: 0 | BV45: 5014.2 | BW45: 5014.2 | BX45: 5014.2 | BY45: =BX45/BW45*100 -> 100 | BZ45: 1860.8 | CA45: 1860.8 | CB45: 1842.8107 | CC45: =CB45/CA45*100 -> 99.033251 | CI45: 0 | CM45: 0 | CN45: 0 | CP45: 10707 | CQ45: 12289.9 | CR45: 12082.534 | CS45: =CR45/CQ45*100 -> 98.312713 | CT45: 475.3 | CU45: 0 | CV45: 0 | DC45: 3184.2 | DD45: 3184.2 | DE45: =DD45/DC45*100 -> 100 | FG45: 2780.3 | FH45: 2780.3 | FI45: =FH45/FG45*100 -> 100 | FK45: 1263.8 | FL45: 1263.8 | FM45: =FL45/FK45*100 -> 100 | FO45: 4592.8 | FP45: 4592.8 | FQ45: =FP45/FO45*100 -> 100
A46: Энгельсский | B46: =F46+J46+N46+R46+V46+Z46+AD46+AH46+AL46+AP46+AT46+AX46+BB46+BF46+BJ46+BN46+BR46+BV46+BZ46+CD46+CH46+CL46+CP46+CT46+CX46+DB46+DF46+DJ46+DN46+DR46+DV46+DZ46+ED46+EH46+EL46+EP46+ET46++EX46+FB46+FF46+FJ46+FN46+FR46+FV46+FZ46+GD46+GH46+GL46+GP46+GT46+GX46+HB46+HF46+HJ46+HN46+HR46+HV46 -> 411903.6 | C46: =G46+K46+O46+S46+W46+AA46+AE46+AI46+AM46+AQ46+AU46+AY46+BC46+BG46+BK46+BO46+BS46+BW46+CA46+CE46+CI46+CM46+CQ46+CU46+CY46+DC46+DG46+DK46+DO46+DS46+DW46+EA46+EE46+EI46+EM46+EQ46+EU46++EY46+FC46+FG46+FK46+FO46+FS46+FW46+GA46+GE46+GI46+GM46+GQ46+GU46+GY46+HC46+HG46+HK46+HO46+HS46+HW46 -> 1262963.6 | D46: =H46+L46+P46+T46+X46+AB46+AF46+AJ46+AN46+AR46+AV46+AZ46+BD46+BH46+BL46+BP46+BT46+BX46+CB46+CF46+CJ46+CN46+CR46+CV46+CZ46+DD46+DH46+DL46+DP46+DT46+DX46+EB46+EF46+EJ46+EN46+ER46+EV46++EZ46+FD46+FH46+FL46+FP46+FT46+FX46+GB46+GF46+GJ46+GN46+GR46+GV46+GZ46+HD46+HH46+HL46+HP46+HT46+HX46 -> 1241427.7 | E46: =D46/C46*100 -> 98.294813 | K46: 1573.1 | L46: 1573.1 | M46: =L46/K46*100 -> 100 | O46: 1500.9 | P46: 1500.9 | Q46: =P46/O46*100 -> 100 | R46: 229617 | S46: 229617 | T46: 229617 | U46: =T46/S46*100 -> 100 | W46: 17523.4 | X46: 17481.81 | Y46: =X46/W46*100 -> 99.762661 | AA46: 0 | AB46: 0 | AE46: 159.68974 | AF46: 159.68974 | AG46: =AF46/AE46*100 -> 100 | AI46: 190.6605 | AJ46: 190.6605 | AK46: =AJ46/AI46*100 -> 100 | AM46: 2370.64 | AN46: 2370.64 | AO46: =AN46/AM46*100 -> 100 | AQ46: 100 | AR46: 100 | AS46: =AR46/AQ46*100 -> 100 | AU46: 100 | AV46: 100 | AW46: =AV46/AU46*100 -> 100 | BO46: 2192.9 | BP46: 2192.9 | BQ46: =BP46/BO46*100 -> 100 | BV46: 15213.1 | BW46: 15213.1 | BX46: 15213.117 | BY46: =BX46/BW46*100 -> 100.00011 | BZ46: 40468.8 | CA46: 40468.8 | CB46: 40468.8 | CC46: =CB46/CA46*100 -> 100 | CI46: 0 | CM46: 0 | CN46: 0 | CP46: 71381 | CQ46: 84448.5 | CR46: 81806.715 | CS46: =CR46/CQ46*100 -> 96.87172 | CT46: 55223.7 | CU46: 60079.9 | CV46: 60079.9 | CW46: =CV46/CU46*100 -> 100 | DC46: 6368.4 | DD46: 6368.4 | DE46: =DD46/DC46*100 -> 100 | EE46: 649959 | EF46: 645750.29 | EG46: =EF46/EE46*100 -> 99.352465 | FC46: 9900 | FD46: 3906.25 | FE46: =FD46/FC46*100 -> 39.457071 | FG46: 5344.7 | FH46: 3206.7974 | FI46: =FH46/FG46*100 -> 59.999577 | FK46: 7883.4 | FL46: 7883.4 | FM46: =FL46/FK46*100 -> 100 | FO46: 36633.4 | FP46: 36633.4 | FQ46: =FP46/FO46*100 -> 100 | GY46: 91336.1 | GZ46: 84823.926 | HA46: =GY46/GZ46*100 -> 107.67728
A47: Городские округа области: | B47: =SUM(B48:B51) -> 1258748 | C47: =SUM(C48:C51) -> 4490910.5 | D47: =SUM(D48:D51) -> 4385465.7 | E47: =D47/C47*100 -> 97.652039 | G47: =SUM(G48:G51) -> 0 | H47: =SUM(H48:H51) -> 0 | O47: 0 | P47: 0 | S47: =SUM(S48:S51) -> 0 | T47: =SUM(T48:T51) -> 0 | W47: =SUM(W48:W51) -> 12497 | X47: =SUM(X48:X51) -> 12497 | Y47: =X47/W47*100 -> 100 | AE47: =SUM(AE48:AE51) -> 438.16191 | AF47: =SUM(AF48:AF51) -> 438.16191 | AG47: =AF47/AE47*100 -> 100 | BG47: =SUM(BG48:BG51) -> 479600 | BH47: =SUM(BH48:BH51) -> 479493.01 | BI47: =BH47/BG47*100 -> 99.977692 | BJ47: =SUM(BJ48:BJ51) -> 999900 | BK47: =SUM(BK48:BK51) -> 999900 | BL47: =SUM(BL48:BL51) -> 999900 | BM47: =BL47/BK47*100 -> 100 | BZ47: =SUM(BZ48:BZ51) -> 133443.5 | CA47: =SUM(CA48:CA51) -> 133443.5 | CB47: =SUM(CB48:CB51) -> 131489.42 | CC47: =CB47/CA47*100 -> 98.535651 | CE47: =SUM(CE48:CE51) -> 2993.1367 | CF47: =SUM(CF48:CF51) -> 2993.1367 | CG47: =CF47/CE47*100 -> 100 | CI47: =SUM(CI48:CI51) -> 333161.01 | CJ47: =SUM(CJ48:CJ51) -> 315091.19 | CK47: =CJ47/CI47*100 -> 94.57625 | CP47: =SUM(CP48:CP51) -> 96292 | CQ47: =SUM(CQ48:CQ51) -> 122951.6 | CR47: =SUM(CR48:CR51) -> 116196.96 | CS47: =CR47/CQ47*100 -> 94.506257 | CT47: =CT48+CT49+CT50+CT51 -> 29112.5 | CU47: =SUM(CU48:CU51) -> 0 | CV47: =SUM(CV48:CV51) -> 0 | CY47: =SUM(CY48:CY51) -> 0 | CZ47: =SUM(CZ48:CZ51) -> 0 | DC47: =SUM(DC48:DC51) -> 0 | DD47: =SUM(DD48:DD51) -> 0 | DG47: =SUM(DG48:DG51) -> 122625 | DH47: =SUM(DH48:DH51) -> 122624.94 | DI47: =DH47/DG47*100 -> 99.999952 | DK47: =SUM(DK48:DK51) -> 0 | DL47: =SUM(DL48:DL51) -> 0 | DO47: =SUM(DO48:DO51) -> 100000 | DP47: =SUM(DP48:DP51) -> 93951.563 | DQ47: =DP47/DO47*100 -> 93.951563 | DS47: =SUM(DS48:DS51) -> 650000 | DT47: =SUM(DT48:DT51) -> 635453.29 | DU47: =DT47/DS47*100 -> 97.762045 | DW47: =SUM(DW48:DW51) -> 0 | DX47: =SUM(DX48:DX51) -> 0 | EA47: =SUM(EA48:EA51) -> 792040.8 | EB47: =SUM(EB48:EB51) -> 792040.8 | EC47: =EB47/EA47*100 -> 100 | EE47: =SUM(EE48:EE51) -> 383827.3 | EF47: =SUM(EF48:EF51) -> 383827.3 | EG47: =EF47/EE47*100 -> 100 | EI47: =SUM(EI48:EI51) -> 0 | EJ47: =SUM(EJ48:EJ51) -> 0 | EM47: =SUM(EM48:EM51) -> 0 | EN47: =SUM(EN48:EN51) -> 0 | EQ47: =SUM(EQ48:EQ51) -> 0 | ER47: =SUM(ER48:ER51) -> 0 | EU47: =SUM(EU48:EU51) -> 122781.4 | EV47: =SUM(EV48:EV51) -> 85486.2 | EW47: =EV47/EU47*100 -> 69.624715 | EY47: =SUM(EY48:EY51) -> 0 | EZ47: =SUM(EZ48:EZ51) -> 0 | FC47: =SUM(FC48:FC51) -> 12200 | FD47: =SUM(FD48:FD51) -> 11610.445 | FE47: =FD47/FC47*100 -> 95.167584 | FG47: =SUM(FG48:FG51) -> 0 | FH47: =SUM(FH48:FH51) -> 0 | FK47: =SUM(FK48:FK51) -> 14219.8 | FL47: =SUM(FL48:FL51) -> 14219.8 | FM47: =FL47/FK47*100 -> 100 | FO47: =SUM(FO48:FO51) -> 6078 | FP47: =SUM(FP48:FP51) -> 6056.8 | FQ47: =FP47/FO47*100 -> 99.651201 | FS47: =SUM(FS48:FS51) -> 0 | FT47: =SUM(FT48:FT51) -> 0 | FW47: =SUM(FW48:FW51) -> 50000 | FX47: =SUM(FX48:FX51) -> 49980 | FY47: =FX47/FW47*100 -> 99.96 | GB47: =SUM(GB48:GB51) -> 0 | GF47: =SUM(GF48:GF51) -> 0 | GJ47: =SUM(GJ48:GJ51) -> 0 | GN47: =SUM(GN48:GN51) -> 0 | GR47: =SUM(GR48:GR51) -> 0 | GV47: =SUM(GV48:GV51) -> 0 | GY47: =SUM(GY48:GY51) -> 143705.3 | GZ47: =SUM(GZ48:GZ51) -> 123772.08 | HA47: =GY47/GZ47*100 -> 116.10478 | HC47: =SUM(HC48:HC51) -> 8343.6 | HD47: =SUM(HD48:HD51) -> 8343.6 | HE47: =HD47/HC47*100 -> 100 | HG47: =SUM(HG48:HG51) -> 0 | HH47: =SUM(HH48:HH51) -> 0 | HK47: =HK48+HK49+HK50+HK51 -> 0 | HL47: =SUM(HL48:HL51) -> 0 | HO47: =HO48+HO49+HO50+HO51 -> 0 | HP47: =SUM(HP48:HP51) -> 0 | HS47: =HS48+HS49+HS50+HS51 -> 104.9 | HT47: =SUM(HT48:HT51) -> 0 | HX47: =SUM(HX48:HX51) -> 0
